Workbook
Name __SM1: #REF!
Name __SM1: #REF!
Name __SM1: #REF!
Name __SM1: #REF!
Name __SM1: #REF!
Name __SM1: #REF!
Name __SM1: #REF!
Name __SM1: #REF!
Name __SM1: #REF!
Name __SM1: #REF!
Name __SM10: #REF!
Name __SM10: #REF!
Name __SM10: #REF!
Name __SM10: #REF!
Name __SM10: #REF!
Name __SM10: #REF!
Name __SM10: #REF!
Name __SM10: #REF!
Name __SM10: #REF!
Name __SM11: #REF!
Name __SM11: #REF!
Name __SM11: #REF!
Name __SM11: #REF!
Name __SM11: #REF!
Name __SM11: #REF!
Name __SM11: #REF!
Name __SM11: #REF!
Name __SM11: #REF!
Name __SM12: #REF!
Name __SM12: #REF!
Name __SM12: #REF!
Name __SM12: #REF!
Name __SM12: #REF!
Name __SM12: #REF!
Name __sm13: #REF!
Name __sm13: #REF!
Name __sm13: #REF!
Name __sm13: #REF!
Name __sm13: #REF!
Name __sm13: #REF!
Name __SM2: #REF!
Name __SM2: #REF!
Name __SM2: #REF!
Name __SM2: #REF!
Name __SM2: #REF!
Name __SM2: #REF!
Name __SM3: #REF!
Name __SM3: #REF!
Name __SM3: #REF!
Name __SM3: #REF!
Name __SM3: #REF!
Name __SM3: #REF!
Name __SM4: #REF!
Name __SM4: #REF!
Name __SM4: #REF!
Name __SM4: #REF!
Name __SM4: #REF!
Name __SM4: #REF!
Name __SM5: #REF!
Name __SM5: #REF!

Sheet 036-20-CAPA
A1: VER COMENTÁRIOS NAS CÉLULAS ANTES DE PREENCHER. FAVOR MANTER TODOS OS COMENTÁRIOS DAS CÉLULAS PARA FACILITAR A CONFERÊNCIA DO ARQUIVO Sempre consultar a Cooordenação de arquivos da DITEC para quaisquer dúvidas.
B8: GOVERNO DO DISTRITO FEDERAL
B9: SECRETARIA DE ESTADO DE INFRAESTRUTURA E SERVIÇOS PÚBLICOS
B10: COMPANHIA URBANIZADORA DA NOVA CAPITAL DO BRASIL
B11: CAPA DA PLANILHA ESTIMATIVA
B13: Nº ESTIMATIVA: | C13: 036/2020-SEORÇA-SDS-R02
B14: TÍTULO: | C14: CONTRATAÇÃO DE EMPRESA DE ENGENHARIA PARA EXECUÇÃO DE OBRA DE REVITALIZAÇÃO DA PONTE JK, INCLUINDO ELABORAÇÃO DE PROJETOS EXECUTIVOS
B15: Nº PROJETO: | C15: PROJ-DE-018-20
B16: NOME PROJETO: | C16: REVITALIZAÇÃO DA PONTE JK, INCLUINDO ELABORAÇÃO DE PROJETOS EXECUTIVOS
B17: ENDEREÇO: | C17: LAGO PARANOÁ, LIGAÇÃO DA SHIS QL 26 DO LAGO SUL AO SCES TRECHO 02 DO PLANO PILOTO
B18: PRAZO: | C18: 600 dias corridos
B19: DATA: | C19: 44370
B20: ORÇAMENTISTA(S): | C20: ENGº. GILMAR DA MOTA FERNANDES - CREA 23785/D-DF - DIRETORIA DE EDIFICAÇÕES ENGº. FLÁVIO NASSIM BITTAR - Matr.0972873-2 - DIRETORIA DE URBANIZAÇÃO
B21: DOCUMENTO E SISPROT:
B22: PROCESSO: | C22: 00112-00007799/2020-87
B23: TABELA REFERÊNCIA: | C23: SICRO JANEIRO 2020 / SINAPI JANEIRO 2020 - SEM DESONERAÇÃO
B24: SISOBRAS: | C24: ÁREA DE CONSTRUÇÃO/RECUPERAÇÃO - 28.800,00 m²
B25: OBSERVAÇÕES: | C25: 01 - A estimativa teve como referência cotações de mercado de empresas especializadas e o Preço praticado pelo SICRO e SINAPI (Canteiro de obra); 02 - O valor estimado informado já inclui todos os impostos, tributos, benefícios e custos administrativos; 03 - O BDI praticado na planilha é de 18,20% para os serviços no geral e de 10,89% para os serviços de Pavimentação em DERMASFALT, fornecimento de matérias para os estais/tirantes, aparelhos de apoio e Juntas de Dilatação, conforme demostrado na estimativa de Preços: 04 - Os custos apresentados na planilha do canteiro de obra tem como referência a tabela SINAPI de janeiro de 2020 para os itens de construções provisórias e ligações provisórias, e custo SICRO para os demais itens, conforme solicitado pelo Departamento Técnico da Diretoria de Edificações; 05 - Os encargos sociais, são os praticados pela tabela SICRO de janeiro de 2020 NÃO DESONERADA e SINAPI janeiro de 2020 NÃO DESONERADA. 06 - Os Custos de projetos tiveram como referência as práticas do Instituto de Engenharia de São Paulo - IESP e os índices de M.O elencados no Caderno de especificações de estrutura. 07 - Nas composições que apresentarem custo de insumos referente a transporte zerados deverão ser desprezados, uma vez que a obra será realizada no centro da Capital, dessa forma, esses custos não deverão fazer parte da planilha; 08 - Foi realizado cotação para os materiais mais representativos na classificação ABC, mesmo aqueles que constam nas tabelas de referências; 9 - Foi considerado adicional noturno para mão de obra na substituição das juntas de dilatação. 10 - Todas as cotações com data superior a Janeiro de 2020 foram retroagidas para a data base do orçamento. 11 - A estimativa Nº 25/20 sem desoneração referente a Execução de Contenção da ponte JK, foi desenvolvida e fornecida pela Diretoria de Urbanização e incluída nesta Capa de acordo com o solicitado no despacho 43651122 processo SEI nº 00112-00014823/2018-10.
B26: RESP. CAPA: | C26: ENGº. GILMAR DA MOTA FERNANDES - CREA 23785/D-DF
B28: ESTIMATIVAS DIRETORIA DE EDIFICAÇÕES:
B29: 036.01/2020-SEORÇA: Serviços gerais (ponte) ......................................................................................................... | D29: ='036.01-20-SERV. GERAIS'!I378 -> 42385898
B30: 036.02/2020-SEORÇA: Canteiro de obras ......................................................................................................... | D30: ='036.02-20-CANTEIRO.'!I199 -> 2197793.4
B31: VALOR ESTIMADO 1 ......................................................................................................................... | D31: =SUM(D28:D30) -> 44583691
B32: ESTIMATIVAS DIRETORIA DE URBANIZAÇÃO:
B33: SSN 25/20 SEM DESONERAÇÃO ......................................................................................................... | D33: 177348.91
B34: VALOR ESTIMADO 2 ......................................................................................................................... | D34: =D33 -> 177348.91
B35: VALOR TOTAL ESTIMADO ......................................................................................................................... | D35: =D34+D31 -> 44761040
B37: NOTAS: | C37: *Esta planilha é orientativa. Desta forma, é de inteira responsabilidade do contratado as quantidades e valores necessários a completa execução da obra. *Havendo irregularidades neste instrumento, entre em contato com a Ouvidoria de Combate a Corrupção, no telefone 0800-6449060
B40: ENG. GILMAR DA MOTA FERNANDES CREA 23785/D-DF ART: 0720200027743
B42: OBRA C/BDI | C42: =D35 -> 44761040
B43: ADM LOCAL C/BDI | C43: ='036.01-20-SERV. GERAIS'!I376 -> 3220210.9
B44: % ADM local | C44: =C43/C42 -> 0.071942271
B45: R$ / M2 | C45: =D35/28800 -> 1554.2028
B49: DESPESAS DIVERSAS 5% | C49: =(C43/(1+BDI_O.A.E!H22))*0.05 -> 136217.47
C50: =C49/20 -> 6810.8733

Sheet 036.01-20-SERV. GERAIS
B2: GOVERNO DO DISTRITO FEDERAL
B3: SECRETARIA DE ESTADO DE INFRAESTRUTURA E SERVIÇOS PÚBLICOS
B4: COMPANHIA URBANIZADORA DA NOVA CAPITAL DO BRASIL
B5: PLANILHA ESTIMATIVA DOS SERVIÇOS DE RECUPERAÇÃO E MANUTENÇÃO
B6: Nº ESTIMATIVA PARCIAL: | D6: 036.01/2020-SEORÇA-SDS | H6: DATA: | I6: ='036-20-CAPA'!C19 -> 44370
B7: NOME ESTIMATIVA PARCIAL: | D7: CONTRATAÇÃO DE EMPRESA DE ENGENHARIA PARA EXECUÇÃO DE OBRA DE REVITALIZAÇÃO DA PONTE JK, INCLUINDO ELABORAÇÃO DE PROJETOS EXECUTIVOS | H7: Nº PROJETO: | I7: PROJ-DE-018-20
B8: ENDEREÇO: | C8: EQNP 16/20 AE, Lotes E,F e G - CEILÂNDIA - DF | D8: LAGO PARANOÁ, LIGAÇÃO DA SHIS QL 26 DO LAGO SUL AO SCES TRECHO 02 DO PLANO PILOTO | H8: ÁREA: | I8: 28.800,00 m²
B9: ENCARGOS TRABALHISTAS: | D9: Conforme - DF 01-2020 Relatório de Mão de Obra SICRO/SINAPI | E9: B.D.I. : | F9: 18,20% e 10,89% | H9: TAB. REF.: | I9: SICRO Jan 2020-SINAPI Jan 2020
B11: ITEM | C11: CÓDIGO | D11: DESCRIÇÃO | E11: UNID. | F11: QUANT. | G11: CUSTO UNIT. (R$) | H11: BDI APLICADO | I11: PREÇO TOTAL COM BDI (R$)
B12: 01.00.000 | D12: SERVIÇOS TÉCNICO-PROFISSIONAIS
B13: 01.03.000 | D13: ESTUDOS E PROJETOS
B14: 01.03.500 | D14: PROJETO EXECUTIVO
B15: 01.03.501 | D15: DO CANTEIRO DE OBRAS
A16: CCU | B16: 01.03.501.1 | C16: CCU - 01.001 | D16: =IF(A16="SERVIÇO",VLOOKUP(C16,SERVIÇOS!$A$6:$D$7645,2,0),IF(A16="INSUMO",VLOOKUP(C16,INSUMOS!$A$6:$D$6961,2,0),IF('036.01-20-SERV. GERAIS'!A16="COTAÇÃO",VLOOKUP('036.01-20-SERV. GERAIS'!C16,'036-20-Cotação'!$A$9:$G$529,2,0),IF('036.01-20-SERV. GERAIS'!A16="CCU",VLOOKUP('036.01-20-SERV. GERAIS'!C16,'036-20-CCU''s'!$B$9:$H$1962,2,0))))) -> PROJETO EXECUTIVO DO CANTEIRO DE OBRA, COMPLETO, INCLUSIVE PISTAS DE ACESSOS, CONTENÇÃO E ATRACADOURO. INCLUSO TODAS AS TAXAS E DESPESAS PARA APROVAÇÕES E LICENCIAMENTOS | E16: =IF(A16="SERVIÇO",VLOOKUP(C16,SERVIÇOS!$A$6:$D$7645,3,0),IF(A16="INSUMO",VLOOKUP(C16,INSUMOS!$A$6:$D$6961,3,0),IF('036.01-20-SERV. GERAIS'!A16="COTAÇÃO",VLOOKUP('036.01-20-SERV. GERAIS'!C16,'036-20-Cotação'!$A$9:$G$529,4,0),IF('036.01-20-SERV. GERAIS'!A16="CCU",VLOOKUP('036.01-20-SERV. GERAIS'!C16,'036-20-CCU''s'!$B$9:$H$1962,4,0))))) -> UN | F16: 1 | G16: =IF(A16="SERVIÇO",VLOOKUP(C16,SERVIÇOS!$A$6:$D$7645,4,0),IF(A16="INSUMO",VLOOKUP(C16,INSUMOS!$A$6:$D$6961,4,0),IF('036.01-20-SERV. GERAIS'!A16="COTAÇÃO",VLOOKUP('036.01-20-SERV. GERAIS'!C16,'036-20-Cotação'!$A$9:$G$529,3,0),IF('036.01-20-SERV. GERAIS'!A16="CCU",VLOOKUP('036.01-20-SERV. GERAIS'!C16,'036-20-CCU''s'!$B$9:$H$1962,7,0))))) -> 24844.912 | H16: =BDI_O.A.E!$H$22 -> 0.182011 | I16: =F16*(G16*(1+H16)) -> 29366.959 | K16: =F16*(G16*(1+H16)) -> 29366.959
B17: 01.03.502 | D17: DAS ENSECADEIRAS | K17: =F17*(G17*(1+H17)) -> 0
A18: CCU | B18: 01.03.502.1 | C18: CCU - 01.002 | D18: =IF(A18="SERVIÇO",VLOOKUP(C18,SERVIÇOS!$A$6:$D$7645,2,0),IF(A18="INSUMO",VLOOKUP(C18,INSUMOS!$A$6:$D$6961,2,0),IF('036.01-20-SERV. GERAIS'!A18="COTAÇÃO",VLOOKUP('036.01-20-SERV. GERAIS'!C18,'036-20-Cotação'!$A$9:$G$529,2,0),IF('036.01-20-SERV. GERAIS'!A18="CCU",VLOOKUP('036.01-20-SERV. GERAIS'!C18,'036-20-CCU''s'!$B$9:$H$1962,2,0))))) -> PROJETO EXECUTIVO DE ENSECADEIRA METÁLICA COM DETALHAMENTO DE PEÇA COM DETALHAMENTO DO FASEAMENTO (ETAPAS) DE MONTAGEM. INCLUINDO MEMÓRIA DE CÁLCULO, QUANTITATIVOS, ESPECIFICAÇÕES TÉCNICAS PROCEDIMENTOS DA MONTAGEM E DESMONTAGEM. INCLUSO TODAS AS TAXAS E DESPESAS NECESSARIAS PARA ELABORAÇÃO E APROVAÇÕES. | E18: =IF(A18="SERVIÇO",VLOOKUP(C18,SERVIÇOS!$A$6:$D$7645,3,0),IF(A18="INSUMO",VLOOKUP(C18,INSUMOS!$A$6:$D$6961,3,0),IF('036.01-20-SERV. GERAIS'!A18="COTAÇÃO",VLOOKUP('036.01-20-SERV. GERAIS'!C18,'036-20-Cotação'!$A$9:$G$529,4,0),IF('036.01-20-SERV. GERAIS'!A18="CCU",VLOOKUP('036.01-20-SERV. GERAIS'!C18,'036-20-CCU''s'!$B$9:$H$1962,4,0))))) -> UN | F18: 1 | G18: =IF(A18="SERVIÇO",VLOOKUP(C18,SERVIÇOS!$A$6:$D$7645,4,0),IF(A18="INSUMO",VLOOKUP(C18,INSUMOS!$A$6:$D$6961,4,0),IF('036.01-20-SERV. GERAIS'!A18="COTAÇÃO",VLOOKUP('036.01-20-SERV. GERAIS'!C18,'036-20-Cotação'!$A$9:$G$529,3,0),IF('036.01-20-SERV. GERAIS'!A18="CCU",VLOOKUP('036.01-20-SERV. GERAIS'!C18,'036-20-CCU''s'!$B$9:$H$1962,7,0))))) -> 69662.226 | H18: =BDI_O.A.E!$H$22 -> 0.182011 | I18: =F18*(G18*(1+H18)) -> 82341.518 | K18: =F18*(G18*(1+H18)) -> 82341.518
B19: 01.03.503 | D19: DE PAVIMENTAÇÃO | K19: =F19*(G19*(1+H19)) -> 0
A20: CCU | B20: 01.03.503.1 | C20: CCU - 01.003 | D20: =IF(A20="SERVIÇO",VLOOKUP(C20,SERVIÇOS!$A$6:$D$7645,2,0),IF(A20="INSUMO",VLOOKUP(C20,INSUMOS!$A$6:$D$6961,2,0),IF('036.01-20-SERV. GERAIS'!A20="COTAÇÃO",VLOOKUP('036.01-20-SERV. GERAIS'!C20,'036-20-Cotação'!$A$9:$G$529,2,0),IF('036.01-20-SERV. GERAIS'!A20="CCU",VLOOKUP('036.01-20-SERV. GERAIS'!C20,'036-20-CCU''s'!$B$9:$H$1962,2,0))))) -> PROJETO EXECUTIVO DE PAVIMENTAÇÃO, INCLUSO CADASTRAMENTO E AVALIAÇÃO DO PAVIMENTO EXISTENTE, LEVANTAMENO DE DANOS, SOLUÇÕES, QUANTITATIVOS, MEMORIA DE CÁLCULO, AVALIAÇÃO DO DIMENSIONAMENTO DA CAPA, RELATÓRIOS, ESPECIFICAÇÕES TÉCNICAS E PROCEDIMENTOS EXECUTIVOS. INCLUSO TODAS AS TAXAS E DESPESAS PARA APROVAÇÕES E LICENCIAMENTOS | E20: =IF(A20="SERVIÇO",VLOOKUP(C20,SERVIÇOS!$A$6:$D$7645,3,0),IF(A20="INSUMO",VLOOKUP(C20,INSUMOS!$A$6:$D$6961,3,0),IF('036.01-20-SERV. GERAIS'!A20="COTAÇÃO",VLOOKUP('036.01-20-SERV. GERAIS'!C20,'036-20-Cotação'!$A$9:$G$529,4,0),IF('036.01-20-SERV. GERAIS'!A20="CCU",VLOOKUP('036.01-20-SERV. GERAIS'!C20,'036-20-CCU''s'!$B$9:$H$1962,4,0))))) -> UN | F20: 1 | G20: =IF(A20="SERVIÇO",VLOOKUP(C20,SERVIÇOS!$A$6:$D$7645,4,0),IF(A20="INSUMO",VLOOKUP(C20,INSUMOS!$A$6:$D$6961,4,0),IF('036.01-20-SERV. GERAIS'!A20="COTAÇÃO",VLOOKUP('036.01-20-SERV. GERAIS'!C20,'036-20-Cotação'!$A$9:$G$529,3,0),IF('036.01-20-SERV. GERAIS'!A20="CCU",VLOOKUP('036.01-20-SERV. GERAIS'!C20,'036-20-CCU''s'!$B$9:$H$1962,7,0))))) -> 22514.759 | H20: =BDI_O.A.E!$H$22 -> 0.182011 | I20: =F20*(G20*(1+H20)) -> 26612.692 | K20: =F20*(G20*(1+H20)) -> 26612.692
B21: 01.03.504 | D21: DE SINALIZAÇÃO E ESTUDO DE IMPACTO DE TRANSITO | K21: =F21*(G21*(1+H21)) -> 0
A22: CCU | B22: 01.03.504.1 | C22: CCU - 01.004 | D22: =IF(A22="SERVIÇO",VLOOKUP(C22,SERVIÇOS!$A$6:$D$7645,2,0),IF(A22="INSUMO",VLOOKUP(C22,INSUMOS!$A$6:$D$6961,2,0),IF('036.01-20-SERV. GERAIS'!A22="COTAÇÃO",VLOOKUP('036.01-20-SERV. GERAIS'!C22,'036-20-Cotação'!$A$9:$G$529,2,0),IF('036.01-20-SERV. GERAIS'!A22="CCU",VLOOKUP('036.01-20-SERV. GERAIS'!C22,'036-20-CCU''s'!$B$9:$H$1962,2,0))))) -> PROJETO EXECUTIVO DA SINALIZAÇÃO VIÁRIA E NÁUTICA PROVISÓRIOA, INCLUSIVE RELATÓRIOS JUSTIFICATIVO DA SOLUÇÃO, ESPECIFICAÇÕES TÉCNICAS, QUANTITATIVOS, MEMORIAIS E PROCEDIMENTOS EXECUTIVOS. INCLUSO TODAS AS TAXAS E DESPESAS PARA APROVAÇÕES E LICENCIAMENTOS | E22: =IF(A22="SERVIÇO",VLOOKUP(C22,SERVIÇOS!$A$6:$D$7645,3,0),IF(A22="INSUMO",VLOOKUP(C22,INSUMOS!$A$6:$D$6961,3,0),IF('036.01-20-SERV. GERAIS'!A22="COTAÇÃO",VLOOKUP('036.01-20-SERV. GERAIS'!C22,'036-20-Cotação'!$A$9:$G$529,4,0),IF('036.01-20-SERV. GERAIS'!A22="CCU",VLOOKUP('036.01-20-SERV. GERAIS'!C22,'036-20-CCU''s'!$B$9:$H$1962,4,0))))) -> UN | F22: 1 | G22: =IF(A22="SERVIÇO",VLOOKUP(C22,SERVIÇOS!$A$6:$D$7645,4,0),IF(A22="INSUMO",VLOOKUP(C22,INSUMOS!$A$6:$D$6961,4,0),IF('036.01-20-SERV. GERAIS'!A22="COTAÇÃO",VLOOKUP('036.01-20-SERV. GERAIS'!C22,'036-20-Cotação'!$A$9:$G$529,3,0),IF('036.01-20-SERV. GERAIS'!A22="CCU",VLOOKUP('036.01-20-SERV. GERAIS'!C22,'036-20-CCU''s'!$B$9:$H$1962,7,0))))) -> 8624.2829 | H22: =BDI_O.A.E!$H$22 -> 0.182011 | I22: =F22*(G22*(1+H22)) -> 10193.997 | K22: =F22*(G22*(1+H22)) -> 10193.997
A23: CCU | B23: 01.03.504.2 | C23: CCU - 01.017 | D23: =IF(A23="SERVIÇO",VLOOKUP(C23,SERVIÇOS!$A$6:$D$7645,2,0),IF(A23="INSUMO",VLOOKUP(C23,INSUMOS!$A$6:$D$6961,2,0),IF('036.01-20-SERV. GERAIS'!A23="COTAÇÃO",VLOOKUP('036.01-20-SERV. GERAIS'!C23,'036-20-Cotação'!$A$9:$G$529,2,0),IF('036.01-20-SERV. GERAIS'!A23="CCU",VLOOKUP('036.01-20-SERV. GERAIS'!C23,'036-20-CCU''s'!$B$9:$H$1962,2,0))))) -> PROJETO EXECUTIVO DA SINALIZAÇÃO VIÁRIA E NÁUTICA PERMANENTE, INCLUSIVE RELATÓRIOS JUSTIFICATIVO DA SOLUÇÃO, ESPECIFICAÇÕES TÉCNICAS, QUANTITATIVOS, MEMORIAIS E PROCEDIMENTOS EXECUTIVOS. INCLUSO TODAS AS TAXAS E DESPESAS PARA APROVAÇÕES E LICENCIAMENTOS | E23: =IF(A23="SERVIÇO",VLOOKUP(C23,SERVIÇOS!$A$6:$D$7645,3,0),IF(A23="INSUMO",VLOOKUP(C23,INSUMOS!$A$6:$D$6961,3,0),IF('036.01-20-SERV. GERAIS'!A23="COTAÇÃO",VLOOKUP('036.01-20-SERV. GERAIS'!C23,'036-20-Cotação'!$A$9:$G$529,4,0),IF('036.01-20-SERV. GERAIS'!A23="CCU",VLOOKUP('036.01-20-SERV. GERAIS'!C23,'036-20-CCU''s'!$B$9:$H$1962,4,0))))) -> UN | F23: 1 | G23: =IF(A23="SERVIÇO",VLOOKUP(C23,SERVIÇOS!$A$6:$D$7645,4,0),IF(A23="INSUMO",VLOOKUP(C23,INSUMOS!$A$6:$D$6961,4,0),IF('036.01-20-SERV. GERAIS'!A23="COTAÇÃO",VLOOKUP('036.01-20-SERV. GERAIS'!C23,'036-20-Cotação'!$A$9:$G$529,3,0),IF('036.01-20-SERV. GERAIS'!A23="CCU",VLOOKUP('036.01-20-SERV. GERAIS'!C23,'036-20-CCU''s'!$B$9:$H$1962,7,0))))) -> 9285.7133 | H23: =BDI_O.A.E!$H$22 -> 0.182011 | I23: =F23*(G23*(1+H23)) -> 10975.815 | K23: =F23*(G23*(1+H23)) -> 10975.815
A24: CCU | B24: 01.03.504.3 | C24: CCU - 01.005 | D24: =IF(A24="SERVIÇO",VLOOKUP(C24,SERVIÇOS!$A$6:$D$7645,2,0),IF(A24="INSUMO",VLOOKUP(C24,INSUMOS!$A$6:$D$6961,2,0),IF('036.01-20-SERV. GERAIS'!A24="COTAÇÃO",VLOOKUP('036.01-20-SERV. GERAIS'!C24,'036-20-Cotação'!$A$9:$G$529,2,0),IF('036.01-20-SERV. GERAIS'!A24="CCU",VLOOKUP('036.01-20-SERV. GERAIS'!C24,'036-20-CCU''s'!$B$9:$H$1962,2,0))))) -> ESTUDO DE IMPACTO DE TRANSITO DURANTE A INTERDIÇÃO DA PONTE | E24: =IF(A24="SERVIÇO",VLOOKUP(C24,SERVIÇOS!$A$6:$D$7645,3,0),IF(A24="INSUMO",VLOOKUP(C24,INSUMOS!$A$6:$D$6961,3,0),IF('036.01-20-SERV. GERAIS'!A24="COTAÇÃO",VLOOKUP('036.01-20-SERV. GERAIS'!C24,'036-20-Cotação'!$A$9:$G$529,4,0),IF('036.01-20-SERV. GERAIS'!A24="CCU",VLOOKUP('036.01-20-SERV. GERAIS'!C24,'036-20-CCU''s'!$B$9:$H$1962,4,0))))) -> UN | F24: 1 | G24: =IF(A24="SERVIÇO",VLOOKUP(C24,SERVIÇOS!$A$6:$D$7645,4,0),IF(A24="INSUMO",VLOOKUP(C24,INSUMOS!$A$6:$D$6961,4,0),IF('036.01-20-SERV. GERAIS'!A24="COTAÇÃO",VLOOKUP('036.01-20-SERV. GERAIS'!C24,'036-20-Cotação'!$A$9:$G$529,3,0),IF('036.01-20-SERV. GERAIS'!A24="CCU",VLOOKUP('036.01-20-SERV. GERAIS'!C24,'036-20-CCU''s'!$B$9:$H$1962,7,0))))) -> 37676.366 | H24: =BDI_O.A.E!$H$22 -> 0.182011 | I24: =F24*(G24*(1+H24)) -> 44533.88 | K24: =F24*(G24*(1+H24)) -> 44533.88
B25: 01.03.505 | D25: PROJETO EXECUTIVO TIRANTES/ESTAIS | K25: =F25*(G25*(1+H25)) -> 0
A26: CCU | B26: 01.03.505.1 | C26: CCU - 01.006 | D26: =IF(A26="SERVIÇO",VLOOKUP(C26,SERVIÇOS!$A$6:$D$7645,2,0),IF(A26="INSUMO",VLOOKUP(C26,INSUMOS!$A$6:$D$6961,2,0),IF('036.01-20-SERV. GERAIS'!A26="COTAÇÃO",VLOOKUP('036.01-20-SERV. GERAIS'!C26,'036-20-Cotação'!$A$9:$G$529,2,0),IF('036.01-20-SERV. GERAIS'!A26="CCU",VLOOKUP('036.01-20-SERV. GERAIS'!C26,'036-20-CCU''s'!$B$9:$H$1962,2,0))))) -> PROJETO EXECUTIVO PARA SUBSTITUIÇÃO DO SISTEMA DE TIRANTES/ESTAIS, ALTERNATIVAS ÁS ORIGINAIS, CERTIFICADAS QUANTO A ESTANQUEIDADE, INCLUSIVE RELATÓRIO DAS FORÇAS ATUAIS E PÓS SERVIÇO EXECUTADO. INCLUINDO MEMÓRIA DE CÁLCULO, QUANTITATIVOS, ESPECIFICAÇÕES TÉCNICAS PROCEDIMENTOS DA MONTAGEM E DESMONTAGEM INCLUSO TODAS AS TAXAS E DESPESAS NECESSARIAS PARA ELABORAÇÃO E APROVAÇÕES. | E26: =IF(A26="SERVIÇO",VLOOKUP(C26,SERVIÇOS!$A$6:$D$7645,3,0),IF(A26="INSUMO",VLOOKUP(C26,INSUMOS!$A$6:$D$6961,3,0),IF('036.01-20-SERV. GERAIS'!A26="COTAÇÃO",VLOOKUP('036.01-20-SERV. GERAIS'!C26,'036-20-Cotação'!$A$9:$G$529,4,0),IF('036.01-20-SERV. GERAIS'!A26="CCU",VLOOKUP('036.01-20-SERV. GERAIS'!C26,'036-20-CCU''s'!$B$9:$H$1962,4,0))))) -> UN | F26: 1 | G26: =IF(A26="SERVIÇO",VLOOKUP(C26,SERVIÇOS!$A$6:$D$7645,4,0),IF(A26="INSUMO",VLOOKUP(C26,INSUMOS!$A$6:$D$6961,4,0),IF('036.01-20-SERV. GERAIS'!A26="COTAÇÃO",VLOOKUP('036.01-20-SERV. GERAIS'!C26,'036-20-Cotação'!$A$9:$G$529,3,0),IF('036.01-20-SERV. GERAIS'!A26="CCU",VLOOKUP('036.01-20-SERV. GERAIS'!C26,'036-20-CCU''s'!$B$9:$H$1962,7,0))))) -> 144112.53 | H26: =BDI_O.A.E!$H$22 -> 0.182011 | I26: =F26*(G26*(1+H26)) -> 170342.59 | K26: =F26*(G26*(1+H26)) -> 170342.59
A27: CCU | B27: 01.03.505.2 | C27: CCU - 01.023 | D27: =IF(A27="SERVIÇO",VLOOKUP(C27,SERVIÇOS!$A$6:$D$7645,2,0),IF(A27="INSUMO",VLOOKUP(C27,INSUMOS!$A$6:$D$6961,2,0),IF('036.01-20-SERV. GERAIS'!A27="COTAÇÃO",VLOOKUP('036.01-20-SERV. GERAIS'!C27,'036-20-Cotação'!$A$9:$G$529,2,0),IF('036.01-20-SERV. GERAIS'!A27="CCU",VLOOKUP('036.01-20-SERV. GERAIS'!C27,'036-20-CCU''s'!$B$9:$H$1962,2,0))))) -> ELABORAÇÃO DE MODELO NUMÉRICO ESPACIAL, COM MÉTODO DOS ELEMENTOS FINITOS (MEF), PARA AVALIAÇÃO DO COMPORTAMENTO ESTRUTURAL NA ETAPA DE PROJETO EXECUTIVO, COM ATUALIZAÇÃO DURANTE E APÓS A REALIZAÇÃO DOS SERVIÇOS DE SUBSTITUIÇÃO DOS TIRANTES, DE ACORDO COM AS PREMISSAS DO CADERNO DE ESPECIFICAÇÕES DE ESTRUTURA. | E27: =IF(A27="SERVIÇO",VLOOKUP(C27,SERVIÇOS!$A$6:$D$7645,3,0),IF(A27="INSUMO",VLOOKUP(C27,INSUMOS!$A$6:$D$6961,3,0),IF('036.01-20-SERV. GERAIS'!A27="COTAÇÃO",VLOOKUP('036.01-20-SERV. GERAIS'!C27,'036-20-Cotação'!$A$9:$G$529,4,0),IF('036.01-20-SERV. GERAIS'!A27="CCU",VLOOKUP('036.01-20-SERV. GERAIS'!C27,'036-20-CCU''s'!$B$9:$H$1962,4,0))))) -> UN | F27: 1 | G27: =IF(A27="SERVIÇO",VLOOKUP(C27,SERVIÇOS!$A$6:$D$7645,4,0),IF(A27="INSUMO",VLOOKUP(C27,INSUMOS!$A$6:$D$6961,4,0),IF('036.01-20-SERV. GERAIS'!A27="COTAÇÃO",VLOOKUP('036.01-20-SERV. GERAIS'!C27,'036-20-Cotação'!$A$9:$G$529,3,0),IF('036.01-20-SERV. GERAIS'!A27="CCU",VLOOKUP('036.01-20-SERV. GERAIS'!C27,'036-20-CCU''s'!$B$9:$H$1962,7,0))))) -> 215708.43 | H27: =BDI_O.A.E!$H$22 -> 0.182011 | I27: =F27*(G27*(1+H27)) -> 254969.73 | K27: =F27*(G27*(1+H27)) -> 254969.73
B28: 01.03.506 | D28: PROJETO EXECUTIVO DOS PILARES | K28: =F28*(G28*(1+H28)) -> 0
A29: CCU | B29: 01.03.506.1 | C29: CCU - 01.007 | D29: =IF(A29="SERVIÇO",VLOOKUP(C29,SERVIÇOS!$A$6:$D$7645,2,0),IF(A29="INSUMO",VLOOKUP(C29,INSUMOS!$A$6:$D$6961,2,0),IF('036.01-20-SERV. GERAIS'!A29="COTAÇÃO",VLOOKUP('036.01-20-SERV. GERAIS'!C29,'036-20-Cotação'!$A$9:$G$529,2,0),IF('036.01-20-SERV. GERAIS'!A29="CCU",VLOOKUP('036.01-20-SERV. GERAIS'!C29,'036-20-CCU''s'!$B$9:$H$1962,2,0))))) -> PROJETO EXECUTIVO DE RECUPERAÇÃO DOS PILARES RETOS E INCLINADOS, INCLUINDO MEMÓRIA DE CÁLCULO, ESPECIFICAÇÕES TÉCNICAS, PROCEDIMENTOS DA EXECUÇÃO DO SERVIÇOS, QUANTITATIVOS E FASEAMENTO DE INSPEÇÃO INCLUSO TODAS AS TAXAS E DESPESAS NECESSARIAS PARA ELABORAÇÃO E APROVAÇÕES. | E29: =IF(A29="SERVIÇO",VLOOKUP(C29,SERVIÇOS!$A$6:$D$7645,3,0),IF(A29="INSUMO",VLOOKUP(C29,INSUMOS!$A$6:$D$6961,3,0),IF('036.01-20-SERV. GERAIS'!A29="COTAÇÃO",VLOOKUP('036.01-20-SERV. GERAIS'!C29,'036-20-Cotação'!$A$9:$G$529,4,0),IF('036.01-20-SERV. GERAIS'!A29="CCU",VLOOKUP('036.01-20-SERV. GERAIS'!C29,'036-20-CCU''s'!$B$9:$H$1962,4,0))))) -> UN | F29: 1 | G29: =IF(A29="SERVIÇO",VLOOKUP(C29,SERVIÇOS!$A$6:$D$7645,4,0),IF(A29="INSUMO",VLOOKUP(C29,INSUMOS!$A$6:$D$6961,4,0),IF('036.01-20-SERV. GERAIS'!A29="COTAÇÃO",VLOOKUP('036.01-20-SERV. GERAIS'!C29,'036-20-Cotação'!$A$9:$G$529,3,0),IF('036.01-20-SERV. GERAIS'!A29="CCU",VLOOKUP('036.01-20-SERV. GERAIS'!C29,'036-20-CCU''s'!$B$9:$H$1962,7,0))))) -> 44415.564 | H29: =BDI_O.A.E!$H$22 -> 0.182011 | I29: =F29*(G29*(1+H29)) -> 52499.685 | K29: =F29*(G29*(1+H29)) -> 52499.685
B30: 01.03.507 | D30: PROJETO EXECUTIVO DE PINTURA DA PONTE JK | K30: =F30*(G30*(1+H30)) -> 0
A31: CCU | B31: 01.03.507.1 | C31: CCU - 01.008 | D31: =IF(A31="SERVIÇO",VLOOKUP(C31,SERVIÇOS!$A$6:$D$7645,2,0),IF(A31="INSUMO",VLOOKUP(C31,INSUMOS!$A$6:$D$6961,2,0),IF('036.01-20-SERV. GERAIS'!A31="COTAÇÃO",VLOOKUP('036.01-20-SERV. GERAIS'!C31,'036-20-Cotação'!$A$9:$G$529,2,0),IF('036.01-20-SERV. GERAIS'!A31="CCU",VLOOKUP('036.01-20-SERV. GERAIS'!C31,'036-20-CCU''s'!$B$9:$H$1962,2,0))))) -> PROJETO EXECUTIVO DE PINTURA DE TODA A EXTRUTURA DA PONTE JK. INCLUSO, ESPECIFICAÇÕES TÉCNICAS, TODAS AS TAXAS E DESPESAS PARA APROVAÇÕES E LICENCIAMENTOS. | E31: =IF(A31="SERVIÇO",VLOOKUP(C31,SERVIÇOS!$A$6:$D$7645,3,0),IF(A31="INSUMO",VLOOKUP(C31,INSUMOS!$A$6:$D$6961,3,0),IF('036.01-20-SERV. GERAIS'!A31="COTAÇÃO",VLOOKUP('036.01-20-SERV. GERAIS'!C31,'036-20-Cotação'!$A$9:$G$529,4,0),IF('036.01-20-SERV. GERAIS'!A31="CCU",VLOOKUP('036.01-20-SERV. GERAIS'!C31,'036-20-CCU''s'!$B$9:$H$1962,4,0))))) -> UN | F31: 1 | G31: =IF(A31="SERVIÇO",VLOOKUP(C31,SERVIÇOS!$A$6:$D$7645,4,0),IF(A31="INSUMO",VLOOKUP(C31,INSUMOS!$A$6:$D$6961,4,0),IF('036.01-20-SERV. GERAIS'!A31="COTAÇÃO",VLOOKUP('036.01-20-SERV. GERAIS'!C31,'036-20-Cotação'!$A$9:$G$529,3,0),IF('036.01-20-SERV. GERAIS'!A31="CCU",VLOOKUP('036.01-20-SERV. GERAIS'!C31,'036-20-CCU''s'!$B$9:$H$1962,7,0))))) -> 20342.314 | H31: =BDI_O.A.E!$H$22 -> 0.182011 | I31: =F31*(G31*(1+H31)) -> 24044.839 | K31: =F31*(G31*(1+H31)) -> 24044.839
B32: 01.03.508 | D32: PROJETO EXECUTIVO DE RECUPERAÇÃO DAS ÁRES DEGRADADAS | K32: =F32*(G32*(1+H32)) -> 0
A33: CCU | B33: 01.03.508.1 | C33: CCU - 01.009 | D33: =IF(A33="SERVIÇO",VLOOKUP(C33,SERVIÇOS!$A$6:$D$7645,2,0),IF(A33="INSUMO",VLOOKUP(C33,INSUMOS!$A$6:$D$6961,2,0),IF('036.01-20-SERV. GERAIS'!A33="COTAÇÃO",VLOOKUP('036.01-20-SERV. GERAIS'!C33,'036-20-Cotação'!$A$9:$G$529,2,0),IF('036.01-20-SERV. GERAIS'!A33="CCU",VLOOKUP('036.01-20-SERV. GERAIS'!C33,'036-20-CCU''s'!$B$9:$H$1962,2,0))))) -> PROJETO EXECUTIVO DE RECUPERAÇÃO DE ÁRES DEGRADADAS - PRAD, DE ACORDO COM AS EXIGENCIAS DA AUTORIZAÇÃO AMBIENTAL DO IBRAM. INCLUSO TODAS AS TAXAS E DESPESAS NECESSARIAS PARA ELABORAÇÃO E APROVAÇÕES. | E33: =IF(A33="SERVIÇO",VLOOKUP(C33,SERVIÇOS!$A$6:$D$7645,3,0),IF(A33="INSUMO",VLOOKUP(C33,INSUMOS!$A$6:$D$6961,3,0),IF('036.01-20-SERV. GERAIS'!A33="COTAÇÃO",VLOOKUP('036.01-20-SERV. GERAIS'!C33,'036-20-Cotação'!$A$9:$G$529,4,0),IF('036.01-20-SERV. GERAIS'!A33="CCU",VLOOKUP('036.01-20-SERV. GERAIS'!C33,'036-20-CCU''s'!$B$9:$H$1962,4,0))))) -> UN | F33: 1 | G33: =IF(A33="SERVIÇO",VLOOKUP(C33,SERVIÇOS!$A$6:$D$7645,4,0),IF(A33="INSUMO",VLOOKUP(C33,INSUMOS!$A$6:$D$6961,4,0),IF('036.01-20-SERV. GERAIS'!A33="COTAÇÃO",VLOOKUP('036.01-20-SERV. GERAIS'!C33,'036-20-Cotação'!$A$9:$G$529,3,0),IF('036.01-20-SERV. GERAIS'!A33="CCU",VLOOKUP('036.01-20-SERV. GERAIS'!C33,'036-20-CCU''s'!$B$9:$H$1962,7,0))))) -> 35233.336 | H33: =BDI_O.A.E!$H$22 -> 0.182011 | I33: =F33*(G33*(1+H33)) -> 41646.19 | K33: =F33*(G33*(1+H33)) -> 41646.19
B34: 01.03.509 | D34: PROJETO EXECUTIVO PLATAFORMA DE ACESSO PARA EXECUÇÃO DA PINTURA E PASSARELA FLUTUANTE | K34: =F34*(G34*(1+H34)) -> 0
A35: CCU | B35: 01.03.509.1 | C35: CCU - 01.010 | D35: =IF(A35="SERVIÇO",VLOOKUP(C35,SERVIÇOS!$A$6:$D$7645,2,0),IF(A35="INSUMO",VLOOKUP(C35,INSUMOS!$A$6:$D$6961,2,0),IF('036.01-20-SERV. GERAIS'!A35="COTAÇÃO",VLOOKUP('036.01-20-SERV. GERAIS'!C35,'036-20-Cotação'!$A$9:$G$529,2,0),IF('036.01-20-SERV. GERAIS'!A35="CCU",VLOOKUP('036.01-20-SERV. GERAIS'!C35,'036-20-CCU''s'!$B$9:$H$1962,2,0))))) -> PROJETO EXECUTIVO DAS PLATAFORMAS DE TRABALHO PARA EXECUÇÃO DOS SERVIÇOS DE PINTURA, ANCORAGENS DOS TIRANTES E DA PASSARELA FLUTUANTE, INCLUINDO MEMÓRIA DE CÁLCULO, QUANTITATIVOS, ESPECIFICAÇÕES TÉCNICAS PROCEDIMENTOS DA MONTAGEM E DESMONTAGEM INCLUSO TODAS AS TAXAS E DESPESAS NECESSARIAS PARA ELABORAÇÃO E APROVAÇÕES. | E35: =IF(A35="SERVIÇO",VLOOKUP(C35,SERVIÇOS!$A$6:$D$7645,3,0),IF(A35="INSUMO",VLOOKUP(C35,INSUMOS!$A$6:$D$6961,3,0),IF('036.01-20-SERV. GERAIS'!A35="COTAÇÃO",VLOOKUP('036.01-20-SERV. GERAIS'!C35,'036-20-Cotação'!$A$9:$G$529,4,0),IF('036.01-20-SERV. GERAIS'!A35="CCU",VLOOKUP('036.01-20-SERV. GERAIS'!C35,'036-20-CCU''s'!$B$9:$H$1962,4,0))))) -> UN | F35: 1 | G35: =IF(A35="SERVIÇO",VLOOKUP(C35,SERVIÇOS!$A$6:$D$7645,4,0),IF(A35="INSUMO",VLOOKUP(C35,INSUMOS!$A$6:$D$6961,4,0),IF('036.01-20-SERV. GERAIS'!A35="COTAÇÃO",VLOOKUP('036.01-20-SERV. GERAIS'!C35,'036-20-Cotação'!$A$9:$G$529,3,0),IF('036.01-20-SERV. GERAIS'!A35="CCU",VLOOKUP('036.01-20-SERV. GERAIS'!C35,'036-20-CCU''s'!$B$9:$H$1962,7,0))))) -> 33727.438 | H35: =BDI_O.A.E!$H$22 -> 0.182011 | I35: =F35*(G35*(1+H35)) -> 39866.203 | K35: =F35*(G35*(1+H35)) -> 39866.203
B36: 01.03.510 | D36: PROJETO EXECUTIVO DE REFORÇO DOS BLOCOS B9, B10, B11 E B12 | K36: =F36*(G36*(1+H36)) -> 0
A37: CCU | B37: 01.03.510.1 | C37: CCU - 01.011 | D37: =IF(A37="SERVIÇO",VLOOKUP(C37,SERVIÇOS!$A$6:$D$7645,2,0),IF(A37="INSUMO",VLOOKUP(C37,INSUMOS!$A$6:$D$6961,2,0),IF('036.01-20-SERV. GERAIS'!A37="COTAÇÃO",VLOOKUP('036.01-20-SERV. GERAIS'!C37,'036-20-Cotação'!$A$9:$G$529,2,0),IF('036.01-20-SERV. GERAIS'!A37="CCU",VLOOKUP('036.01-20-SERV. GERAIS'!C37,'036-20-CCU''s'!$B$9:$H$1962,2,0))))) -> PROJETO EXECUTIVO DE REFORÇO DOS BLOCOS B9, B10, B11 E B12, INCLUINDO MEMÓRIA DE CÁLCULO, QUANTITATIVOS, PROCEDIMENTO DA EXECUÇÃO, MODELAGEM NUMERICA E ESPECIFICAÇÕES TÉCNICAS | E37: =IF(A37="SERVIÇO",VLOOKUP(C37,SERVIÇOS!$A$6:$D$7645,3,0),IF(A37="INSUMO",VLOOKUP(C37,INSUMOS!$A$6:$D$6961,3,0),IF('036.01-20-SERV. GERAIS'!A37="COTAÇÃO",VLOOKUP('036.01-20-SERV. GERAIS'!C37,'036-20-Cotação'!$A$9:$G$529,4,0),IF('036.01-20-SERV. GERAIS'!A37="CCU",VLOOKUP('036.01-20-SERV. GERAIS'!C37,'036-20-CCU''s'!$B$9:$H$1962,4,0))))) -> UN | F37: 1 | G37: =IF(A37="SERVIÇO",VLOOKUP(C37,SERVIÇOS!$A$6:$D$7645,4,0),IF(A37="INSUMO",VLOOKUP(C37,INSUMOS!$A$6:$D$6961,4,0),IF('036.01-20-SERV. GERAIS'!A37="COTAÇÃO",VLOOKUP('036.01-20-SERV. GERAIS'!C37,'036-20-Cotação'!$A$9:$G$529,3,0),IF('036.01-20-SERV. GERAIS'!A37="CCU",VLOOKUP('036.01-20-SERV. GERAIS'!C37,'036-20-CCU''s'!$B$9:$H$1962,7,0))))) -> 88174.393 | H37: =BDI_O.A.E!$H$22 -> 0.182011 | I37: =F37*(G37*(1+H37)) -> 104223.1 | K37: =F37*(G37*(1+H37)) -> 104223.1
B38: 01.03.511 | D38: PROJETO EXECUTIVO ADEQUAÇÃO DO SISTEMA DE APARELHOS DE APOIO | K38: =F38*(G38*(1+H38)) -> 0
A39: CCU | B39: 01.03.511.1 | C39: CCU - 01.012 | D39: =IF(A39="SERVIÇO",VLOOKUP(C39,SERVIÇOS!$A$6:$D$7645,2,0),IF(A39="INSUMO",VLOOKUP(C39,INSUMOS!$A$6:$D$6961,2,0),IF('036.01-20-SERV. GERAIS'!A39="COTAÇÃO",VLOOKUP('036.01-20-SERV. GERAIS'!C39,'036-20-Cotação'!$A$9:$G$529,2,0),IF('036.01-20-SERV. GERAIS'!A39="CCU",VLOOKUP('036.01-20-SERV. GERAIS'!C39,'036-20-CCU''s'!$B$9:$H$1962,2,0))))) -> PROJETO EXECUTIVO DOS BERÇOS METÁLICOS DO SISTEMA DE APARELHOS DE APOIO, INCLUINDO MEMÓRIA DE CÁLCULO, QUANTITATIVOS, PROCEDIMENTO DA EXECUÇÃO, MODELAGEM NUMERICA E ESPECIFICAÇÕES TÉCNICAS. | E39: =IF(A39="SERVIÇO",VLOOKUP(C39,SERVIÇOS!$A$6:$D$7645,3,0),IF(A39="INSUMO",VLOOKUP(C39,INSUMOS!$A$6:$D$6961,3,0),IF('036.01-20-SERV. GERAIS'!A39="COTAÇÃO",VLOOKUP('036.01-20-SERV. GERAIS'!C39,'036-20-Cotação'!$A$9:$G$529,4,0),IF('036.01-20-SERV. GERAIS'!A39="CCU",VLOOKUP('036.01-20-SERV. GERAIS'!C39,'036-20-CCU''s'!$B$9:$H$1962,4,0))))) -> UN | F39: 1 | G39: =IF(A39="SERVIÇO",VLOOKUP(C39,SERVIÇOS!$A$6:$D$7645,4,0),IF(A39="INSUMO",VLOOKUP(C39,INSUMOS!$A$6:$D$6961,4,0),IF('036.01-20-SERV. GERAIS'!A39="COTAÇÃO",VLOOKUP('036.01-20-SERV. GERAIS'!C39,'036-20-Cotação'!$A$9:$G$529,3,0),IF('036.01-20-SERV. GERAIS'!A39="CCU",VLOOKUP('036.01-20-SERV. GERAIS'!C39,'036-20-CCU''s'!$B$9:$H$1962,7,0))))) -> 24197.972 | H39: =BDI_O.A.E!$H$22 -> 0.182011 | I39: =F39*(G39*(1+H39)) -> 28602.269 | K39: =F39*(G39*(1+H39)) -> 28602.269
A40: CCU | B40: 01.03.511.2 | C40: CCU - 01.019 | D40: =IF(A40="SERVIÇO",VLOOKUP(C40,SERVIÇOS!$A$6:$D$7645,2,0),IF(A40="INSUMO",VLOOKUP(C40,INSUMOS!$A$6:$D$6961,2,0),IF('036.01-20-SERV. GERAIS'!A40="COTAÇÃO",VLOOKUP('036.01-20-SERV. GERAIS'!C40,'036-20-Cotação'!$A$9:$G$529,2,0),IF('036.01-20-SERV. GERAIS'!A40="CCU",VLOOKUP('036.01-20-SERV. GERAIS'!C40,'036-20-CCU''s'!$B$9:$H$1962,2,0))))) -> PROJETO EXECUTIVO DE SUBSTITUIÇÃO DOS APARELHOS DE APOIO, INCLUINDO RELATÓRIO TÉCNICO, MEMORIAL DESCRITIVO, MONTAGEM, QUANTITATIVOS E ESPECIFICAÇÕES TÉCNICAS | E40: =IF(A40="SERVIÇO",VLOOKUP(C40,SERVIÇOS!$A$6:$D$7645,3,0),IF(A40="INSUMO",VLOOKUP(C40,INSUMOS!$A$6:$D$6961,3,0),IF('036.01-20-SERV. GERAIS'!A40="COTAÇÃO",VLOOKUP('036.01-20-SERV. GERAIS'!C40,'036-20-Cotação'!$A$9:$G$529,4,0),IF('036.01-20-SERV. GERAIS'!A40="CCU",VLOOKUP('036.01-20-SERV. GERAIS'!C40,'036-20-CCU''s'!$B$9:$H$1962,4,0))))) -> UN | F40: 1 | G40: =IF(A40="SERVIÇO",VLOOKUP(C40,SERVIÇOS!$A$6:$D$7645,4,0),IF(A40="INSUMO",VLOOKUP(C40,INSUMOS!$A$6:$D$6961,4,0),IF('036.01-20-SERV. GERAIS'!A40="COTAÇÃO",VLOOKUP('036.01-20-SERV. GERAIS'!C40,'036-20-Cotação'!$A$9:$G$529,3,0),IF('036.01-20-SERV. GERAIS'!A40="CCU",VLOOKUP('036.01-20-SERV. GERAIS'!C40,'036-20-CCU''s'!$B$9:$H$1962,7,0))))) -> 17622.958 | H40: =BDI_O.A.E!$H$22 -> 0.182011 | I40: =F40*(G40*(1+H40)) -> 20830.53 | K40: =F40*(G40*(1+H40)) -> 20830.53
A41: CCU | B41: 01.03.511.3 | C41: CCU - 01.016 | D41: =IF(A41="SERVIÇO",VLOOKUP(C41,SERVIÇOS!$A$6:$D$7645,2,0),IF(A41="INSUMO",VLOOKUP(C41,INSUMOS!$A$6:$D$6961,2,0),IF('036.01-20-SERV. GERAIS'!A41="COTAÇÃO",VLOOKUP('036.01-20-SERV. GERAIS'!C41,'036-20-Cotação'!$A$9:$G$529,2,0),IF('036.01-20-SERV. GERAIS'!A41="CCU",VLOOKUP('036.01-20-SERV. GERAIS'!C41,'036-20-CCU''s'!$B$9:$H$1962,2,0))))) -> INSPEÇÃO DOS 28 APARELHOS DE APOIO PARA DETECTAR A NECESSIDADE DE SUBSTITUIÇÃO, INCLUINDO EMISSÃO DE LAUDO TÉCNICO. | E41: =IF(A41="SERVIÇO",VLOOKUP(C41,SERVIÇOS!$A$6:$D$7645,3,0),IF(A41="INSUMO",VLOOKUP(C41,INSUMOS!$A$6:$D$6961,3,0),IF('036.01-20-SERV. GERAIS'!A41="COTAÇÃO",VLOOKUP('036.01-20-SERV. GERAIS'!C41,'036-20-Cotação'!$A$9:$G$529,4,0),IF('036.01-20-SERV. GERAIS'!A41="CCU",VLOOKUP('036.01-20-SERV. GERAIS'!C41,'036-20-CCU''s'!$B$9:$H$1962,4,0))))) -> UN | F41: 1 | G41: =IF(A41="SERVIÇO",VLOOKUP(C41,SERVIÇOS!$A$6:$D$7645,4,0),IF(A41="INSUMO",VLOOKUP(C41,INSUMOS!$A$6:$D$6961,4,0),IF('036.01-20-SERV. GERAIS'!A41="COTAÇÃO",VLOOKUP('036.01-20-SERV. GERAIS'!C41,'036-20-Cotação'!$A$9:$G$529,3,0),IF('036.01-20-SERV. GERAIS'!A41="CCU",VLOOKUP('036.01-20-SERV. GERAIS'!C41,'036-20-CCU''s'!$B$9:$H$1962,7,0))))) -> 5688.156 | H41: =BDI_O.A.E!$H$22 -> 0.182011 | I41: =F41*(G41*(1+H41)) -> 6723.4629 | K41: =F41*(G41*(1+H41)) -> 6723.4629
B42: 01.03.512 | D42: PROJETO EXECUTIVO SUBSTITUIÇÃO DAS JUNTAS | K42: =F42*(G42*(1+H42)) -> 0
A43: CCU | B43: 01.03.512.1 | C43: CCU - 01.020 | D43: =IF(A43="SERVIÇO",VLOOKUP(C43,SERVIÇOS!$A$6:$D$7645,2,0),IF(A43="INSUMO",VLOOKUP(C43,INSUMOS!$A$6:$D$6961,2,0),IF('036.01-20-SERV. GERAIS'!A43="COTAÇÃO",VLOOKUP('036.01-20-SERV. GERAIS'!C43,'036-20-Cotação'!$A$9:$G$529,2,0),IF('036.01-20-SERV. GERAIS'!A43="CCU",VLOOKUP('036.01-20-SERV. GERAIS'!C43,'036-20-CCU''s'!$B$9:$H$1962,2,0))))) -> PROJETO EXECUTIVO DE SUBSTITUIÇÃO DAS JUNTAS DE DILATAÇÃO METÁLICAS, INCLUINDO MEMORIAL DESCRITIVO, DESENHOS DE FABRICAÇÃO E MONTAGEM, QUANTITATIVOS E ESPECIFICAÇÕES TÉCNICAS. INCLUSO TODAS AS TAXAS E DESPESAS PARA APROVAÇÕES E LICENCIAMENTOS | E43: =IF(A43="SERVIÇO",VLOOKUP(C43,SERVIÇOS!$A$6:$D$7645,3,0),IF(A43="INSUMO",VLOOKUP(C43,INSUMOS!$A$6:$D$6961,3,0),IF('036.01-20-SERV. GERAIS'!A43="COTAÇÃO",VLOOKUP('036.01-20-SERV. GERAIS'!C43,'036-20-Cotação'!$A$9:$G$529,4,0),IF('036.01-20-SERV. GERAIS'!A43="CCU",VLOOKUP('036.01-20-SERV. GERAIS'!C43,'036-20-CCU''s'!$B$9:$H$1962,4,0))))) -> UN | F43: 1 | G43: =IF(A43="SERVIÇO",VLOOKUP(C43,SERVIÇOS!$A$6:$D$7645,4,0),IF(A43="INSUMO",VLOOKUP(C43,INSUMOS!$A$6:$D$6961,4,0),IF('036.01-20-SERV. GERAIS'!A43="COTAÇÃO",VLOOKUP('036.01-20-SERV. GERAIS'!C43,'036-20-Cotação'!$A$9:$G$529,3,0),IF('036.01-20-SERV. GERAIS'!A43="CCU",VLOOKUP('036.01-20-SERV. GERAIS'!C43,'036-20-CCU''s'!$B$9:$H$1962,7,0))))) -> 25955.466 | H43: =BDI_O.A.E!$H$22 -> 0.182011 | I43: =F43*(G43*(1+H43)) -> 30679.646 | K43: =F43*(G43*(1+H43)) -> 30679.646
A44: CCU | B44: 01.03.512.2 | C44: CCU - 01.021 | D44: =IF(A44="SERVIÇO",VLOOKUP(C44,SERVIÇOS!$A$6:$D$7645,2,0),IF(A44="INSUMO",VLOOKUP(C44,INSUMOS!$A$6:$D$6961,2,0),IF('036.01-20-SERV. GERAIS'!A44="COTAÇÃO",VLOOKUP('036.01-20-SERV. GERAIS'!C44,'036-20-Cotação'!$A$9:$G$529,2,0),IF('036.01-20-SERV. GERAIS'!A44="CCU",VLOOKUP('036.01-20-SERV. GERAIS'!C44,'036-20-CCU''s'!$B$9:$H$1962,2,0))))) -> INSPEÇÃO DAS JUNTAS DOS APOIOS 5B, 6B E 7B PARA DETECTAR A NECESSIDADE DE SUBSTITUIÇÃO, INCLUINDO EMISSÃO DE LAUDO TÉCNICO. | E44: =IF(A44="SERVIÇO",VLOOKUP(C44,SERVIÇOS!$A$6:$D$7645,3,0),IF(A44="INSUMO",VLOOKUP(C44,INSUMOS!$A$6:$D$6961,3,0),IF('036.01-20-SERV. GERAIS'!A44="COTAÇÃO",VLOOKUP('036.01-20-SERV. GERAIS'!C44,'036-20-Cotação'!$A$9:$G$529,4,0),IF('036.01-20-SERV. GERAIS'!A44="CCU",VLOOKUP('036.01-20-SERV. GERAIS'!C44,'036-20-CCU''s'!$B$9:$H$1962,4,0))))) -> UN | F44: 1 | G44: =IF(A44="SERVIÇO",VLOOKUP(C44,SERVIÇOS!$A$6:$D$7645,4,0),IF(A44="INSUMO",VLOOKUP(C44,INSUMOS!$A$6:$D$6961,4,0),IF('036.01-20-SERV. GERAIS'!A44="COTAÇÃO",VLOOKUP('036.01-20-SERV. GERAIS'!C44,'036-20-Cotação'!$A$9:$G$529,3,0),IF('036.01-20-SERV. GERAIS'!A44="CCU",VLOOKUP('036.01-20-SERV. GERAIS'!C44,'036-20-CCU''s'!$B$9:$H$1962,7,0))))) -> 5688.156 | H44: =BDI_O.A.E!$H$22 -> 0.182011 | I44: =F44*(G44*(1+H44)) -> 6723.4629 | K44: =F44*(G44*(1+H44)) -> 6723.4629
B45: 01.03.513 | D45: PLANEJAMENTO E CONTROLE | K45: =F45*(G45*(1+H45)) -> 0
A46: CCU | B46: 01.03.513.1 | C46: CCU - 01.013 | D46: =IF(A46="SERVIÇO",VLOOKUP(C46,SERVIÇOS!$A$6:$D$7645,2,0),IF(A46="INSUMO",VLOOKUP(C46,INSUMOS!$A$6:$D$6961,2,0),IF('036.01-20-SERV. GERAIS'!A46="COTAÇÃO",VLOOKUP('036.01-20-SERV. GERAIS'!C46,'036-20-Cotação'!$A$9:$G$529,2,0),IF('036.01-20-SERV. GERAIS'!A46="CCU",VLOOKUP('036.01-20-SERV. GERAIS'!C46,'036-20-CCU''s'!$B$9:$H$1962,2,0))))) -> ELABORAÇÃO DE PLANEJAMENTO E PLANO DE ATAQUE EXECUTIVO | E46: =IF(A46="SERVIÇO",VLOOKUP(C46,SERVIÇOS!$A$6:$D$7645,3,0),IF(A46="INSUMO",VLOOKUP(C46,INSUMOS!$A$6:$D$6961,3,0),IF('036.01-20-SERV. GERAIS'!A46="COTAÇÃO",VLOOKUP('036.01-20-SERV. GERAIS'!C46,'036-20-Cotação'!$A$9:$G$529,4,0),IF('036.01-20-SERV. GERAIS'!A46="CCU",VLOOKUP('036.01-20-SERV. GERAIS'!C46,'036-20-CCU''s'!$B$9:$H$1962,4,0))))) -> UN | F46: 1 | G46: =IF(A46="SERVIÇO",VLOOKUP(C46,SERVIÇOS!$A$6:$D$7645,4,0),IF(A46="INSUMO",VLOOKUP(C46,INSUMOS!$A$6:$D$6961,4,0),IF('036.01-20-SERV. GERAIS'!A46="COTAÇÃO",VLOOKUP('036.01-20-SERV. GERAIS'!C46,'036-20-Cotação'!$A$9:$G$529,3,0),IF('036.01-20-SERV. GERAIS'!A46="CCU",VLOOKUP('036.01-20-SERV. GERAIS'!C46,'036-20-CCU''s'!$B$9:$H$1962,7,0))))) -> 20025.041 | H46: =BDI_O.A.E!$H$22 -> 0.182011 | I46: =F46*(G46*(1+H46)) -> 23669.818 | K46: =F46*(G46*(1+H46)) -> 23669.818
A47: CCU | B47: 01.03.513.2 | C47: CCU - 01.014 | D47: =IF(A47="SERVIÇO",VLOOKUP(C47,SERVIÇOS!$A$6:$D$7645,2,0),IF(A47="INSUMO",VLOOKUP(C47,INSUMOS!$A$6:$D$6961,2,0),IF('036.01-20-SERV. GERAIS'!A47="COTAÇÃO",VLOOKUP('036.01-20-SERV. GERAIS'!C47,'036-20-Cotação'!$A$9:$G$529,2,0),IF('036.01-20-SERV. GERAIS'!A47="CCU",VLOOKUP('036.01-20-SERV. GERAIS'!C47,'036-20-CCU''s'!$B$9:$H$1962,2,0))))) -> ELABORAÇÃO DE PLANO DE GERENCIAMENTO DE RESÍDUOS SÓLIDOS | E47: =IF(A47="SERVIÇO",VLOOKUP(C47,SERVIÇOS!$A$6:$D$7645,3,0),IF(A47="INSUMO",VLOOKUP(C47,INSUMOS!$A$6:$D$6961,3,0),IF('036.01-20-SERV. GERAIS'!A47="COTAÇÃO",VLOOKUP('036.01-20-SERV. GERAIS'!C47,'036-20-Cotação'!$A$9:$G$529,4,0),IF('036.01-20-SERV. GERAIS'!A47="CCU",VLOOKUP('036.01-20-SERV. GERAIS'!C47,'036-20-CCU''s'!$B$9:$H$1962,4,0))))) -> UN | F47: 1 | G47: =IF(A47="SERVIÇO",VLOOKUP(C47,SERVIÇOS!$A$6:$D$7645,4,0),IF(A47="INSUMO",VLOOKUP(C47,INSUMOS!$A$6:$D$6961,4,0),IF('036.01-20-SERV. GERAIS'!A47="COTAÇÃO",VLOOKUP('036.01-20-SERV. GERAIS'!C47,'036-20-Cotação'!$A$9:$G$529,3,0),IF('036.01-20-SERV. GERAIS'!A47="CCU",VLOOKUP('036.01-20-SERV. GERAIS'!C47,'036-20-CCU''s'!$B$9:$H$1962,7,0))))) -> 18885.639 | H47: =BDI_O.A.E!$H$22 -> 0.182011 | I47: =F47*(G47*(1+H47)) -> 22323.033 | K47: =F47*(G47*(1+H47)) -> 22323.033
B48: 01.03.514 | D48: EMOLUMENTOS | K48: =F48*(G48*(1+H48)) -> 0
A49: CCU | B49: 01.03.514.1 | C49: CREA-DF | D49: ART DO CONTRATO | E49: UN | F49: 1 | G49: 233.94 | H49: 0 | I49: =F49*(G49*(1+H49)) -> 233.94 | K49: =F49*(G49*(1+H49)) -> 233.94
A50: CCU | B50: 01.03.514.2 | C50: CCU - 01.015 | D50: =IF(A50="SERVIÇO",VLOOKUP(C50,SERVIÇOS!$A$6:$D$7645,2,0),IF(A50="INSUMO",VLOOKUP(C50,INSUMOS!$A$6:$D$6961,2,0),IF('036.01-20-SERV. GERAIS'!A50="COTAÇÃO",VLOOKUP('036.01-20-SERV. GERAIS'!C50,'036-20-Cotação'!$A$9:$G$529,2,0),IF('036.01-20-SERV. GERAIS'!A50="CCU",VLOOKUP('036.01-20-SERV. GERAIS'!C50,'036-20-CCU''s'!$B$9:$H$1962,2,0))))) -> TAXAS DE IMPLANTAÇÃO DO CANTEIRO DE OBRA | E50: =IF(A50="SERVIÇO",VLOOKUP(C50,SERVIÇOS!$A$6:$D$7645,3,0),IF(A50="INSUMO",VLOOKUP(C50,INSUMOS!$A$6:$D$6961,3,0),IF('036.01-20-SERV. GERAIS'!A50="COTAÇÃO",VLOOKUP('036.01-20-SERV. GERAIS'!C50,'036-20-Cotação'!$A$9:$G$529,4,0),IF('036.01-20-SERV. GERAIS'!A50="CCU",VLOOKUP('036.01-20-SERV. GERAIS'!C50,'036-20-CCU''s'!$B$9:$H$1962,4,0))))) -> MÊS | F50: 20 | G50: =IF(A50="SERVIÇO",VLOOKUP(C50,SERVIÇOS!$A$6:$D$7645,4,0),IF(A50="INSUMO",VLOOKUP(C50,INSUMOS!$A$6:$D$6961,4,0),IF('036.01-20-SERV. GERAIS'!A50="COTAÇÃO",VLOOKUP('036.01-20-SERV. GERAIS'!C50,'036-20-Cotação'!$A$9:$G$529,3,0),IF('036.01-20-SERV. GERAIS'!A50="CCU",VLOOKUP('036.01-20-SERV. GERAIS'!C50,'036-20-CCU''s'!$B$9:$H$1962,7,0))))) -> 920.88083 | H50: 0 | I50: =F50*(G50*(1+H50)) -> 18417.617 | K50: =F50*(G50*(1+H50)) -> 18417.617
A51: CCU | B51: 01.03.514.3 | C51: CCU - 01.022 | D51: =IF(A51="SERVIÇO",VLOOKUP(C51,SERVIÇOS!$A$6:$D$7645,2,0),IF(A51="INSUMO",VLOOKUP(C51,INSUMOS!$A$6:$D$6961,2,0),IF('036.01-20-SERV. GERAIS'!A51="COTAÇÃO",VLOOKUP('036.01-20-SERV. GERAIS'!C51,'036-20-Cotação'!$A$9:$G$529,2,0),IF('036.01-20-SERV. GERAIS'!A51="CCU",VLOOKUP('036.01-20-SERV. GERAIS'!C51,'036-20-CCU''s'!$B$9:$H$1962,2,0))))) -> PARECER PARA INTERDIÇÃO DE VIA PÚBLICA (CALÇADA, ESTACIONAMENTO PÚBLICOS ABERTO, FECHADO OU AO AR LIVRE) - PARA OBRA (VALOR/DIA) | E51: =IF(A51="SERVIÇO",VLOOKUP(C51,SERVIÇOS!$A$6:$D$7645,3,0),IF(A51="INSUMO",VLOOKUP(C51,INSUMOS!$A$6:$D$6961,3,0),IF('036.01-20-SERV. GERAIS'!A51="COTAÇÃO",VLOOKUP('036.01-20-SERV. GERAIS'!C51,'036-20-Cotação'!$A$9:$G$529,4,0),IF('036.01-20-SERV. GERAIS'!A51="CCU",VLOOKUP('036.01-20-SERV. GERAIS'!C51,'036-20-CCU''s'!$B$9:$H$1962,4,0))))) -> UN | F51: 1 | G51: =IF(A51="SERVIÇO",VLOOKUP(C51,SERVIÇOS!$A$6:$D$7645,4,0),IF(A51="INSUMO",VLOOKUP(C51,INSUMOS!$A$6:$D$6961,4,0),IF('036.01-20-SERV. GERAIS'!A51="COTAÇÃO",VLOOKUP('036.01-20-SERV. GERAIS'!C51,'036-20-Cotação'!$A$9:$G$529,3,0),IF('036.01-20-SERV. GERAIS'!A51="CCU",VLOOKUP('036.01-20-SERV. GERAIS'!C51,'036-20-CCU''s'!$B$9:$H$1962,7,0))))) -> 50220 | H51: 0 | I51: =F51*(G51*(1+H51)) -> 50220 | K51: =F51*(G51*(1+H51)) -> 50220
K52: =F52*(G52*(1+H52)) -> 0
G53: SUBTOTAL (Divisão): | I53: =SUM(I13:I52) -> 1100041
K54: =F54*(G54*(1+H54)) -> 0
B55: 02. 00.000 | D55: SERVIÇOS PRELIMINARES | K55: =F55*(G55*(1+H55)) -> 0
B56: 02. 01.300 | D56: ACESSOS PROVISÓRIOS | K56: =F56*(G56*(1+H56)) -> 0
B57: 02. 01.302 | D57: PLATAFORMA DE SERVIÇO FLUTUANTE | K57: =F57*(G57*(1+H57)) -> 0
A58: CCU | B58: 02.01.302.1 | C58: CCU - 02.023 | D58: =IF(A58="SERVIÇO",VLOOKUP(C58,SERVIÇOS!$A$6:$D$7645,2,0),IF(A58="INSUMO",VLOOKUP(C58,INSUMOS!$A$6:$D$6961,2,0),IF('036.01-20-SERV. GERAIS'!A58="COTAÇÃO",VLOOKUP('036.01-20-SERV. GERAIS'!C58,'036-20-Cotação'!$A$9:$G$529,2,0),IF('036.01-20-SERV. GERAIS'!A58="CCU",VLOOKUP('036.01-20-SERV. GERAIS'!C58,'036-20-CCU''s'!$B$9:$H$1962,2,0))))) -> PASSARELA DE SERVIÇO FLUTUANTE EM MADEIRA, PARA ACESSO E SUPORTE PARA ESCOAMENTO DE DETRITOS ORIUNDOS DA REFORMA | E58: =IF(A58="SERVIÇO",VLOOKUP(C58,SERVIÇOS!$A$6:$D$7645,3,0),IF(A58="INSUMO",VLOOKUP(C58,INSUMOS!$A$6:$D$6961,3,0),IF('036.01-20-SERV. GERAIS'!A58="COTAÇÃO",VLOOKUP('036.01-20-SERV. GERAIS'!C58,'036-20-Cotação'!$A$9:$G$529,4,0),IF('036.01-20-SERV. GERAIS'!A58="CCU",VLOOKUP('036.01-20-SERV. GERAIS'!C58,'036-20-CCU''s'!$B$9:$H$1962,4,0))))) -> M | F58: 480 | G58: =IF(A58="SERVIÇO",VLOOKUP(C58,SERVIÇOS!$A$6:$D$7645,4,0),IF(A58="INSUMO",VLOOKUP(C58,INSUMOS!$A$6:$D$6961,4,0),IF('036.01-20-SERV. GERAIS'!A58="COTAÇÃO",VLOOKUP('036.01-20-SERV. GERAIS'!C58,'036-20-Cotação'!$A$9:$G$529,3,0),IF('036.01-20-SERV. GERAIS'!A58="CCU",VLOOKUP('036.01-20-SERV. GERAIS'!C58,'036-20-CCU''s'!$B$9:$H$1962,7,0))))) -> 447.84266 | H58: =BDI_O.A.E!$H$22 -> 0.182011 | I58: =F58*(G58*(1+H58)) -> 254090.37 | K58: =F58*(G58*(1+H58)) -> 254090.37 | M58: 2 lances de 240m conforme caderno
B59: 02. 01.303 | D59: PLATAFORMAS DE TRABALHO E ESCADAS DE MADEIRA ACESSO AO TOPO DOS PILARES | K59: =F59*(G59*(1+H59)) -> 0
A60: CCU | B60: 02.01.303.1 | C60: CCU - 02.024 | D60: =IF(A60="SERVIÇO",VLOOKUP(C60,SERVIÇOS!$A$6:$D$7645,2,0),IF(A60="INSUMO",VLOOKUP(C60,INSUMOS!$A$6:$D$6961,2,0),IF('036.01-20-SERV. GERAIS'!A60="COTAÇÃO",VLOOKUP('036.01-20-SERV. GERAIS'!C60,'036-20-Cotação'!$A$9:$G$529,2,0),IF('036.01-20-SERV. GERAIS'!A60="CCU",VLOOKUP('036.01-20-SERV. GERAIS'!C60,'036-20-CCU''s'!$B$9:$H$1962,2,0))))) -> ESCADA DE MADEIRA PARA ECESSO A PLATAFORMA NO TOPO DOS PILARES APOIADA NA ESTRUTURA DE CONCRETO UTILIZAÇÃO DE 5 VEZES - CONFECÇÃO, INSTALAÇÃO E RETIRADA | E60: =IF(A60="SERVIÇO",VLOOKUP(C60,SERVIÇOS!$A$6:$D$7645,3,0),IF(A60="INSUMO",VLOOKUP(C60,INSUMOS!$A$6:$D$6961,3,0),IF('036.01-20-SERV. GERAIS'!A60="COTAÇÃO",VLOOKUP('036.01-20-SERV. GERAIS'!C60,'036-20-Cotação'!$A$9:$G$529,4,0),IF('036.01-20-SERV. GERAIS'!A60="CCU",VLOOKUP('036.01-20-SERV. GERAIS'!C60,'036-20-CCU''s'!$B$9:$H$1962,4,0))))) -> M3 | F60: 432 | G60: =IF(A60="SERVIÇO",VLOOKUP(C60,SERVIÇOS!$A$6:$D$7645,4,0),IF(A60="INSUMO",VLOOKUP(C60,INSUMOS!$A$6:$D$6961,4,0),IF('036.01-20-SERV. GERAIS'!A60="COTAÇÃO",VLOOKUP('036.01-20-SERV. GERAIS'!C60,'036-20-Cotação'!$A$9:$G$529,3,0),IF('036.01-20-SERV. GERAIS'!A60="CCU",VLOOKUP('036.01-20-SERV. GERAIS'!C60,'036-20-CCU''s'!$B$9:$H$1962,7,0))))) -> 103.31476 | H60: =BDI_O.A.E!$H$22 -> 0.182011 | I60: =F60*(G60*(1+H60)) -> 52755.485 | K60: =F60*(G60*(1+H60)) -> 52755.485
A61: CCU | B61: 02.01.303.2 | C61: CCU - 02.025 | D61: =IF(A61="SERVIÇO",VLOOKUP(C61,SERVIÇOS!$A$6:$D$7645,2,0),IF(A61="INSUMO",VLOOKUP(C61,INSUMOS!$A$6:$D$6961,2,0),IF('036.01-20-SERV. GERAIS'!A61="COTAÇÃO",VLOOKUP('036.01-20-SERV. GERAIS'!C61,'036-20-Cotação'!$A$9:$G$529,2,0),IF('036.01-20-SERV. GERAIS'!A61="CCU",VLOOKUP('036.01-20-SERV. GERAIS'!C61,'036-20-CCU''s'!$B$9:$H$1962,2,0))))) -> PLATAFORMA DE TRABALHO SUSPENSA FIXADA NOS PILARES INCLINADOS DA PONTE COM TRELIÇAS METÁLICAS E TÁBUAS - UTILIZAÇÃO DE 100 VEZES - CONFECÇÃO, INSTALAÇÃO E RETIRADA | E61: =IF(A61="SERVIÇO",VLOOKUP(C61,SERVIÇOS!$A$6:$D$7645,3,0),IF(A61="INSUMO",VLOOKUP(C61,INSUMOS!$A$6:$D$6961,3,0),IF('036.01-20-SERV. GERAIS'!A61="COTAÇÃO",VLOOKUP('036.01-20-SERV. GERAIS'!C61,'036-20-Cotação'!$A$9:$G$529,4,0),IF('036.01-20-SERV. GERAIS'!A61="CCU",VLOOKUP('036.01-20-SERV. GERAIS'!C61,'036-20-CCU''s'!$B$9:$H$1962,4,0))))) -> M2 | F61: 168.88 | G61: =IF(A61="SERVIÇO",VLOOKUP(C61,SERVIÇOS!$A$6:$D$7645,4,0),IF(A61="INSUMO",VLOOKUP(C61,INSUMOS!$A$6:$D$6961,4,0),IF('036.01-20-SERV. GERAIS'!A61="COTAÇÃO",VLOOKUP('036.01-20-SERV. GERAIS'!C61,'036-20-Cotação'!$A$9:$G$529,3,0),IF('036.01-20-SERV. GERAIS'!A61="CCU",VLOOKUP('036.01-20-SERV. GERAIS'!C61,'036-20-CCU''s'!$B$9:$H$1962,7,0))))) -> 38.861476 | H61: =BDI_O.A.E!$H$22 -> 0.182011 | I61: =F61*(G61*(1+H61)) -> 7757.4508 | K61: =F61*(G61*(1+H61)) -> 7757.4508
A62: CCU | B62: 02.01.303.3 | C62: CCU - 02.026 | D62: =IF(A62="SERVIÇO",VLOOKUP(C62,SERVIÇOS!$A$6:$D$7645,2,0),IF(A62="INSUMO",VLOOKUP(C62,INSUMOS!$A$6:$D$6961,2,0),IF('036.01-20-SERV. GERAIS'!A62="COTAÇÃO",VLOOKUP('036.01-20-SERV. GERAIS'!C62,'036-20-Cotação'!$A$9:$G$529,2,0),IF('036.01-20-SERV. GERAIS'!A62="CCU",VLOOKUP('036.01-20-SERV. GERAIS'!C62,'036-20-CCU''s'!$B$9:$H$1962,2,0))))) -> PLATAFORMA DE TRABALHO PARA EXECUÇÃO DOS SERVIÇOS DE PINTURA DOS ARCOS METÁLICOS E CONCRETO, FIXADOS NA ESTRUTURA COM TRELIÇAS METÁLICAS E TÁBUAS - UTILIZAÇÃO DE 100 VEZES - CONFECÇÃO, INSTALAÇÃO E RETIRADA | E62: =IF(A62="SERVIÇO",VLOOKUP(C62,SERVIÇOS!$A$6:$D$7645,3,0),IF(A62="INSUMO",VLOOKUP(C62,INSUMOS!$A$6:$D$6961,3,0),IF('036.01-20-SERV. GERAIS'!A62="COTAÇÃO",VLOOKUP('036.01-20-SERV. GERAIS'!C62,'036-20-Cotação'!$A$9:$G$529,4,0),IF('036.01-20-SERV. GERAIS'!A62="CCU",VLOOKUP('036.01-20-SERV. GERAIS'!C62,'036-20-CCU''s'!$B$9:$H$1962,4,0))))) -> M2 | F62: 13906.02 | G62: =IF(A62="SERVIÇO",VLOOKUP(C62,SERVIÇOS!$A$6:$D$7645,4,0),IF(A62="INSUMO",VLOOKUP(C62,INSUMOS!$A$6:$D$6961,4,0),IF('036.01-20-SERV. GERAIS'!A62="COTAÇÃO",VLOOKUP('036.01-20-SERV. GERAIS'!C62,'036-20-Cotação'!$A$9:$G$529,3,0),IF('036.01-20-SERV. GERAIS'!A62="CCU",VLOOKUP('036.01-20-SERV. GERAIS'!C62,'036-20-CCU''s'!$B$9:$H$1962,7,0))))) -> 38.861476 | H62: =BDI_O.A.E!$H$22 -> 0.182011 | I62: =F62*(G62*(1+H62)) -> 638768.75 | K62: =F62*(G62*(1+H62)) -> 638768.75 | M62: CONSIDERADO PLATAFORMA PARA MEIO VÃO DE ARCO
A63: CCU | B63: 02.01.303.4 | C63: CCU - 02.027 | D63: =IF(A63="SERVIÇO",VLOOKUP(C63,SERVIÇOS!$A$6:$D$7645,2,0),IF(A63="INSUMO",VLOOKUP(C63,INSUMOS!$A$6:$D$6961,2,0),IF('036.01-20-SERV. GERAIS'!A63="COTAÇÃO",VLOOKUP('036.01-20-SERV. GERAIS'!C63,'036-20-Cotação'!$A$9:$G$529,2,0),IF('036.01-20-SERV. GERAIS'!A63="CCU",VLOOKUP('036.01-20-SERV. GERAIS'!C63,'036-20-CCU''s'!$B$9:$H$1962,2,0))))) -> PLATAFORMA DE TRABALHO MÓVEL PARA ACESSO AS ÀS ANCORAGENS DOS TIRANTES/ESTAIS - UTILIZAÇÃO DE 100 VEZES - CONFECÇÃO, INSTALAÇÃO E RETIRADA | E63: =IF(A63="SERVIÇO",VLOOKUP(C63,SERVIÇOS!$A$6:$D$7645,3,0),IF(A63="INSUMO",VLOOKUP(C63,INSUMOS!$A$6:$D$6961,3,0),IF('036.01-20-SERV. GERAIS'!A63="COTAÇÃO",VLOOKUP('036.01-20-SERV. GERAIS'!C63,'036-20-Cotação'!$A$9:$G$529,4,0),IF('036.01-20-SERV. GERAIS'!A63="CCU",VLOOKUP('036.01-20-SERV. GERAIS'!C63,'036-20-CCU''s'!$B$9:$H$1962,4,0))))) -> UN | F63: 8 | G63: =IF(A63="SERVIÇO",VLOOKUP(C63,SERVIÇOS!$A$6:$D$7645,4,0),IF(A63="INSUMO",VLOOKUP(C63,INSUMOS!$A$6:$D$6961,4,0),IF('036.01-20-SERV. GERAIS'!A63="COTAÇÃO",VLOOKUP('036.01-20-SERV. GERAIS'!C63,'036-20-Cotação'!$A$9:$G$529,3,0),IF('036.01-20-SERV. GERAIS'!A63="CCU",VLOOKUP('036.01-20-SERV. GERAIS'!C63,'036-20-CCU''s'!$B$9:$H$1962,7,0))))) -> 419.70394 | H63: =BDI_O.A.E!$H$22 -> 0.182011 | I63: =F63*(G63*(1+H63)) -> 3968.7574 | K63: =F63*(G63*(1+H63)) -> 3968.7574
A64: CCU | B64: 02.01.303.5 | C64: CCU - 02.028 | D64: =IF(A64="SERVIÇO",VLOOKUP(C64,SERVIÇOS!$A$6:$D$7645,2,0),IF(A64="INSUMO",VLOOKUP(C64,INSUMOS!$A$6:$D$6961,2,0),IF('036.01-20-SERV. GERAIS'!A64="COTAÇÃO",VLOOKUP('036.01-20-SERV. GERAIS'!C64,'036-20-Cotação'!$A$9:$G$529,2,0),IF('036.01-20-SERV. GERAIS'!A64="CCU",VLOOKUP('036.01-20-SERV. GERAIS'!C64,'036-20-CCU''s'!$B$9:$H$1962,2,0))))) -> PLATAFORMA DE TRABALHO SUSPENSA SOB TABULEIRO DE PONTES COM TRELIÇAS METÁLICAS E TÁBUAS - UTILIZAÇÃO DE 100 VEZES - CONFECÇÃO, INSTALAÇÃO E RETIRADA | E64: =IF(A64="SERVIÇO",VLOOKUP(C64,SERVIÇOS!$A$6:$D$7645,3,0),IF(A64="INSUMO",VLOOKUP(C64,INSUMOS!$A$6:$D$6961,3,0),IF('036.01-20-SERV. GERAIS'!A64="COTAÇÃO",VLOOKUP('036.01-20-SERV. GERAIS'!C64,'036-20-Cotação'!$A$9:$G$529,4,0),IF('036.01-20-SERV. GERAIS'!A64="CCU",VLOOKUP('036.01-20-SERV. GERAIS'!C64,'036-20-CCU''s'!$B$9:$H$1962,4,0))))) -> M2 | F64: 28274.2 | G64: =IF(A64="SERVIÇO",VLOOKUP(C64,SERVIÇOS!$A$6:$D$7645,4,0),IF(A64="INSUMO",VLOOKUP(C64,INSUMOS!$A$6:$D$6961,4,0),IF('036.01-20-SERV. GERAIS'!A64="COTAÇÃO",VLOOKUP('036.01-20-SERV. GERAIS'!C64,'036-20-Cotação'!$A$9:$G$529,3,0),IF('036.01-20-SERV. GERAIS'!A64="CCU",VLOOKUP('036.01-20-SERV. GERAIS'!C64,'036-20-CCU''s'!$B$9:$H$1962,7,0))))) -> 38.861476 | H64: =BDI_O.A.E!$H$22 -> 0.182011 | I64: =F64*(G64*(1+H64)) -> 1298766.7 | K64: =F64*(G64*(1+H64)) -> 1298766.7 | M64: CONSIDERADO PLATAFORMA PARA MEIO VÃO DE TABULEIRO
A65: CCU | B65: 02.01.303.6 | C65: CCU - 02.032 | D65: =IF(A65="SERVIÇO",VLOOKUP(C65,SERVIÇOS!$A$6:$D$7645,2,0),IF(A65="INSUMO",VLOOKUP(C65,INSUMOS!$A$6:$D$6961,2,0),IF('036.01-20-SERV. GERAIS'!A65="COTAÇÃO",VLOOKUP('036.01-20-SERV. GERAIS'!C65,'036-20-Cotação'!$A$9:$G$529,2,0),IF('036.01-20-SERV. GERAIS'!A65="CCU",VLOOKUP('036.01-20-SERV. GERAIS'!C65,'036-20-CCU''s'!$B$9:$H$1962,2,0))))) -> MANTA FILTRANTE DE MÉDIA EFICIÊNCIA EM POLIÉSTER (MANTA G3) COM GRAMATURA DE 150 G/M² PARA PLATAFORMAS DE PINTURA - FORNECIMENTO E INSTALAÇÃO | E65: =IF(A65="SERVIÇO",VLOOKUP(C65,SERVIÇOS!$A$6:$D$7645,3,0),IF(A65="INSUMO",VLOOKUP(C65,INSUMOS!$A$6:$D$6961,3,0),IF('036.01-20-SERV. GERAIS'!A65="COTAÇÃO",VLOOKUP('036.01-20-SERV. GERAIS'!C65,'036-20-Cotação'!$A$9:$G$529,4,0),IF('036.01-20-SERV. GERAIS'!A65="CCU",VLOOKUP('036.01-20-SERV. GERAIS'!C65,'036-20-CCU''s'!$B$9:$H$1962,4,0))))) -> M2 | F65: =(F64+F62)/2 -> 21090.11 | G65: =IF(A65="SERVIÇO",VLOOKUP(C65,SERVIÇOS!$A$6:$D$7645,4,0),IF(A65="INSUMO",VLOOKUP(C65,INSUMOS!$A$6:$D$6961,4,0),IF('036.01-20-SERV. GERAIS'!A65="COTAÇÃO",VLOOKUP('036.01-20-SERV. GERAIS'!C65,'036-20-Cotação'!$A$9:$G$529,3,0),IF('036.01-20-SERV. GERAIS'!A65="CCU",VLOOKUP('036.01-20-SERV. GERAIS'!C65,'036-20-CCU''s'!$B$9:$H$1962,7,0))))) -> 10.365124 | H65: =BDI_O.A.E!$H$22 -> 0.182011 | I65: =F65*(G65*(1+H65)) -> 258389.5 | K65: =F65*(G65*(1+H65)) -> 258389.5 | M65: QUANTITATIVO CONSIDERADO A MÉDIA ENTRE AS PLATAFORMAS DO TABULEIRO E ARCOS
K66: =F66*(G66*(1+H66)) -> 0
B67: 02. 02.000 | D67: DEMOLIÇÃO | K67: =F67*(G67*(1+H67)) -> 0
B68: 02. 02.110 | D68: FUNDAÇÕES E ESTRUTURAS DE CONCRETO | K68: =F68*(G68*(1+H68)) -> 0
B69: 02. 02.112 | D69: BERÇOS DOS APARELHOS DE APOIO | K69: =F69*(G69*(1+H69)) -> 0
A70: CCU | B70: 02.02.112.1 | C70: 1600436 | D70: =IF(A70="SERVIÇO",VLOOKUP(C70,SERVIÇOS!$A$6:$D$7645,2,0),IF(A70="INSUMO",VLOOKUP(C70,INSUMOS!$A$6:$D$6961,2,0),IF('036.01-20-SERV. GERAIS'!A70="COTAÇÃO",VLOOKUP('036.01-20-SERV. GERAIS'!C70,'036-20-Cotação'!$A$9:$G$529,2,0),IF('036.01-20-SERV. GERAIS'!A70="CCU",VLOOKUP('036.01-20-SERV. GERAIS'!C70,'036-20-CCU''s'!$B$9:$H$1962,2,0))))) -> DEMOLIÇÃO DE CONCRETO SIMPLES | E70: =IF(A70="SERVIÇO",VLOOKUP(C70,SERVIÇOS!$A$6:$D$7645,3,0),IF(A70="INSUMO",VLOOKUP(C70,INSUMOS!$A$6:$D$6961,3,0),IF('036.01-20-SERV. GERAIS'!A70="COTAÇÃO",VLOOKUP('036.01-20-SERV. GERAIS'!C70,'036-20-Cotação'!$A$9:$G$529,4,0),IF('036.01-20-SERV. GERAIS'!A70="CCU",VLOOKUP('036.01-20-SERV. GERAIS'!C70,'036-20-CCU''s'!$B$9:$H$1962,4,0))))) -> M3 | F70: 10.4 | G70: =IF(A70="SERVIÇO",VLOOKUP(C70,SERVIÇOS!$A$6:$D$7645,4,0),IF(A70="INSUMO",VLOOKUP(C70,INSUMOS!$A$6:$D$6961,4,0),IF('036.01-20-SERV. GERAIS'!A70="COTAÇÃO",VLOOKUP('036.01-20-SERV. GERAIS'!C70,'036-20-Cotação'!$A$9:$G$529,3,0),IF('036.01-20-SERV. GERAIS'!A70="CCU",VLOOKUP('036.01-20-SERV. GERAIS'!C70,'036-20-CCU''s'!$B$9:$H$1962,7,0))))) -> 343.29204 | H70: =BDI_O.A.E!$H$22 -> 0.182011 | I70: =F70*(G70*(1+H70)) -> 4220.0596 | K70: =F70*(G70*(1+H70)) -> 4220.0596
B71: 02. 02.113 | D71: BLOCOS DE CONCRETO | K71: =F71*(G71*(1+H71)) -> 0
A72: CCU | B72: 02.02.113.1 | C72: 1600990 | D72: =IF(A72="SERVIÇO",VLOOKUP(C72,SERVIÇOS!$A$6:$D$7645,2,0),IF(A72="INSUMO",VLOOKUP(C72,INSUMOS!$A$6:$D$6961,2,0),IF('036.01-20-SERV. GERAIS'!A72="COTAÇÃO",VLOOKUP('036.01-20-SERV. GERAIS'!C72,'036-20-Cotação'!$A$9:$G$529,2,0),IF('036.01-20-SERV. GERAIS'!A72="CCU",VLOOKUP('036.01-20-SERV. GERAIS'!C72,'036-20-CCU''s'!$B$9:$H$1962,2,0))))) -> DEMOLIÇÃO DE CONCRETO ARMADO COM MARTELETE E CORTE OXIACETILENO | E72: =IF(A72="SERVIÇO",VLOOKUP(C72,SERVIÇOS!$A$6:$D$7645,3,0),IF(A72="INSUMO",VLOOKUP(C72,INSUMOS!$A$6:$D$6961,3,0),IF('036.01-20-SERV. GERAIS'!A72="COTAÇÃO",VLOOKUP('036.01-20-SERV. GERAIS'!C72,'036-20-Cotação'!$A$9:$G$529,4,0),IF('036.01-20-SERV. GERAIS'!A72="CCU",VLOOKUP('036.01-20-SERV. GERAIS'!C72,'036-20-CCU''s'!$B$9:$H$1962,4,0))))) -> M3 | F72: 182.1 | G72: =IF(A72="SERVIÇO",VLOOKUP(C72,SERVIÇOS!$A$6:$D$7645,4,0),IF(A72="INSUMO",VLOOKUP(C72,INSUMOS!$A$6:$D$6961,4,0),IF('036.01-20-SERV. GERAIS'!A72="COTAÇÃO",VLOOKUP('036.01-20-SERV. GERAIS'!C72,'036-20-Cotação'!$A$9:$G$529,3,0),IF('036.01-20-SERV. GERAIS'!A72="CCU",VLOOKUP('036.01-20-SERV. GERAIS'!C72,'036-20-CCU''s'!$B$9:$H$1962,7,0))))) -> 463.90483 | H72: =BDI_O.A.E!$H$22 -> 0.182011 | I72: =F72*(G72*(1+H72)) -> 99852.825 | K72: =F72*(G72*(1+H72)) -> 99852.825
B73: 02. 02.180 | D73: PAVIMENTAÇÕES - CAUQ | K73: =F73*(G73*(1+H73)) -> 0
A74: CCU | B74: 02.02.180.1 | C74: 4011479 | D74: =IF(A74="SERVIÇO",VLOOKUP(C74,SERVIÇOS!$A$6:$D$7645,2,0),IF(A74="INSUMO",VLOOKUP(C74,INSUMOS!$A$6:$D$6961,2,0),IF('036.01-20-SERV. GERAIS'!A74="COTAÇÃO",VLOOKUP('036.01-20-SERV. GERAIS'!C74,'036-20-Cotação'!$A$9:$G$529,2,0),IF('036.01-20-SERV. GERAIS'!A74="CCU",VLOOKUP('036.01-20-SERV. GERAIS'!C74,'036-20-CCU''s'!$B$9:$H$1962,2,0))))) -> FRESAGEM CONTÍNUA DE REVESTIMENTO BETUMINOSO | E74: =IF(A74="SERVIÇO",VLOOKUP(C74,SERVIÇOS!$A$6:$D$7645,3,0),IF(A74="INSUMO",VLOOKUP(C74,INSUMOS!$A$6:$D$6961,3,0),IF('036.01-20-SERV. GERAIS'!A74="COTAÇÃO",VLOOKUP('036.01-20-SERV. GERAIS'!C74,'036-20-Cotação'!$A$9:$G$529,4,0),IF('036.01-20-SERV. GERAIS'!A74="CCU",VLOOKUP('036.01-20-SERV. GERAIS'!C74,'036-20-CCU''s'!$B$9:$H$1962,4,0))))) -> M3 | F74: 201.82 | G74: =IF(A74="SERVIÇO",VLOOKUP(C74,SERVIÇOS!$A$6:$D$7645,4,0),IF(A74="INSUMO",VLOOKUP(C74,INSUMOS!$A$6:$D$6961,4,0),IF('036.01-20-SERV. GERAIS'!A74="COTAÇÃO",VLOOKUP('036.01-20-SERV. GERAIS'!C74,'036-20-Cotação'!$A$9:$G$529,3,0),IF('036.01-20-SERV. GERAIS'!A74="CCU",VLOOKUP('036.01-20-SERV. GERAIS'!C74,'036-20-CCU''s'!$B$9:$H$1962,7,0))))) -> 35.725256 | H74: =BDI_O.A.E!$H$22 -> 0.182011 | I74: =F74*(G74*(1+H74)) -> 8522.3834 | K74: =F74*(G74*(1+H74)) -> 8522.3834
B75: 02. 02.330 | D75: CARGA, TRANSPORTE, DESCARGA E ESPALHAMENTO DE MATERIAIS PROVENIENTES DE DEMOLIÇÃO | K75: =F75*(G75*(1+H75)) -> 0
A76: CCU | B76: 02.02.330.1 | C76: CCU - 02.029 | D76: =IF(A76="SERVIÇO",VLOOKUP(C76,SERVIÇOS!$A$6:$D$7645,2,0),IF(A76="INSUMO",VLOOKUP(C76,INSUMOS!$A$6:$D$6961,2,0),IF('036.01-20-SERV. GERAIS'!A76="COTAÇÃO",VLOOKUP('036.01-20-SERV. GERAIS'!C76,'036-20-Cotação'!$A$9:$G$529,2,0),IF('036.01-20-SERV. GERAIS'!A76="CCU",VLOOKUP('036.01-20-SERV. GERAIS'!C76,'036-20-CCU''s'!$B$9:$H$1962,2,0))))) -> CARGA MANUAL DE ENTULHO EM CARRINHO PLATAFORMA | E76: =IF(A76="SERVIÇO",VLOOKUP(C76,SERVIÇOS!$A$6:$D$7645,3,0),IF(A76="INSUMO",VLOOKUP(C76,INSUMOS!$A$6:$D$6961,3,0),IF('036.01-20-SERV. GERAIS'!A76="COTAÇÃO",VLOOKUP('036.01-20-SERV. GERAIS'!C76,'036-20-Cotação'!$A$9:$G$529,4,0),IF('036.01-20-SERV. GERAIS'!A76="CCU",VLOOKUP('036.01-20-SERV. GERAIS'!C76,'036-20-CCU''s'!$B$9:$H$1962,4,0))))) -> M3 | F76: =(F70+F72)*1.3 -> 250.25 | G76: =IF(A76="SERVIÇO",VLOOKUP(C76,SERVIÇOS!$A$6:$D$7645,4,0),IF(A76="INSUMO",VLOOKUP(C76,INSUMOS!$A$6:$D$6961,4,0),IF('036.01-20-SERV. GERAIS'!A76="COTAÇÃO",VLOOKUP('036.01-20-SERV. GERAIS'!C76,'036-20-Cotação'!$A$9:$G$529,3,0),IF('036.01-20-SERV. GERAIS'!A76="CCU",VLOOKUP('036.01-20-SERV. GERAIS'!C76,'036-20-CCU''s'!$B$9:$H$1962,7,0))))) -> 10.94625 | H76: =BDI_O.A.E!$H$22 -> 0.182011 | I76: =F76*(G76*(1+H76)) -> 3237.8816 | K76: =F76*(G76*(1+H76)) -> 3237.8816
A77: CCU | B77: 02.02.330.2 | C77: CCU - 02.030 | D77: =IF(A77="SERVIÇO",VLOOKUP(C77,SERVIÇOS!$A$6:$D$7645,2,0),IF(A77="INSUMO",VLOOKUP(C77,INSUMOS!$A$6:$D$6961,2,0),IF('036.01-20-SERV. GERAIS'!A77="COTAÇÃO",VLOOKUP('036.01-20-SERV. GERAIS'!C77,'036-20-Cotação'!$A$9:$G$529,2,0),IF('036.01-20-SERV. GERAIS'!A77="CCU",VLOOKUP('036.01-20-SERV. GERAIS'!C77,'036-20-CCU''s'!$B$9:$H$1962,2,0))))) -> TRANSPORTE HORIZONTAL DE ENTULHO COM CARRINHO PLATAFORMA ATÉ 200M | E77: =IF(A77="SERVIÇO",VLOOKUP(C77,SERVIÇOS!$A$6:$D$7645,3,0),IF(A77="INSUMO",VLOOKUP(C77,INSUMOS!$A$6:$D$6961,3,0),IF('036.01-20-SERV. GERAIS'!A77="COTAÇÃO",VLOOKUP('036.01-20-SERV. GERAIS'!C77,'036-20-Cotação'!$A$9:$G$529,4,0),IF('036.01-20-SERV. GERAIS'!A77="CCU",VLOOKUP('036.01-20-SERV. GERAIS'!C77,'036-20-CCU''s'!$B$9:$H$1962,4,0))))) -> KG.KM | F77: =F76*1500*0.2 -> 75075 | G77: =IF(A77="SERVIÇO",VLOOKUP(C77,SERVIÇOS!$A$6:$D$7645,4,0),IF(A77="INSUMO",VLOOKUP(C77,INSUMOS!$A$6:$D$6961,4,0),IF('036.01-20-SERV. GERAIS'!A77="COTAÇÃO",VLOOKUP('036.01-20-SERV. GERAIS'!C77,'036-20-Cotação'!$A$9:$G$529,3,0),IF('036.01-20-SERV. GERAIS'!A77="CCU",VLOOKUP('036.01-20-SERV. GERAIS'!C77,'036-20-CCU''s'!$B$9:$H$1962,7,0))))) -> 0.20016 | H77: =BDI_O.A.E!$H$22 -> 0.182011 | I77: =F77*(G77*(1+H77)) -> 17762.094 | K77: =F77*(G77*(1+H77)) -> 17762.094 | M77: CONSIDERADO 200 M DE TRANSPORTE DO PIER ATE CANTEIRO
A78: CCU | B78: 02.02.330.3 | C78: 5914354 | D78: =IF(A78="SERVIÇO",VLOOKUP(C78,SERVIÇOS!$A$6:$D$7645,2,0),IF(A78="INSUMO",VLOOKUP(C78,INSUMOS!$A$6:$D$6961,2,0),IF('036.01-20-SERV. GERAIS'!A78="COTAÇÃO",VLOOKUP('036.01-20-SERV. GERAIS'!C78,'036-20-Cotação'!$A$9:$G$529,2,0),IF('036.01-20-SERV. GERAIS'!A78="CCU",VLOOKUP('036.01-20-SERV. GERAIS'!C78,'036-20-CCU''s'!$B$9:$H$1962,2,0))))) -> CARGA, MANOBRA E DESCARGA DE AGREGADOS (BRITA, PÓ DE PEDRA, AREIA, RACHÃO) OU SOLOS EM CAMINHÃO BASCULANTE DE 10 M³ CARGA COM ESCAVADEIRA DE 1,50 M³ (EXCLUSA) E DESCARGA LIVRE | E78: =IF(A78="SERVIÇO",VLOOKUP(C78,SERVIÇOS!$A$6:$D$7645,3,0),IF(A78="INSUMO",VLOOKUP(C78,INSUMOS!$A$6:$D$6961,3,0),IF('036.01-20-SERV. GERAIS'!A78="COTAÇÃO",VLOOKUP('036.01-20-SERV. GERAIS'!C78,'036-20-Cotação'!$A$9:$G$529,4,0),IF('036.01-20-SERV. GERAIS'!A78="CCU",VLOOKUP('036.01-20-SERV. GERAIS'!C78,'036-20-CCU''s'!$B$9:$H$1962,4,0))))) -> T | F78: =(((F74*1500)/1000)+(((F70+F72)*1500)/1000))*1.3 -> 768.924 | G78: =IF(A78="SERVIÇO",VLOOKUP(C78,SERVIÇOS!$A$6:$D$7645,4,0),IF(A78="INSUMO",VLOOKUP(C78,INSUMOS!$A$6:$D$6961,4,0),IF('036.01-20-SERV. GERAIS'!A78="COTAÇÃO",VLOOKUP('036.01-20-SERV. GERAIS'!C78,'036-20-Cotação'!$A$9:$G$529,3,0),IF('036.01-20-SERV. GERAIS'!A78="CCU",VLOOKUP('036.01-20-SERV. GERAIS'!C78,'036-20-CCU''s'!$B$9:$H$1962,7,0))))) -> 0.99624262 | H78: =BDI_O.A.E!$H$22 -> 0.182011 | I78: =F78*(G78*(1+H78)) -> 905.46163 | K78: =F78*(G78*(1+H78)) -> 905.46163 | M78: CONSIDERADO COMO ENTULHO DE OBRA COM PESO ESPECÍFICO DE 1500KG/M3
A79: CCU | B79: 02.02.330.4 | C79: 5915321 | D79: =IF(A79="SERVIÇO",VLOOKUP(C79,SERVIÇOS!$A$6:$D$7645,2,0),IF(A79="INSUMO",VLOOKUP(C79,INSUMOS!$A$6:$D$6961,2,0),IF('036.01-20-SERV. GERAIS'!A79="COTAÇÃO",VLOOKUP('036.01-20-SERV. GERAIS'!C79,'036-20-Cotação'!$A$9:$G$529,2,0),IF('036.01-20-SERV. GERAIS'!A79="CCU",VLOOKUP('036.01-20-SERV. GERAIS'!C79,'036-20-CCU''s'!$B$9:$H$1962,2,0))))) -> TRANSPORTE COM CAMINHÃO BASCULANTE DE 14 M³ - RODOVIA PAVIMENTADA | E79: =IF(A79="SERVIÇO",VLOOKUP(C79,SERVIÇOS!$A$6:$D$7645,3,0),IF(A79="INSUMO",VLOOKUP(C79,INSUMOS!$A$6:$D$6961,3,0),IF('036.01-20-SERV. GERAIS'!A79="COTAÇÃO",VLOOKUP('036.01-20-SERV. GERAIS'!C79,'036-20-Cotação'!$A$9:$G$529,4,0),IF('036.01-20-SERV. GERAIS'!A79="CCU",VLOOKUP('036.01-20-SERV. GERAIS'!C79,'036-20-CCU''s'!$B$9:$H$1962,4,0))))) -> T.KM | F79: =F78*32.8 -> 25220.707 | G79: =IF(A79="SERVIÇO",VLOOKUP(C79,SERVIÇOS!$A$6:$D$7645,4,0),IF(A79="INSUMO",VLOOKUP(C79,INSUMOS!$A$6:$D$6961,4,0),IF('036.01-20-SERV. GERAIS'!A79="COTAÇÃO",VLOOKUP('036.01-20-SERV. GERAIS'!C79,'036-20-Cotação'!$A$9:$G$529,3,0),IF('036.01-20-SERV. GERAIS'!A79="CCU",VLOOKUP('036.01-20-SERV. GERAIS'!C79,'036-20-CCU''s'!$B$9:$H$1962,7,0))))) -> 0.53044787 | H79: =BDI_O.A.E!$H$22 -> 0.182011 | I79: =F79*(G79*(1+H79)) -> 15813.263 | K79: =F79*(G79*(1+H79)) -> 15813.263 | M79: DISTÂNCIA MÉDIA PONTE JK/ESTRUTURAL - 32,80 km
A80: SERVIÇO | B80: 02.02.330.5 | C80: SLU-1 | D80: =IF(A80="SERVIÇO",VLOOKUP(C80,SERVIÇOS!$A$6:$D$7645,2,0),IF(A80="INSUMO",VLOOKUP(C80,INSUMOS!$A$6:$D$6961,2,0),IF('036.01-20-SERV. GERAIS'!A80="COTAÇÃO",VLOOKUP('036.01-20-SERV. GERAIS'!C80,'036-20-Cotação'!$A$9:$G$529,2,0),IF('036.01-20-SERV. GERAIS'!A80="CCU",VLOOKUP('036.01-20-SERV. GERAIS'!C80,'036-20-CCU''s'!$B$9:$H$1962,2,0))))) -> DISPOSIÇÃO FINAL DE RESÍDUOS SEGREGADOS DE CONSTRUÇÃO CIVIL | E80: =IF(A80="SERVIÇO",VLOOKUP(C80,SERVIÇOS!$A$6:$D$7645,3,0),IF(A80="INSUMO",VLOOKUP(C80,INSUMOS!$A$6:$D$6961,3,0),IF('036.01-20-SERV. GERAIS'!A80="COTAÇÃO",VLOOKUP('036.01-20-SERV. GERAIS'!C80,'036-20-Cotação'!$A$9:$G$529,4,0),IF('036.01-20-SERV. GERAIS'!A80="CCU",VLOOKUP('036.01-20-SERV. GERAIS'!C80,'036-20-CCU''s'!$B$9:$H$1962,4,0))))) -> T | F80: =F78 -> 768.924 | G80: =IF(A80="SERVIÇO",VLOOKUP(C80,SERVIÇOS!$A$6:$D$7645,4,0),IF(A80="INSUMO",VLOOKUP(C80,INSUMOS!$A$6:$D$6961,4,0),IF('036.01-20-SERV. GERAIS'!A80="COTAÇÃO",VLOOKUP('036.01-20-SERV. GERAIS'!C80,'036-20-Cotação'!$A$9:$G$529,3,0),IF('036.01-20-SERV. GERAIS'!A80="CCU",VLOOKUP('036.01-20-SERV. GERAIS'!C80,'036-20-CCU''s'!$B$9:$H$1962,7,0))))) -> 12.23 | H80: =BDI_O.A.E!$H$22 -> 0.182011 | I80: =F80*(G80*(1+H80)) -> 11115.561 | K80: =F80*(G80*(1+H80)) -> 11115.561 | M80: DISTÂNCIA MÉDIA PONTE JK/ESTRUTURAL - 32,80 km
K81: =F81*(G81*(1+H81)) -> 0
G82: SUBTOTAL (Divisão): | I82: =SUM(I55:I81) -> 2675926.5
K83: =F83*(G83*(1+H83)) -> 0
B84: 03. 00.000 | D84: FUNDAÇÕES E ESTRUTURAS | K84: =F84*(G84*(1+H84)) -> 0
B85: 03. 01.000 | D85: FUNDAÇÕES | K85: =F85*(G85*(1+H85)) -> 0
B86: 03. 01.240 | D86: ENSECADEIRAS METÁLICAS PARA OS BLOCOS B-09 A B-11 | J86: =7*40 -> 280 | K86: =F86*(G86*(1+H86)) -> 0
A87: CCU | B87: 03.01.240.1 | C87: CCU - 03.001 | D87: =IF(A87="SERVIÇO",VLOOKUP(C87,SERVIÇOS!$A$6:$D$7645,2,0),IF(A87="INSUMO",VLOOKUP(C87,INSUMOS!$A$6:$D$6961,2,0),IF('036.01-20-SERV. GERAIS'!A87="COTAÇÃO",VLOOKUP('036.01-20-SERV. GERAIS'!C87,'036-20-Cotação'!$A$9:$G$529,2,0),IF('036.01-20-SERV. GERAIS'!A87="CCU",VLOOKUP('036.01-20-SERV. GERAIS'!C87,'036-20-CCU''s'!$B$9:$H$1962,2,0))))) -> ESTACA PRANCHA METÁLICA, PERFÍL AZ 20-700 / C-14 (10mm) - FORNECIMENTO | E87: =IF(A87="SERVIÇO",VLOOKUP(C87,SERVIÇOS!$A$6:$D$7645,3,0),IF(A87="INSUMO",VLOOKUP(C87,INSUMOS!$A$6:$D$6961,3,0),IF('036.01-20-SERV. GERAIS'!A87="COTAÇÃO",VLOOKUP('036.01-20-SERV. GERAIS'!C87,'036-20-Cotação'!$A$9:$G$529,4,0),IF('036.01-20-SERV. GERAIS'!A87="CCU",VLOOKUP('036.01-20-SERV. GERAIS'!C87,'036-20-CCU''s'!$B$9:$H$1962,4,0))))) -> KG | F87: 145300 | G87: =IF(A87="SERVIÇO",VLOOKUP(C87,SERVIÇOS!$A$6:$D$7645,4,0),IF(A87="INSUMO",VLOOKUP(C87,INSUMOS!$A$6:$D$6961,4,0),IF('036.01-20-SERV. GERAIS'!A87="COTAÇÃO",VLOOKUP('036.01-20-SERV. GERAIS'!C87,'036-20-Cotação'!$A$9:$G$529,3,0),IF('036.01-20-SERV. GERAIS'!A87="CCU",VLOOKUP('036.01-20-SERV. GERAIS'!C87,'036-20-CCU''s'!$B$9:$H$1962,7,0))))) -> 6.9 | H87: =BDI_Equipamentos!$H$22 -> 0.1089062 | I87: =F87*(G87*(1+H87)) -> 1111756.1 | K87: =F87*(G87*(1+H87)) -> 1111756.1 | M87: =F87*4 -> 581200
A88: CCU | B88: 03.01.240.2 | C88: CCU - 03.049 | D88: =IF(A88="SERVIÇO",VLOOKUP(C88,SERVIÇOS!$A$6:$D$7645,2,0),IF(A88="INSUMO",VLOOKUP(C88,INSUMOS!$A$6:$D$6961,2,0),IF('036.01-20-SERV. GERAIS'!A88="COTAÇÃO",VLOOKUP('036.01-20-SERV. GERAIS'!C88,'036-20-Cotação'!$A$9:$G$529,2,0),IF('036.01-20-SERV. GERAIS'!A88="CCU",VLOOKUP('036.01-20-SERV. GERAIS'!C88,'036-20-CCU''s'!$B$9:$H$1962,2,0))))) -> ESTRUTURA DE TRAVAMENTO EM PERFIL DE AÇO "W" - FORNECIMENTO | E88: =IF(A88="SERVIÇO",VLOOKUP(C88,SERVIÇOS!$A$6:$D$7645,3,0),IF(A88="INSUMO",VLOOKUP(C88,INSUMOS!$A$6:$D$6961,3,0),IF('036.01-20-SERV. GERAIS'!A88="COTAÇÃO",VLOOKUP('036.01-20-SERV. GERAIS'!C88,'036-20-Cotação'!$A$9:$G$529,4,0),IF('036.01-20-SERV. GERAIS'!A88="CCU",VLOOKUP('036.01-20-SERV. GERAIS'!C88,'036-20-CCU''s'!$B$9:$H$1962,4,0))))) -> KG | F88: 29200 | G88: =IF(A88="SERVIÇO",VLOOKUP(C88,SERVIÇOS!$A$6:$D$7645,4,0),IF(A88="INSUMO",VLOOKUP(C88,INSUMOS!$A$6:$D$6961,4,0),IF('036.01-20-SERV. GERAIS'!A88="COTAÇÃO",VLOOKUP('036.01-20-SERV. GERAIS'!C88,'036-20-Cotação'!$A$9:$G$529,3,0),IF('036.01-20-SERV. GERAIS'!A88="CCU",VLOOKUP('036.01-20-SERV. GERAIS'!C88,'036-20-CCU''s'!$B$9:$H$1962,7,0))))) -> 5.3588073 | H88: =BDI_Equipamentos!$H$22 -> 0.1089062 | I88: =F88*(G88*(1+H88)) -> 173518.51 | K88: =F88*(G88*(1+H88)) -> 173518.51
A89: CCU | B89: 03.01.240.3 | C89: CCU - 03.002 | D89: =IF(A89="SERVIÇO",VLOOKUP(C89,SERVIÇOS!$A$6:$D$7645,2,0),IF(A89="INSUMO",VLOOKUP(C89,INSUMOS!$A$6:$D$6961,2,0),IF('036.01-20-SERV. GERAIS'!A89="COTAÇÃO",VLOOKUP('036.01-20-SERV. GERAIS'!C89,'036-20-Cotação'!$A$9:$G$529,2,0),IF('036.01-20-SERV. GERAIS'!A89="CCU",VLOOKUP('036.01-20-SERV. GERAIS'!C89,'036-20-CCU''s'!$B$9:$H$1962,2,0))))) -> ESTACA PRANCHA METÁLICA, PERFÍL AZ 20-700 (10mm) E C-14 - CRAVAÇÃO E RETIRADA COM APOIO NÁUTICO COM REAPROVEITAMENTO DO PERFIL | E89: =IF(A89="SERVIÇO",VLOOKUP(C89,SERVIÇOS!$A$6:$D$7645,3,0),IF(A89="INSUMO",VLOOKUP(C89,INSUMOS!$A$6:$D$6961,3,0),IF('036.01-20-SERV. GERAIS'!A89="COTAÇÃO",VLOOKUP('036.01-20-SERV. GERAIS'!C89,'036-20-Cotação'!$A$9:$G$529,4,0),IF('036.01-20-SERV. GERAIS'!A89="CCU",VLOOKUP('036.01-20-SERV. GERAIS'!C89,'036-20-CCU''s'!$B$9:$H$1962,4,0))))) -> KG | F89: =F87*3 -> 435900 | G89: =IF(A89="SERVIÇO",VLOOKUP(C89,SERVIÇOS!$A$6:$D$7645,4,0),IF(A89="INSUMO",VLOOKUP(C89,INSUMOS!$A$6:$D$6961,4,0),IF('036.01-20-SERV. GERAIS'!A89="COTAÇÃO",VLOOKUP('036.01-20-SERV. GERAIS'!C89,'036-20-Cotação'!$A$9:$G$529,3,0),IF('036.01-20-SERV. GERAIS'!A89="CCU",VLOOKUP('036.01-20-SERV. GERAIS'!C89,'036-20-CCU''s'!$B$9:$H$1962,7,0))))) -> 0.49511932 | H89: =BDI_O.A.E!$H$22 -> 0.182011 | I89: =F89*(G89*(1+H89)) -> 255104.59 | K89: =F89*(G89*(1+H89)) -> 255104.59
A90: CCU | B90: 03.01.240.4 | C90: CCU - 03.048 | D90: =IF(A90="SERVIÇO",VLOOKUP(C90,SERVIÇOS!$A$6:$D$7645,2,0),IF(A90="INSUMO",VLOOKUP(C90,INSUMOS!$A$6:$D$6961,2,0),IF('036.01-20-SERV. GERAIS'!A90="COTAÇÃO",VLOOKUP('036.01-20-SERV. GERAIS'!C90,'036-20-Cotação'!$A$9:$G$529,2,0),IF('036.01-20-SERV. GERAIS'!A90="CCU",VLOOKUP('036.01-20-SERV. GERAIS'!C90,'036-20-CCU''s'!$B$9:$H$1962,2,0))))) -> ESTACA PRANCHA METÁLICA, PERFÍL AZ 20-700 (10mm) E C-14 - CRAVAÇÃO E RETIRADA COM MARTELO HIDRÁULICO | E90: =IF(A90="SERVIÇO",VLOOKUP(C90,SERVIÇOS!$A$6:$D$7645,3,0),IF(A90="INSUMO",VLOOKUP(C90,INSUMOS!$A$6:$D$6961,3,0),IF('036.01-20-SERV. GERAIS'!A90="COTAÇÃO",VLOOKUP('036.01-20-SERV. GERAIS'!C90,'036-20-Cotação'!$A$9:$G$529,4,0),IF('036.01-20-SERV. GERAIS'!A90="CCU",VLOOKUP('036.01-20-SERV. GERAIS'!C90,'036-20-CCU''s'!$B$9:$H$1962,4,0))))) -> KG | F90: =F87 -> 145300 | G90: =IF(A90="SERVIÇO",VLOOKUP(C90,SERVIÇOS!$A$6:$D$7645,4,0),IF(A90="INSUMO",VLOOKUP(C90,INSUMOS!$A$6:$D$6961,4,0),IF('036.01-20-SERV. GERAIS'!A90="COTAÇÃO",VLOOKUP('036.01-20-SERV. GERAIS'!C90,'036-20-Cotação'!$A$9:$G$529,3,0),IF('036.01-20-SERV. GERAIS'!A90="CCU",VLOOKUP('036.01-20-SERV. GERAIS'!C90,'036-20-CCU''s'!$B$9:$H$1962,7,0))))) -> 0.10610414 | H90: =BDI_O.A.E!$H$22 -> 0.182011 | I90: =F90*(G90*(1+H90)) -> 18222.983 | K90: =F90*(G90*(1+H90)) -> 18222.983
A91: CCU | B91: 03.01.240.5 | C91: CCU - 03.050 | D91: =IF(A91="SERVIÇO",VLOOKUP(C91,SERVIÇOS!$A$6:$D$7645,2,0),IF(A91="INSUMO",VLOOKUP(C91,INSUMOS!$A$6:$D$6961,2,0),IF('036.01-20-SERV. GERAIS'!A91="COTAÇÃO",VLOOKUP('036.01-20-SERV. GERAIS'!C91,'036-20-Cotação'!$A$9:$G$529,2,0),IF('036.01-20-SERV. GERAIS'!A91="CCU",VLOOKUP('036.01-20-SERV. GERAIS'!C91,'036-20-CCU''s'!$B$9:$H$1962,2,0))))) -> ESTRUTURA DE TRAVAMENTO EM PERFIL DE AÇO "W" CORTE, SOLDA E MONTAGEM - INSTALAÇÃO COM REAPROVEITAMENTO DO PERFIL | E91: =IF(A91="SERVIÇO",VLOOKUP(C91,SERVIÇOS!$A$6:$D$7645,3,0),IF(A91="INSUMO",VLOOKUP(C91,INSUMOS!$A$6:$D$6961,3,0),IF('036.01-20-SERV. GERAIS'!A91="COTAÇÃO",VLOOKUP('036.01-20-SERV. GERAIS'!C91,'036-20-Cotação'!$A$9:$G$529,4,0),IF('036.01-20-SERV. GERAIS'!A91="CCU",VLOOKUP('036.01-20-SERV. GERAIS'!C91,'036-20-CCU''s'!$B$9:$H$1962,4,0))))) -> KG | F91: =F88*4 -> 116800 | G91: =IF(A91="SERVIÇO",VLOOKUP(C91,SERVIÇOS!$A$6:$D$7645,4,0),IF(A91="INSUMO",VLOOKUP(C91,INSUMOS!$A$6:$D$6961,4,0),IF('036.01-20-SERV. GERAIS'!A91="COTAÇÃO",VLOOKUP('036.01-20-SERV. GERAIS'!C91,'036-20-Cotação'!$A$9:$G$529,3,0),IF('036.01-20-SERV. GERAIS'!A91="CCU",VLOOKUP('036.01-20-SERV. GERAIS'!C91,'036-20-CCU''s'!$B$9:$H$1962,7,0))))) -> 5.3109506 | H91: =BDI_O.A.E!$H$22 -> 0.182011 | I91: =F91*(G91*(1+H91)) -> 733223.93 | K91: =F91*(G91*(1+H91)) -> 733223.93
A92: CCU | B92: 03.01.240.6 | C92: 5502951 | D92: =IF(A92="SERVIÇO",VLOOKUP(C92,SERVIÇOS!$A$6:$D$7645,2,0),IF(A92="INSUMO",VLOOKUP(C92,INSUMOS!$A$6:$D$6961,2,0),IF('036.01-20-SERV. GERAIS'!A92="COTAÇÃO",VLOOKUP('036.01-20-SERV. GERAIS'!C92,'036-20-Cotação'!$A$9:$G$529,2,0),IF('036.01-20-SERV. GERAIS'!A92="CCU",VLOOKUP('036.01-20-SERV. GERAIS'!C92,'036-20-CCU''s'!$B$9:$H$1962,2,0))))) -> ESCAVAÇÃO, CARGA E TRANSPORTE DE SOLOS MOLES - DMT DE 50 A 200 M - CAMINHO DE SERVIÇO PAVIMENTADO - COM CAMINHÃO BASCULANTE DE 14 M³ | E92: =IF(A92="SERVIÇO",VLOOKUP(C92,SERVIÇOS!$A$6:$D$7645,3,0),IF(A92="INSUMO",VLOOKUP(C92,INSUMOS!$A$6:$D$6961,3,0),IF('036.01-20-SERV. GERAIS'!A92="COTAÇÃO",VLOOKUP('036.01-20-SERV. GERAIS'!C92,'036-20-Cotação'!$A$9:$G$529,4,0),IF('036.01-20-SERV. GERAIS'!A92="CCU",VLOOKUP('036.01-20-SERV. GERAIS'!C92,'036-20-CCU''s'!$B$9:$H$1962,4,0))))) -> M3 | F92: 5757.95 | G92: =IF(A92="SERVIÇO",VLOOKUP(C92,SERVIÇOS!$A$6:$D$7645,4,0),IF(A92="INSUMO",VLOOKUP(C92,INSUMOS!$A$6:$D$6961,4,0),IF('036.01-20-SERV. GERAIS'!A92="COTAÇÃO",VLOOKUP('036.01-20-SERV. GERAIS'!C92,'036-20-Cotação'!$A$9:$G$529,3,0),IF('036.01-20-SERV. GERAIS'!A92="CCU",VLOOKUP('036.01-20-SERV. GERAIS'!C92,'036-20-CCU''s'!$B$9:$H$1962,7,0))))) -> 9.7511468 | H92: =BDI_O.A.E!$H$22 -> 0.182011 | I92: =F92*(G92*(1+H92)) -> 66365.918 | K92: =F92*(G92*(1+H92)) -> 66365.918
A93: CCU | B93: 03.01.240.7 | C93: CCU - 03.051 | D93: =IF(A93="SERVIÇO",VLOOKUP(C93,SERVIÇOS!$A$6:$D$7645,2,0),IF(A93="INSUMO",VLOOKUP(C93,INSUMOS!$A$6:$D$6961,2,0),IF('036.01-20-SERV. GERAIS'!A93="COTAÇÃO",VLOOKUP('036.01-20-SERV. GERAIS'!C93,'036-20-Cotação'!$A$9:$G$529,2,0),IF('036.01-20-SERV. GERAIS'!A93="CCU",VLOOKUP('036.01-20-SERV. GERAIS'!C93,'036-20-CCU''s'!$B$9:$H$1962,2,0))))) -> BOMBEAMENTO PARA ESGOTAMENTO DE ÁGUA COM SUBMERSÍVEL COM CAPACIDADE DE 75 M³/H - 3,6 KW | E93: =IF(A93="SERVIÇO",VLOOKUP(C93,SERVIÇOS!$A$6:$D$7645,3,0),IF(A93="INSUMO",VLOOKUP(C93,INSUMOS!$A$6:$D$6961,3,0),IF('036.01-20-SERV. GERAIS'!A93="COTAÇÃO",VLOOKUP('036.01-20-SERV. GERAIS'!C93,'036-20-Cotação'!$A$9:$G$529,4,0),IF('036.01-20-SERV. GERAIS'!A93="CCU",VLOOKUP('036.01-20-SERV. GERAIS'!C93,'036-20-CCU''s'!$B$9:$H$1962,4,0))))) -> H | F93: 162 | G93: =IF(A93="SERVIÇO",VLOOKUP(C93,SERVIÇOS!$A$6:$D$7645,4,0),IF(A93="INSUMO",VLOOKUP(C93,INSUMOS!$A$6:$D$6961,4,0),IF('036.01-20-SERV. GERAIS'!A93="COTAÇÃO",VLOOKUP('036.01-20-SERV. GERAIS'!C93,'036-20-Cotação'!$A$9:$G$529,3,0),IF('036.01-20-SERV. GERAIS'!A93="CCU",VLOOKUP('036.01-20-SERV. GERAIS'!C93,'036-20-CCU''s'!$B$9:$H$1962,7,0))))) -> 5.3623663 | H93: =BDI_O.A.E!$H$22 -> 0.182011 | I93: =F93*(G93*(1+H93)) -> 1026.8169 | K93: =F93*(G93*(1+H93)) -> 1026.8169
A94: CCU | B94: 03.01.240.8 | C94: CCU - 03.053 | D94: =IF(A94="SERVIÇO",VLOOKUP(C94,SERVIÇOS!$A$6:$D$7645,2,0),IF(A94="INSUMO",VLOOKUP(C94,INSUMOS!$A$6:$D$6961,2,0),IF('036.01-20-SERV. GERAIS'!A94="COTAÇÃO",VLOOKUP('036.01-20-SERV. GERAIS'!C94,'036-20-Cotação'!$A$9:$G$529,2,0),IF('036.01-20-SERV. GERAIS'!A94="CCU",VLOOKUP('036.01-20-SERV. GERAIS'!C94,'036-20-CCU''s'!$B$9:$H$1962,2,0))))) -> RECOMPOSIÇÃO MECÂNICA DE ATERRO DOS BLOCOS | E94: =IF(A94="SERVIÇO",VLOOKUP(C94,SERVIÇOS!$A$6:$D$7645,3,0),IF(A94="INSUMO",VLOOKUP(C94,INSUMOS!$A$6:$D$6961,3,0),IF('036.01-20-SERV. GERAIS'!A94="COTAÇÃO",VLOOKUP('036.01-20-SERV. GERAIS'!C94,'036-20-Cotação'!$A$9:$G$529,4,0),IF('036.01-20-SERV. GERAIS'!A94="CCU",VLOOKUP('036.01-20-SERV. GERAIS'!C94,'036-20-CCU''s'!$B$9:$H$1962,4,0))))) -> M3 | F94: 5757.95 | G94: =IF(A94="SERVIÇO",VLOOKUP(C94,SERVIÇOS!$A$6:$D$7645,4,0),IF(A94="INSUMO",VLOOKUP(C94,INSUMOS!$A$6:$D$6961,4,0),IF('036.01-20-SERV. GERAIS'!A94="COTAÇÃO",VLOOKUP('036.01-20-SERV. GERAIS'!C94,'036-20-Cotação'!$A$9:$G$529,3,0),IF('036.01-20-SERV. GERAIS'!A94="CCU",VLOOKUP('036.01-20-SERV. GERAIS'!C94,'036-20-CCU''s'!$B$9:$H$1962,7,0))))) -> 2.0521029 | H94: =BDI_O.A.E!$H$22 -> 0.182011 | I94: =F94*(G94*(1+H94)) -> 13966.531 | K94: =F94*(G94*(1+H94)) -> 13966.531
B95: 03. 01.242 | D95: TRANSPORTE DOS PERFÍS ATÉ NOVACAP | K95: =F95*(G95*(1+H95)) -> 0
A96: CCU | B96: 03.01.242.1 | C96: 5915373 | D96: =IF(A96="SERVIÇO",VLOOKUP(C96,SERVIÇOS!$A$6:$D$7645,2,0),IF(A96="INSUMO",VLOOKUP(C96,INSUMOS!$A$6:$D$6961,2,0),IF('036.01-20-SERV. GERAIS'!A96="COTAÇÃO",VLOOKUP('036.01-20-SERV. GERAIS'!C96,'036-20-Cotação'!$A$9:$G$529,2,0),IF('036.01-20-SERV. GERAIS'!A96="CCU",VLOOKUP('036.01-20-SERV. GERAIS'!C96,'036-20-CCU''s'!$B$9:$H$1962,2,0))))) -> CARGA, MANOBRA E DESCARGA DE MATERIAIS DIVERSOS EM CAMINHÃO CARROCERIA COM GUINDAUTO COM CAPACIDADE DE 20 T.M | E96: =IF(A96="SERVIÇO",VLOOKUP(C96,SERVIÇOS!$A$6:$D$7645,3,0),IF(A96="INSUMO",VLOOKUP(C96,INSUMOS!$A$6:$D$6961,3,0),IF('036.01-20-SERV. GERAIS'!A96="COTAÇÃO",VLOOKUP('036.01-20-SERV. GERAIS'!C96,'036-20-Cotação'!$A$9:$G$529,4,0),IF('036.01-20-SERV. GERAIS'!A96="CCU",VLOOKUP('036.01-20-SERV. GERAIS'!C96,'036-20-CCU''s'!$B$9:$H$1962,4,0))))) -> T | F96: =(F87+F88)/1000 -> 174.5 | G96: =IF(A96="SERVIÇO",VLOOKUP(C96,SERVIÇOS!$A$6:$D$7645,4,0),IF(A96="INSUMO",VLOOKUP(C96,INSUMOS!$A$6:$D$6961,4,0),IF('036.01-20-SERV. GERAIS'!A96="COTAÇÃO",VLOOKUP('036.01-20-SERV. GERAIS'!C96,'036-20-Cotação'!$A$9:$G$529,3,0),IF('036.01-20-SERV. GERAIS'!A96="CCU",VLOOKUP('036.01-20-SERV. GERAIS'!C96,'036-20-CCU''s'!$B$9:$H$1962,7,0))))) -> 9.3722463 | H96: =BDI_O.A.E!$H$22 -> 0.182011 | I96: =F96*(G96*(1+H96)) -> 1933.1281 | K96: =F96*(G96*(1+H96)) -> 1933.1281
A97: CCU | B97: 03.01.242.2 | C97: 5914434 | D97: =IF(A97="SERVIÇO",VLOOKUP(C97,SERVIÇOS!$A$6:$D$7645,2,0),IF(A97="INSUMO",VLOOKUP(C97,INSUMOS!$A$6:$D$6961,2,0),IF('036.01-20-SERV. GERAIS'!A97="COTAÇÃO",VLOOKUP('036.01-20-SERV. GERAIS'!C97,'036-20-Cotação'!$A$9:$G$529,2,0),IF('036.01-20-SERV. GERAIS'!A97="CCU",VLOOKUP('036.01-20-SERV. GERAIS'!C97,'036-20-CCU''s'!$B$9:$H$1962,2,0))))) -> TRANSPORTE COM CAMINHÃO CARROCERIA DE 9 T - RODOVIA PAVIMENTADA | E97: =IF(A97="SERVIÇO",VLOOKUP(C97,SERVIÇOS!$A$6:$D$7645,3,0),IF(A97="INSUMO",VLOOKUP(C97,INSUMOS!$A$6:$D$6961,3,0),IF('036.01-20-SERV. GERAIS'!A97="COTAÇÃO",VLOOKUP('036.01-20-SERV. GERAIS'!C97,'036-20-Cotação'!$A$9:$G$529,4,0),IF('036.01-20-SERV. GERAIS'!A97="CCU",VLOOKUP('036.01-20-SERV. GERAIS'!C97,'036-20-CCU''s'!$B$9:$H$1962,4,0))))) -> T.KM | F97: =F96*20 -> 3490 | G97: =IF(A97="SERVIÇO",VLOOKUP(C97,SERVIÇOS!$A$6:$D$7645,4,0),IF(A97="INSUMO",VLOOKUP(C97,INSUMOS!$A$6:$D$6961,4,0),IF('036.01-20-SERV. GERAIS'!A97="COTAÇÃO",VLOOKUP('036.01-20-SERV. GERAIS'!C97,'036-20-Cotação'!$A$9:$G$529,3,0),IF('036.01-20-SERV. GERAIS'!A97="CCU",VLOOKUP('036.01-20-SERV. GERAIS'!C97,'036-20-CCU''s'!$B$9:$H$1962,7,0))))) -> 0.48409103 | H97: =BDI_O.A.E!$H$22 -> 0.182011 | I97: =F97*(G97*(1+H97)) -> 1996.9812 | K97: =F97*(G97*(1+H97)) -> 1996.9812 | M97: DISTÂNCIA MÉDIA NOVACAP/PONTE JK - 20KM
B98: 03. 01.500 | D98: BLOCOS DE FUNDAÇÕES B9, B10, B11 e B12 | K98: =F98*(G98*(1+H98)) -> 0
B99: 03. 01.501 | D99: LIMPEZA E PREPARO PARA INJEÇÃO | K99: =F99*(G99*(1+H99)) -> 0
A100: CCU | B100: 03.01.501.1 | C100: 4915639 | D100: =IF(A100="SERVIÇO",VLOOKUP(C100,SERVIÇOS!$A$6:$D$7645,2,0),IF(A100="INSUMO",VLOOKUP(C100,INSUMOS!$A$6:$D$6961,2,0),IF('036.01-20-SERV. GERAIS'!A100="COTAÇÃO",VLOOKUP('036.01-20-SERV. GERAIS'!C100,'036-20-Cotação'!$A$9:$G$529,2,0),IF('036.01-20-SERV. GERAIS'!A100="CCU",VLOOKUP('036.01-20-SERV. GERAIS'!C100,'036-20-CCU''s'!$B$9:$H$1962,2,0))))) -> LIMPEZA EM SUPERFÍCIE DE CONCRETO COM ESCOVA DE AÇO | E100: =IF(A100="SERVIÇO",VLOOKUP(C100,SERVIÇOS!$A$6:$D$7645,3,0),IF(A100="INSUMO",VLOOKUP(C100,INSUMOS!$A$6:$D$6961,3,0),IF('036.01-20-SERV. GERAIS'!A100="COTAÇÃO",VLOOKUP('036.01-20-SERV. GERAIS'!C100,'036-20-Cotação'!$A$9:$G$529,4,0),IF('036.01-20-SERV. GERAIS'!A100="CCU",VLOOKUP('036.01-20-SERV. GERAIS'!C100,'036-20-CCU''s'!$B$9:$H$1962,4,0))))) -> M2 | F100: 94.93 | G100: =IF(A100="SERVIÇO",VLOOKUP(C100,SERVIÇOS!$A$6:$D$7645,4,0),IF(A100="INSUMO",VLOOKUP(C100,INSUMOS!$A$6:$D$6961,4,0),IF('036.01-20-SERV. GERAIS'!A100="COTAÇÃO",VLOOKUP('036.01-20-SERV. GERAIS'!C100,'036-20-Cotação'!$A$9:$G$529,3,0),IF('036.01-20-SERV. GERAIS'!A100="CCU",VLOOKUP('036.01-20-SERV. GERAIS'!C100,'036-20-CCU''s'!$B$9:$H$1962,7,0))))) -> 3.1275 | H100: =BDI_O.A.E!$H$22 -> 0.182011 | I100: =F100*(G100*(1+H100)) -> 350.93147 | K100: =F100*(G100*(1+H100)) -> 350.93147
A101: CCU | B101: 03.01.501.2 | C101: CCU - 03.086 | D101: =IF(A101="SERVIÇO",VLOOKUP(C101,SERVIÇOS!$A$6:$D$7645,2,0),IF(A101="INSUMO",VLOOKUP(C101,INSUMOS!$A$6:$D$6961,2,0),IF('036.01-20-SERV. GERAIS'!A101="COTAÇÃO",VLOOKUP('036.01-20-SERV. GERAIS'!C101,'036-20-Cotação'!$A$9:$G$529,2,0),IF('036.01-20-SERV. GERAIS'!A101="CCU",VLOOKUP('036.01-20-SERV. GERAIS'!C101,'036-20-CCU''s'!$B$9:$H$1962,2,0))))) -> ABERTURA DE CAVIDADE EM CONCRETO, COM O EMPREGO DE MÁQUINA DE CORTE E DISCO ADIAMANTADO | E101: =IF(A101="SERVIÇO",VLOOKUP(C101,SERVIÇOS!$A$6:$D$7645,3,0),IF(A101="INSUMO",VLOOKUP(C101,INSUMOS!$A$6:$D$6961,3,0),IF('036.01-20-SERV. GERAIS'!A101="COTAÇÃO",VLOOKUP('036.01-20-SERV. GERAIS'!C101,'036-20-Cotação'!$A$9:$G$529,4,0),IF('036.01-20-SERV. GERAIS'!A101="CCU",VLOOKUP('036.01-20-SERV. GERAIS'!C101,'036-20-CCU''s'!$B$9:$H$1962,4,0))))) -> M | F101: 316.1 | G101: =IF(A101="SERVIÇO",VLOOKUP(C101,SERVIÇOS!$A$6:$D$7645,4,0),IF(A101="INSUMO",VLOOKUP(C101,INSUMOS!$A$6:$D$6961,4,0),IF('036.01-20-SERV. GERAIS'!A101="COTAÇÃO",VLOOKUP('036.01-20-SERV. GERAIS'!C101,'036-20-Cotação'!$A$9:$G$529,3,0),IF('036.01-20-SERV. GERAIS'!A101="CCU",VLOOKUP('036.01-20-SERV. GERAIS'!C101,'036-20-CCU''s'!$B$9:$H$1962,7,0))))) -> 4.0309375 | H101: =BDI_O.A.E!$H$22 -> 0.182011 | I101: =F101*(G101*(1+H101)) -> 1506.094 | K101: =F101*(G101*(1+H101)) -> 1506.094 | M101: =F101*0.01*1 -> 3.161
A102: CCU | B102: 03.01.501.3 | C102: CCU - 03.087 | D102: =IF(A102="SERVIÇO",VLOOKUP(C102,SERVIÇOS!$A$6:$D$7645,2,0),IF(A102="INSUMO",VLOOKUP(C102,INSUMOS!$A$6:$D$6961,2,0),IF('036.01-20-SERV. GERAIS'!A102="COTAÇÃO",VLOOKUP('036.01-20-SERV. GERAIS'!C102,'036-20-Cotação'!$A$9:$G$529,2,0),IF('036.01-20-SERV. GERAIS'!A102="CCU",VLOOKUP('036.01-20-SERV. GERAIS'!C102,'036-20-CCU''s'!$B$9:$H$1962,2,0))))) -> LIMPEZA DE SUPERFÍCIE COM JATO DE AR | E102: =IF(A102="SERVIÇO",VLOOKUP(C102,SERVIÇOS!$A$6:$D$7645,3,0),IF(A102="INSUMO",VLOOKUP(C102,INSUMOS!$A$6:$D$6961,3,0),IF('036.01-20-SERV. GERAIS'!A102="COTAÇÃO",VLOOKUP('036.01-20-SERV. GERAIS'!C102,'036-20-Cotação'!$A$9:$G$529,4,0),IF('036.01-20-SERV. GERAIS'!A102="CCU",VLOOKUP('036.01-20-SERV. GERAIS'!C102,'036-20-CCU''s'!$B$9:$H$1962,4,0))))) -> M2 | F102: 94.93 | G102: =IF(A102="SERVIÇO",VLOOKUP(C102,SERVIÇOS!$A$6:$D$7645,4,0),IF(A102="INSUMO",VLOOKUP(C102,INSUMOS!$A$6:$D$6961,4,0),IF('036.01-20-SERV. GERAIS'!A102="COTAÇÃO",VLOOKUP('036.01-20-SERV. GERAIS'!C102,'036-20-Cotação'!$A$9:$G$529,3,0),IF('036.01-20-SERV. GERAIS'!A102="CCU",VLOOKUP('036.01-20-SERV. GERAIS'!C102,'036-20-CCU''s'!$B$9:$H$1962,7,0))))) -> 1.630692 | H102: =BDI_O.A.E!$H$22 -> 0.182011 | I102: =F102*(G102*(1+H102)) -> 182.97718 | K102: =F102*(G102*(1+H102)) -> 182.97718
...

Sheet 036.02-20-CANTEIRO.
B2: GOVERNO DO DISTRITO FEDERAL
B3: SECRETARIA DE ESTADO DE INFRAESTRUTURA E SERVIÇOS PÚBLICOS
B4: COMPANHIA URBANIZADORA DA NOVA CAPITAL DO BRASIL
B5: PLANILHA ESTIMATIVA DOS SERVIÇOS DE IMPLANTAÇÃO DO CANTEIRO DE OBRAS
B6: Nº ESTIMATIVA PARCIAL: | D6: 036.02/2020-SEORÇA-SDS | H6: DATA: | I6: ='036-20-CAPA'!C19 -> 44370
B7: NOME ESTIMATIVA PARCIAL: | D7: CONTRATAÇÃO DE EMPRESA DE ENGENHARIA PARA EXECUÇÃO DE OBRA DE REVITALIZAÇÃO DA PONTE JK, INCLUINDO ELABORAÇÃO DE PROJETOS EXECUTIVOS | H7: Nº PROJETO: | I7: PROJ-DE-018-20
B8: ENDEREÇO: | C8: EQNP 16/20 AE, Lotes E,F e G - CEILÂNDIA - DF | D8: LAGO PARANOÁ, LIGAÇÃO DA SHIS QL 26 DO LAGO SUL AO SCES TRECHO 02 DO PLANO PILOTO | H8: ÁREA: | I8: 28.800,00 m²
B9: ENCARGOS TRABALHISTAS: | D9: Conforme - DF 01-2020 Relatório de Mão de Obra SICRO/SINAPI | E9: B.D.I. : | F9: 18,20% e 10,89% | H9: TAB. REF.: | I9: SICRO Jan 2020-SINAPI Jan 2020
B11: ITEM | C11: CÓDIGO | D11: DESCRIÇÃO | E11: UNID. | F11: QUANT. | G11: CUSTO UNIT. (R$) | H11: BDI APLICADO | I11: PREÇO TOTAL COM BDI (R$)
B12: 02.00.000 | D12: SERVIÇOS PRELIMINARES | K12: =G12*F12 -> 0
B13: 02.01.000 | D13: CANTEIRO DE OBRAS | K13: =G13*F13 -> 0
B14: 02.01.100 | D14: CONSTRUÇÕES PROVISÓRIAS | K14: =G14*F14 -> 0
B15: 02.01.101 | D15: ESCRITÓRIOS | K15: =G15*F15 -> 0
A16: SERVIÇO | B16: 02.01.101.1 | C16: 93207 | D16: =IF(A16="SERVIÇO",VLOOKUP(C16,SERVIÇOS!$A$6:$D$7645,2,0),IF(A16="INSUMO",VLOOKUP(C16,INSUMOS!$A$6:$D$6961,2,0),IF('036.02-20-CANTEIRO.'!A16="COTAÇÃO",VLOOKUP('036.02-20-CANTEIRO.'!C16,'036-20-Cotação'!$A$9:$G$529,2,0),IF('036.02-20-CANTEIRO.'!A16="CCU",VLOOKUP('036.02-20-CANTEIRO.'!C16,'036-20-CCU''s'!$B$9:$H$1962,2,0)))))&" - ESCRITÓRIO CONSTRUTOR" -> EXECUÇÃO DE ESCRITÓRIO EM CANTEIRO DE OBRA EM CHAPA DE MADEIRA COMPENSADA, NÃO INCLUSO MOBILIÁRIO E EQUIPAMENTOS. AF_02/2016 - ESCRITÓRIO CONSTRUTOR | E16: =IF(A16="SERVIÇO",VLOOKUP(C16,SERVIÇOS!$A$6:$D$7645,3,0),IF(A16="INSUMO",VLOOKUP(C16,INSUMOS!$A$6:$D$6961,3,0),IF('036.02-20-CANTEIRO.'!A16="COTAÇÃO",VLOOKUP('036.02-20-CANTEIRO.'!C16,'036-20-Cotação'!$A$9:$G$529,4,0),IF('036.02-20-CANTEIRO.'!A16="CCU",VLOOKUP('036.02-20-CANTEIRO.'!C16,'036-20-CCU''s'!$B$9:$H$1962,4,0))))) -> M2 | F16: 45 | G16: =IF(A16="SERVIÇO",VLOOKUP(C16,SERVIÇOS!$A$6:$D$7645,4,0),IF(A16="INSUMO",VLOOKUP(C16,INSUMOS!$A$6:$D$6961,4,0),IF('036.02-20-CANTEIRO.'!A16="COTAÇÃO",VLOOKUP('036.02-20-CANTEIRO.'!C16,'036-20-Cotação'!$A$9:$G$529,3,0),IF('036.02-20-CANTEIRO.'!A16="CCU",VLOOKUP('036.02-20-CANTEIRO.'!C16,'036-20-CCU''s'!$B$9:$H$1962,7,0))))) -> 772,07 | H16: =BDI_O.A.E!$H$22 -> 0.182011 | I16: =F16*(G16*(1+H16)) -> 41066.786 | K16: =F16*(G16*(1+H16)) -> 41066.786
A17: SERVIÇO | B17: 02.01.101.2 | C17: 93207 | D17: =IF(A17="SERVIÇO",VLOOKUP(C17,SERVIÇOS!$A$6:$D$7645,2,0),IF(A17="INSUMO",VLOOKUP(C17,INSUMOS!$A$6:$D$6961,2,0),IF('036.02-20-CANTEIRO.'!A17="COTAÇÃO",VLOOKUP('036.02-20-CANTEIRO.'!C17,'036-20-Cotação'!$A$9:$G$529,2,0),IF('036.02-20-CANTEIRO.'!A17="CCU",VLOOKUP('036.02-20-CANTEIRO.'!C17,'036-20-CCU''s'!$B$9:$H$1962,2,0)))))&" - ESCRITÓRIO CONSULTOR" -> EXECUÇÃO DE ESCRITÓRIO EM CANTEIRO DE OBRA EM CHAPA DE MADEIRA COMPENSADA, NÃO INCLUSO MOBILIÁRIO E EQUIPAMENTOS. AF_02/2016 - ESCRITÓRIO CONSULTOR | E17: =IF(A17="SERVIÇO",VLOOKUP(C17,SERVIÇOS!$A$6:$D$7645,3,0),IF(A17="INSUMO",VLOOKUP(C17,INSUMOS!$A$6:$D$6961,3,0),IF('036.02-20-CANTEIRO.'!A17="COTAÇÃO",VLOOKUP('036.02-20-CANTEIRO.'!C17,'036-20-Cotação'!$A$9:$G$529,4,0),IF('036.02-20-CANTEIRO.'!A17="CCU",VLOOKUP('036.02-20-CANTEIRO.'!C17,'036-20-CCU''s'!$B$9:$H$1962,4,0))))) -> M2 | F17: 15 | G17: =IF(A17="SERVIÇO",VLOOKUP(C17,SERVIÇOS!$A$6:$D$7645,4,0),IF(A17="INSUMO",VLOOKUP(C17,INSUMOS!$A$6:$D$6961,4,0),IF('036.02-20-CANTEIRO.'!A17="COTAÇÃO",VLOOKUP('036.02-20-CANTEIRO.'!C17,'036-20-Cotação'!$A$9:$G$529,3,0),IF('036.02-20-CANTEIRO.'!A17="CCU",VLOOKUP('036.02-20-CANTEIRO.'!C17,'036-20-CCU''s'!$B$9:$H$1962,7,0))))) -> 772,07 | H17: =BDI_O.A.E!$H$22 -> 0.182011 | I17: =F17*(G17*(1+H17)) -> 13688.929 | K17: =F17*(G17*(1+H17)) -> 13688.929
A18: SERVIÇO | B18: 02.01.101.3 | C18: 93207 | D18: =IF(A18="SERVIÇO",VLOOKUP(C18,SERVIÇOS!$A$6:$D$7645,2,0),IF(A18="INSUMO",VLOOKUP(C18,INSUMOS!$A$6:$D$6961,2,0),IF('036.02-20-CANTEIRO.'!A18="COTAÇÃO",VLOOKUP('036.02-20-CANTEIRO.'!C18,'036-20-Cotação'!$A$9:$G$529,2,0),IF('036.02-20-CANTEIRO.'!A18="CCU",VLOOKUP('036.02-20-CANTEIRO.'!C18,'036-20-CCU''s'!$B$9:$H$1962,2,0)))))&" - ESCRITÓRIO FISCALIZAÇÃO" -> EXECUÇÃO DE ESCRITÓRIO EM CANTEIRO DE OBRA EM CHAPA DE MADEIRA COMPENSADA, NÃO INCLUSO MOBILIÁRIO E EQUIPAMENTOS. AF_02/2016 - ESCRITÓRIO FISCALIZAÇÃO | E18: =IF(A18="SERVIÇO",VLOOKUP(C18,SERVIÇOS!$A$6:$D$7645,3,0),IF(A18="INSUMO",VLOOKUP(C18,INSUMOS!$A$6:$D$6961,3,0),IF('036.02-20-CANTEIRO.'!A18="COTAÇÃO",VLOOKUP('036.02-20-CANTEIRO.'!C18,'036-20-Cotação'!$A$9:$G$529,4,0),IF('036.02-20-CANTEIRO.'!A18="CCU",VLOOKUP('036.02-20-CANTEIRO.'!C18,'036-20-CCU''s'!$B$9:$H$1962,4,0))))) -> M2 | F18: 20 | G18: =IF(A18="SERVIÇO",VLOOKUP(C18,SERVIÇOS!$A$6:$D$7645,4,0),IF(A18="INSUMO",VLOOKUP(C18,INSUMOS!$A$6:$D$6961,4,0),IF('036.02-20-CANTEIRO.'!A18="COTAÇÃO",VLOOKUP('036.02-20-CANTEIRO.'!C18,'036-20-Cotação'!$A$9:$G$529,3,0),IF('036.02-20-CANTEIRO.'!A18="CCU",VLOOKUP('036.02-20-CANTEIRO.'!C18,'036-20-CCU''s'!$B$9:$H$1962,7,0))))) -> 772,07 | H18: =BDI_O.A.E!$H$22 -> 0.182011 | I18: =F18*(G18*(1+H18)) -> 18251.905 | K18: =F18*(G18*(1+H18)) -> 18251.905
B19: 02.01.102 | D19: DEPÓSITOS | K19: =F19*(G19*(1+H19)) -> 0
A20: SERVIÇO | B20: 02.01.102.1 | C20: 93208 | D20: =IF(A20="SERVIÇO",VLOOKUP(C20,SERVIÇOS!$A$6:$D$7645,2,0),IF(A20="INSUMO",VLOOKUP(C20,INSUMOS!$A$6:$D$6961,2,0),IF('036.02-20-CANTEIRO.'!A20="COTAÇÃO",VLOOKUP('036.02-20-CANTEIRO.'!C20,'036-20-Cotação'!$A$9:$G$529,2,0),IF('036.02-20-CANTEIRO.'!A20="CCU",VLOOKUP('036.02-20-CANTEIRO.'!C20,'036-20-CCU''s'!$B$9:$H$1962,2,0)))))&" - ALMOXARIFADO E DEPÓSITO DE CIMENTO" -> EXECUÇÃO DE ALMOXARIFADO EM CANTEIRO DE OBRA EM CHAPA DE MADEIRA COMPENSADA, INCLUSO PRATELEIRAS. AF_02/2016 - ALMOXARIFADO E DEPÓSITO DE CIMENTO | E20: =IF(A20="SERVIÇO",VLOOKUP(C20,SERVIÇOS!$A$6:$D$7645,3,0),IF(A20="INSUMO",VLOOKUP(C20,INSUMOS!$A$6:$D$6961,3,0),IF('036.02-20-CANTEIRO.'!A20="COTAÇÃO",VLOOKUP('036.02-20-CANTEIRO.'!C20,'036-20-Cotação'!$A$9:$G$529,4,0),IF('036.02-20-CANTEIRO.'!A20="CCU",VLOOKUP('036.02-20-CANTEIRO.'!C20,'036-20-CCU''s'!$B$9:$H$1962,4,0))))) -> M2 | F20: 50 | G20: =IF(A20="SERVIÇO",VLOOKUP(C20,SERVIÇOS!$A$6:$D$7645,4,0),IF(A20="INSUMO",VLOOKUP(C20,INSUMOS!$A$6:$D$6961,4,0),IF('036.02-20-CANTEIRO.'!A20="COTAÇÃO",VLOOKUP('036.02-20-CANTEIRO.'!C20,'036-20-Cotação'!$A$9:$G$529,3,0),IF('036.02-20-CANTEIRO.'!A20="CCU",VLOOKUP('036.02-20-CANTEIRO.'!C20,'036-20-CCU''s'!$B$9:$H$1962,7,0))))) -> 595,28 | H20: =BDI_O.A.E!$H$22 -> 0.182011 | I20: =F20*(G20*(1+H20)) -> 35181.375 | K20: =F20*(G20*(1+H20)) -> 35181.375
A21: CCU | B21: 02.01.102.2 | C21: CCU - 02.001 | D21: =IF(A21="SERVIÇO",VLOOKUP(C21,SERVIÇOS!$A$6:$D$7645,2,0),IF(A21="INSUMO",VLOOKUP(C21,INSUMOS!$A$6:$D$6961,2,0),IF('036.02-20-CANTEIRO.'!A21="COTAÇÃO",VLOOKUP('036.02-20-CANTEIRO.'!C21,'036-20-Cotação'!$A$9:$G$529,2,0),IF('036.02-20-CANTEIRO.'!A21="CCU",VLOOKUP('036.02-20-CANTEIRO.'!C21,'036-20-CCU''s'!$B$9:$H$1962,2,0))))) -> EXECUÇÃO DE ÁREA DE DESCARGA E DEPOSITO DE MATERIAIS DIVERSOS | E21: =IF(A21="SERVIÇO",VLOOKUP(C21,SERVIÇOS!$A$6:$D$7645,3,0),IF(A21="INSUMO",VLOOKUP(C21,INSUMOS!$A$6:$D$6961,3,0),IF('036.02-20-CANTEIRO.'!A21="COTAÇÃO",VLOOKUP('036.02-20-CANTEIRO.'!C21,'036-20-Cotação'!$A$9:$G$529,4,0),IF('036.02-20-CANTEIRO.'!A21="CCU",VLOOKUP('036.02-20-CANTEIRO.'!C21,'036-20-CCU''s'!$B$9:$H$1962,4,0))))) -> M2 | F21: 108 | G21: =IF(A21="SERVIÇO",VLOOKUP(C21,SERVIÇOS!$A$6:$D$7645,4,0),IF(A21="INSUMO",VLOOKUP(C21,INSUMOS!$A$6:$D$6961,4,0),IF('036.02-20-CANTEIRO.'!A21="COTAÇÃO",VLOOKUP('036.02-20-CANTEIRO.'!C21,'036-20-Cotação'!$A$9:$G$529,3,0),IF('036.02-20-CANTEIRO.'!A21="CCU",VLOOKUP('036.02-20-CANTEIRO.'!C21,'036-20-CCU''s'!$B$9:$H$1962,7,0))))) -> 192.81 | H21: =BDI_O.A.E!$H$22 -> 0.182011 | I21: =F21*(G21*(1+H21)) -> 24613.582 | K21: =F21*(G21*(1+H21)) -> 24613.582
B22: 02.01.103 | D22: REFEITÓRIOS | K22: =F22*(G22*(1+H22)) -> 0
A23: SERVIÇO | B23: 02.01.103.1 | C23: 93210 | D23: =IF(A23="SERVIÇO",VLOOKUP(C23,SERVIÇOS!$A$6:$D$7645,2,0),IF(A23="INSUMO",VLOOKUP(C23,INSUMOS!$A$6:$D$6961,2,0),IF('036.02-20-CANTEIRO.'!A23="COTAÇÃO",VLOOKUP('036.02-20-CANTEIRO.'!C23,'036-20-Cotação'!$A$9:$G$529,2,0),IF('036.02-20-CANTEIRO.'!A23="CCU",VLOOKUP('036.02-20-CANTEIRO.'!C23,'036-20-CCU''s'!$B$9:$H$1962,2,0))))) -> EXECUÇÃO DE REFEITÓRIO EM CANTEIRO DE OBRA EM CHAPA DE MADEIRA COMPENSADA, NÃO INCLUSO MOBILIÁRIO E EQUIPAMENTOS. AF_02/2016 | E23: =IF(A23="SERVIÇO",VLOOKUP(C23,SERVIÇOS!$A$6:$D$7645,3,0),IF(A23="INSUMO",VLOOKUP(C23,INSUMOS!$A$6:$D$6961,3,0),IF('036.02-20-CANTEIRO.'!A23="COTAÇÃO",VLOOKUP('036.02-20-CANTEIRO.'!C23,'036-20-Cotação'!$A$9:$G$529,4,0),IF('036.02-20-CANTEIRO.'!A23="CCU",VLOOKUP('036.02-20-CANTEIRO.'!C23,'036-20-CCU''s'!$B$9:$H$1962,4,0))))) -> M2 | F23: 24 | G23: =IF(A23="SERVIÇO",VLOOKUP(C23,SERVIÇOS!$A$6:$D$7645,4,0),IF(A23="INSUMO",VLOOKUP(C23,INSUMOS!$A$6:$D$6961,4,0),IF('036.02-20-CANTEIRO.'!A23="COTAÇÃO",VLOOKUP('036.02-20-CANTEIRO.'!C23,'036-20-Cotação'!$A$9:$G$529,3,0),IF('036.02-20-CANTEIRO.'!A23="CCU",VLOOKUP('036.02-20-CANTEIRO.'!C23,'036-20-CCU''s'!$B$9:$H$1962,7,0))))) -> 388,42 | H23: =BDI_O.A.E!$H$22 -> 0.182011 | I23: =F23*(G23*(1+H23)) -> 11018.801 | K23: =F23*(G23*(1+H23)) -> 11018.801
B24: 02.01.104 | D24: SANITÁRIOS E VESTIÁRIOS | K24: =F24*(G24*(1+H24)) -> 0
A25: SERVIÇO | B25: 02.01.104.1 | C25: 93212 | D25: =IF(A25="SERVIÇO",VLOOKUP(C25,SERVIÇOS!$A$6:$D$7645,2,0),IF(A25="INSUMO",VLOOKUP(C25,INSUMOS!$A$6:$D$6961,2,0),IF('036.02-20-CANTEIRO.'!A25="COTAÇÃO",VLOOKUP('036.02-20-CANTEIRO.'!C25,'036-20-Cotação'!$A$9:$G$529,2,0),IF('036.02-20-CANTEIRO.'!A25="CCU",VLOOKUP('036.02-20-CANTEIRO.'!C25,'036-20-CCU''s'!$B$9:$H$1962,2,0))))) -> EXECUÇÃO DE SANITÁRIO E VESTIÁRIO EM CANTEIRO DE OBRA EM CHAPA DE MADEIRA COMPENSADA, NÃO INCLUSO MOBILIÁRIO. AF_02/2016 | E25: =IF(A25="SERVIÇO",VLOOKUP(C25,SERVIÇOS!$A$6:$D$7645,3,0),IF(A25="INSUMO",VLOOKUP(C25,INSUMOS!$A$6:$D$6961,3,0),IF('036.02-20-CANTEIRO.'!A25="COTAÇÃO",VLOOKUP('036.02-20-CANTEIRO.'!C25,'036-20-Cotação'!$A$9:$G$529,4,0),IF('036.02-20-CANTEIRO.'!A25="CCU",VLOOKUP('036.02-20-CANTEIRO.'!C25,'036-20-CCU''s'!$B$9:$H$1962,4,0))))) -> M2 | F25: 40 | G25: =IF(A25="SERVIÇO",VLOOKUP(C25,SERVIÇOS!$A$6:$D$7645,4,0),IF(A25="INSUMO",VLOOKUP(C25,INSUMOS!$A$6:$D$6961,4,0),IF('036.02-20-CANTEIRO.'!A25="COTAÇÃO",VLOOKUP('036.02-20-CANTEIRO.'!C25,'036-20-Cotação'!$A$9:$G$529,3,0),IF('036.02-20-CANTEIRO.'!A25="CCU",VLOOKUP('036.02-20-CANTEIRO.'!C25,'036-20-CCU''s'!$B$9:$H$1962,7,0))))) -> 687,78 | H25: =BDI_O.A.E!$H$22 -> 0.182011 | I25: =F25*(G25*(1+H25)) -> 32518.541 | K25: =F25*(G25*(1+H25)) -> 32518.541
A26: COTAÇÃO | B26: 02.01.104.2 | C26: COTAÇÃO-001 | D26: =IF(A26="SERVIÇO",VLOOKUP(C26,SERVIÇOS!$A$6:$D$7645,2,0),IF(A26="INSUMO",VLOOKUP(C26,INSUMOS!$A$6:$D$6961,2,0),IF('036.02-20-CANTEIRO.'!A26="COTAÇÃO",VLOOKUP('036.02-20-CANTEIRO.'!C26,'036-20-Cotação'!$A$9:$G$529,2,0),IF('036.02-20-CANTEIRO.'!A26="CCU",VLOOKUP('036.02-20-CANTEIRO.'!C26,'036-20-CCU''s'!$B$9:$H$1962,2,0))))) -> LOCAÇÃO DE BANHEIRO ECOLOGICO PARA CANTEIRO DE OBRAS - 2 UNDIDADES | E26: =IF(A26="SERVIÇO",VLOOKUP(C26,SERVIÇOS!$A$6:$D$7645,3,0),IF(A26="INSUMO",VLOOKUP(C26,INSUMOS!$A$6:$D$6961,3,0),IF('036.02-20-CANTEIRO.'!A26="COTAÇÃO",VLOOKUP('036.02-20-CANTEIRO.'!C26,'036-20-Cotação'!$A$9:$G$529,4,0),IF('036.02-20-CANTEIRO.'!A26="CCU",VLOOKUP('036.02-20-CANTEIRO.'!C26,'036-20-CCU''s'!$B$9:$H$1962,4,0))))) -> MÊS | F26: 14 | G26: =IF(A26="SERVIÇO",VLOOKUP(C26,SERVIÇOS!$A$6:$D$7645,4,0),IF(A26="INSUMO",VLOOKUP(C26,INSUMOS!$A$6:$D$6961,4,0),IF('036.02-20-CANTEIRO.'!A26="COTAÇÃO",VLOOKUP('036.02-20-CANTEIRO.'!C26,'036-20-Cotação'!$A$9:$G$529,3,0),IF('036.02-20-CANTEIRO.'!A26="CCU",VLOOKUP('036.02-20-CANTEIRO.'!C26,'036-20-CCU''s'!$B$9:$H$1962,7,0))))) -> 1100 | H26: =BDI_Equipamentos!$H$22 -> 0.1089062 | I26: =F26*(G26*(1+H26)) -> 17077.155 | K26: =F26*(G26*(1+H26)) -> 17077.155
B27: 02.01.105 | D27: GUARITAS | K27: =F27*(G27*(1+H27)) -> 0
A28: SERVIÇO | B28: 02.01.105.1 | C28: 93585 | D28: =IF(A28="SERVIÇO",VLOOKUP(C28,SERVIÇOS!$A$6:$D$7645,2,0),IF(A28="INSUMO",VLOOKUP(C28,INSUMOS!$A$6:$D$6961,2,0),IF('036.02-20-CANTEIRO.'!A28="COTAÇÃO",VLOOKUP('036.02-20-CANTEIRO.'!C28,'036-20-Cotação'!$A$9:$G$529,2,0),IF('036.02-20-CANTEIRO.'!A28="CCU",VLOOKUP('036.02-20-CANTEIRO.'!C28,'036-20-CCU''s'!$B$9:$H$1962,2,0))))) -> EXECUÇÃO DE GUARITA EM CANTEIRO DE OBRA EM CHAPA DE MADEIRA COMPENSADA, NÃO INCLUSO MOBILIÁRIO. AF_04/2016 | E28: =IF(A28="SERVIÇO",VLOOKUP(C28,SERVIÇOS!$A$6:$D$7645,3,0),IF(A28="INSUMO",VLOOKUP(C28,INSUMOS!$A$6:$D$6961,3,0),IF('036.02-20-CANTEIRO.'!A28="COTAÇÃO",VLOOKUP('036.02-20-CANTEIRO.'!C28,'036-20-Cotação'!$A$9:$G$529,4,0),IF('036.02-20-CANTEIRO.'!A28="CCU",VLOOKUP('036.02-20-CANTEIRO.'!C28,'036-20-CCU''s'!$B$9:$H$1962,4,0))))) -> M2 | F28: 6.25 | G28: =IF(A28="SERVIÇO",VLOOKUP(C28,SERVIÇOS!$A$6:$D$7645,4,0),IF(A28="INSUMO",VLOOKUP(C28,INSUMOS!$A$6:$D$6961,4,0),IF('036.02-20-CANTEIRO.'!A28="COTAÇÃO",VLOOKUP('036.02-20-CANTEIRO.'!C28,'036-20-Cotação'!$A$9:$G$529,3,0),IF('036.02-20-CANTEIRO.'!A28="CCU",VLOOKUP('036.02-20-CANTEIRO.'!C28,'036-20-CCU''s'!$B$9:$H$1962,7,0))))) -> 853,67 | H28: =BDI_O.A.E!$H$22 -> 0.182011 | I28: =F28*(G28*(1+H28)) -> 6306.5458 | K28: =F28*(G28*(1+H28)) -> 6306.5458
B29: 02.01.106 | D29: AMBULATÓRIO | K29: =F29*(G29*(1+H29)) -> 0
A30: INSUMO | B30: 02.01.106.1 | C30: 10775 | D30: =IF(A30="SERVIÇO",VLOOKUP(C30,SERVIÇOS!$A$6:$D$7645,2,0),IF(A30="INSUMO",VLOOKUP(C30,INSUMOS!$A$6:$D$6961,2,0),IF('036.02-20-CANTEIRO.'!A30="COTAÇÃO",VLOOKUP('036.02-20-CANTEIRO.'!C30,'036-20-Cotação'!$A$9:$G$529,2,0),IF('036.02-20-CANTEIRO.'!A30="CCU",VLOOKUP('036.02-20-CANTEIRO.'!C30,'036-20-CCU''s'!$B$9:$H$1962,2,0))))) -> LOCACAO DE CONTAINER 2,30 X 6,00 M, ALT. 2,50 M, COM 1 SANITARIO, PARA ESCRITORIO, COMPLETO, SEM DIVISORIAS INTERNAS | E30: =IF(A30="SERVIÇO",VLOOKUP(C30,SERVIÇOS!$A$6:$D$7645,3,0),IF(A30="INSUMO",VLOOKUP(C30,INSUMOS!$A$6:$D$6961,3,0),IF('036.02-20-CANTEIRO.'!A30="COTAÇÃO",VLOOKUP('036.02-20-CANTEIRO.'!C30,'036-20-Cotação'!$A$9:$G$529,4,0),IF('036.02-20-CANTEIRO.'!A30="CCU",VLOOKUP('036.02-20-CANTEIRO.'!C30,'036-20-CCU''s'!$B$9:$H$1962,4,0))))) -> MES | F30: 17 | G30: =IF(A30="SERVIÇO",VLOOKUP(C30,SERVIÇOS!$A$6:$D$7645,4,0),IF(A30="INSUMO",VLOOKUP(C30,INSUMOS!$A$6:$D$6961,4,0),IF('036.02-20-CANTEIRO.'!A30="COTAÇÃO",VLOOKUP('036.02-20-CANTEIRO.'!C30,'036-20-Cotação'!$A$9:$G$529,3,0),IF('036.02-20-CANTEIRO.'!A30="CCU",VLOOKUP('036.02-20-CANTEIRO.'!C30,'036-20-CCU''s'!$B$9:$H$1962,7,0))))) -> 515,00 | H30: =BDI_Equipamentos!$H$22 -> 0.1089062 | I30: =F30*(G30*(1+H30)) -> 9708.4738 | K30: =F30*(G30*(1+H30)) -> 9708.4738
B31: 02.01.107 | D31: CENTRAIS DE PRODUÇÃO | K31: =F31*(G31*(1+H31)) -> 0
B32: 02.01.107.1 | D32: CENTRAL DE CARPINTARIA | K32: =F32*(G32*(1+H32)) -> 0
A33: SERVIÇO | B33: 02.01.107.1.1 | C33: 93583 | D33: =IF(A33="SERVIÇO",VLOOKUP(C33,SERVIÇOS!$A$6:$D$7645,2,0),IF(A33="INSUMO",VLOOKUP(C33,INSUMOS!$A$6:$D$6961,2,0),IF('036.02-20-CANTEIRO.'!A33="COTAÇÃO",VLOOKUP('036.02-20-CANTEIRO.'!C33,'036-20-Cotação'!$A$9:$G$529,2,0),IF('036.02-20-CANTEIRO.'!A33="CCU",VLOOKUP('036.02-20-CANTEIRO.'!C33,'036-20-CCU''s'!$B$9:$H$1962,2,0))))) -> EXECUÇÃO DE CENTRAL DE FÔRMAS, PRODUÇÃO DE ARGAMASSA OU CONCRETO EM CANTEIRO DE OBRA, NÃO INCLUSO MOBILIÁRIO E EQUIPAMENTOS. AF_04/2016 | E33: =IF(A33="SERVIÇO",VLOOKUP(C33,SERVIÇOS!$A$6:$D$7645,3,0),IF(A33="INSUMO",VLOOKUP(C33,INSUMOS!$A$6:$D$6961,3,0),IF('036.02-20-CANTEIRO.'!A33="COTAÇÃO",VLOOKUP('036.02-20-CANTEIRO.'!C33,'036-20-Cotação'!$A$9:$G$529,4,0),IF('036.02-20-CANTEIRO.'!A33="CCU",VLOOKUP('036.02-20-CANTEIRO.'!C33,'036-20-CCU''s'!$B$9:$H$1962,4,0))))) -> M2 | F33: 36 | G33: =IF(A33="SERVIÇO",VLOOKUP(C33,SERVIÇOS!$A$6:$D$7645,4,0),IF(A33="INSUMO",VLOOKUP(C33,INSUMOS!$A$6:$D$6961,4,0),IF('036.02-20-CANTEIRO.'!A33="COTAÇÃO",VLOOKUP('036.02-20-CANTEIRO.'!C33,'036-20-Cotação'!$A$9:$G$529,3,0),IF('036.02-20-CANTEIRO.'!A33="CCU",VLOOKUP('036.02-20-CANTEIRO.'!C33,'036-20-CCU''s'!$B$9:$H$1962,7,0))))) -> 320,61 | H33: =BDI_O.A.E!$H$22 -> 0.182011 | I33: =F33*(G33*(1+H33)) -> 13642.724 | K33: =F33*(G33*(1+H33)) -> 13642.724
B34: 02.01.107.2 | D34: CENTRAL DE ARMADURA | K34: =F34*(G34*(1+H34)) -> 0
A35: SERVIÇO | B35: 02.01.107.2.1 | C35: 93582 | D35: =IF(A35="SERVIÇO",VLOOKUP(C35,SERVIÇOS!$A$6:$D$7645,2,0),IF(A35="INSUMO",VLOOKUP(C35,INSUMOS!$A$6:$D$6961,2,0),IF('036.02-20-CANTEIRO.'!A35="COTAÇÃO",VLOOKUP('036.02-20-CANTEIRO.'!C35,'036-20-Cotação'!$A$9:$G$529,2,0),IF('036.02-20-CANTEIRO.'!A35="CCU",VLOOKUP('036.02-20-CANTEIRO.'!C35,'036-20-CCU''s'!$B$9:$H$1962,2,0))))) -> EXECUÇÃO DE CENTRAL DE ARMADURA EM CANTEIRO DE OBRA, NÃO INCLUSO MOBILIÁRIO E EQUIPAMENTOS. AF_04/2016 | E35: =IF(A35="SERVIÇO",VLOOKUP(C35,SERVIÇOS!$A$6:$D$7645,3,0),IF(A35="INSUMO",VLOOKUP(C35,INSUMOS!$A$6:$D$6961,3,0),IF('036.02-20-CANTEIRO.'!A35="COTAÇÃO",VLOOKUP('036.02-20-CANTEIRO.'!C35,'036-20-Cotação'!$A$9:$G$529,4,0),IF('036.02-20-CANTEIRO.'!A35="CCU",VLOOKUP('036.02-20-CANTEIRO.'!C35,'036-20-CCU''s'!$B$9:$H$1962,4,0))))) -> M2 | F35: 100 | G35: =IF(A35="SERVIÇO",VLOOKUP(C35,SERVIÇOS!$A$6:$D$7645,4,0),IF(A35="INSUMO",VLOOKUP(C35,INSUMOS!$A$6:$D$6961,4,0),IF('036.02-20-CANTEIRO.'!A35="COTAÇÃO",VLOOKUP('036.02-20-CANTEIRO.'!C35,'036-20-Cotação'!$A$9:$G$529,3,0),IF('036.02-20-CANTEIRO.'!A35="CCU",VLOOKUP('036.02-20-CANTEIRO.'!C35,'036-20-CCU''s'!$B$9:$H$1962,7,0))))) -> 192,70 | H35: =BDI_O.A.E!$H$22 -> 0.182011 | I35: =F35*(G35*(1+H35)) -> 22777.352 | K35: =F35*(G35*(1+H35)) -> 22777.352
B36: 02.01.107.3 | D36: CENTRAL DE PROTENÇÃO | K36: =F36*(G36*(1+H36)) -> 0
A37: CCU | B37: 02.01.107.3.1 | C37: CCU - 02.002 | D37: =IF(A37="SERVIÇO",VLOOKUP(C37,SERVIÇOS!$A$6:$D$7645,2,0),IF(A37="INSUMO",VLOOKUP(C37,INSUMOS!$A$6:$D$6961,2,0),IF('036.02-20-CANTEIRO.'!A37="COTAÇÃO",VLOOKUP('036.02-20-CANTEIRO.'!C37,'036-20-Cotação'!$A$9:$G$529,2,0),IF('036.02-20-CANTEIRO.'!A37="CCU",VLOOKUP('036.02-20-CANTEIRO.'!C37,'036-20-CCU''s'!$B$9:$H$1962,2,0))))) -> CENTRAL DE PROTENSÃO E DEPÓSITO DE BOBINAS E TUBOS PEAD 300MM | E37: =IF(A37="SERVIÇO",VLOOKUP(C37,SERVIÇOS!$A$6:$D$7645,3,0),IF(A37="INSUMO",VLOOKUP(C37,INSUMOS!$A$6:$D$6961,3,0),IF('036.02-20-CANTEIRO.'!A37="COTAÇÃO",VLOOKUP('036.02-20-CANTEIRO.'!C37,'036-20-Cotação'!$A$9:$G$529,4,0),IF('036.02-20-CANTEIRO.'!A37="CCU",VLOOKUP('036.02-20-CANTEIRO.'!C37,'036-20-CCU''s'!$B$9:$H$1962,4,0))))) -> M2 | F37: 180 | G37: =IF(A37="SERVIÇO",VLOOKUP(C37,SERVIÇOS!$A$6:$D$7645,4,0),IF(A37="INSUMO",VLOOKUP(C37,INSUMOS!$A$6:$D$6961,4,0),IF('036.02-20-CANTEIRO.'!A37="COTAÇÃO",VLOOKUP('036.02-20-CANTEIRO.'!C37,'036-20-Cotação'!$A$9:$G$529,3,0),IF('036.02-20-CANTEIRO.'!A37="CCU",VLOOKUP('036.02-20-CANTEIRO.'!C37,'036-20-CCU''s'!$B$9:$H$1962,7,0))))) -> 192.7 | H37: =BDI_O.A.E!$H$22 -> 0.182011 | I37: =F37*(G37*(1+H37)) -> 40999.234 | K37: =F37*(G37*(1+H37)) -> 40999.234
B38: 02.01.108 | D38: ATRACADOURO/PIER | K38: =F38*(G38*(1+H38)) -> 0
A39: CCU | B39: 02.01.108.1 | C39: CCU - 02.003 | D39: =IF(A39="SERVIÇO",VLOOKUP(C39,SERVIÇOS!$A$6:$D$7645,2,0),IF(A39="INSUMO",VLOOKUP(C39,INSUMOS!$A$6:$D$6961,2,0),IF('036.02-20-CANTEIRO.'!A39="COTAÇÃO",VLOOKUP('036.02-20-CANTEIRO.'!C39,'036-20-Cotação'!$A$9:$G$529,2,0),IF('036.02-20-CANTEIRO.'!A39="CCU",VLOOKUP('036.02-20-CANTEIRO.'!C39,'036-20-CCU''s'!$B$9:$H$1962,2,0))))) -> ATRACADOURO/PIER PARA ATRACACAO DE EMBARCACOES ESTRUTURADO EM PECAS DE MADEIRA SERRADA, SENDO AS LONGARINAS DE 3 X9 E AS TRANSVERSINAS DE 3 X12 , FIXADAS POR BARRAS INOX ROSQUEADAS DE 1,00MX1/2 , ASSOALHO EM RIPAS DE MADEIRA APARELHADA DE (2,5X10)CM, FIXADAS POR PREGOS LVANIZADOS DE SECAO QUADRADA NAS DIMENSOES DE (4,38X79)MM. TODO CONJUNTO ASSENTADO SOBRE PILARES CIRCULARES COM DIAMETRO DE 40CM EM CONCRETO ESTRUTURAL FCK=20MPA, REVESTIDO EM TUBO DE PEAD RIGIDO DE 400MM. FORNECIMENTO DE TODOS MATERIAIS, COLOCACAO, INSTALACAO, TRANSPORTE, TOPOGRAFIA E MONTAGEM DE TODAS AS PECAS E ACABAMENTO FINAL. | E39: =IF(A39="SERVIÇO",VLOOKUP(C39,SERVIÇOS!$A$6:$D$7645,3,0),IF(A39="INSUMO",VLOOKUP(C39,INSUMOS!$A$6:$D$6961,3,0),IF('036.02-20-CANTEIRO.'!A39="COTAÇÃO",VLOOKUP('036.02-20-CANTEIRO.'!C39,'036-20-Cotação'!$A$9:$G$529,4,0),IF('036.02-20-CANTEIRO.'!A39="CCU",VLOOKUP('036.02-20-CANTEIRO.'!C39,'036-20-CCU''s'!$B$9:$H$1962,4,0))))) -> M2 | F39: 420 | G39: =IF(A39="SERVIÇO",VLOOKUP(C39,SERVIÇOS!$A$6:$D$7645,4,0),IF(A39="INSUMO",VLOOKUP(C39,INSUMOS!$A$6:$D$6961,4,0),IF('036.02-20-CANTEIRO.'!A39="COTAÇÃO",VLOOKUP('036.02-20-CANTEIRO.'!C39,'036-20-Cotação'!$A$9:$G$529,3,0),IF('036.02-20-CANTEIRO.'!A39="CCU",VLOOKUP('036.02-20-CANTEIRO.'!C39,'036-20-CCU''s'!$B$9:$H$1962,7,0))))) -> 620.4 | H39: =BDI_O.A.E!$H$22 -> 0.182011 | I39: =F39*(G39*(1+H39)) -> 307994.24 | K39: =F39*(G39*(1+H39)) -> 307994.24 | M39: =5800*3 -> 17400
B40: 02.01.109 | D40: LAVA RODAS | K40: =F40*(G40*(1+H40)) -> 0
A41: CCU | B41: 02.01.109.1 | C41: 919210 | D41: =IF(A41="SERVIÇO",VLOOKUP(C41,SERVIÇOS!$A$6:$D$7645,2,0),IF(A41="INSUMO",VLOOKUP(C41,INSUMOS!$A$6:$D$6961,2,0),IF('036.02-20-CANTEIRO.'!A41="COTAÇÃO",VLOOKUP('036.02-20-CANTEIRO.'!C41,'036-20-Cotação'!$A$9:$G$529,2,0),IF('036.02-20-CANTEIRO.'!A41="CCU",VLOOKUP('036.02-20-CANTEIRO.'!C41,'036-20-CCU''s'!$B$9:$H$1962,2,0))))) -> RAMPA DE LAVAGEM - INCLUSIVE DEMOLIÇÃO | E41: =IF(A41="SERVIÇO",VLOOKUP(C41,SERVIÇOS!$A$6:$D$7645,3,0),IF(A41="INSUMO",VLOOKUP(C41,INSUMOS!$A$6:$D$6961,3,0),IF('036.02-20-CANTEIRO.'!A41="COTAÇÃO",VLOOKUP('036.02-20-CANTEIRO.'!C41,'036-20-Cotação'!$A$9:$G$529,4,0),IF('036.02-20-CANTEIRO.'!A41="CCU",VLOOKUP('036.02-20-CANTEIRO.'!C41,'036-20-CCU''s'!$B$9:$H$1962,4,0))))) -> UN | F41: 1 | G41: =IF(A41="SERVIÇO",VLOOKUP(C41,SERVIÇOS!$A$6:$D$7645,4,0),IF(A41="INSUMO",VLOOKUP(C41,INSUMOS!$A$6:$D$6961,4,0),IF('036.02-20-CANTEIRO.'!A41="COTAÇÃO",VLOOKUP('036.02-20-CANTEIRO.'!C41,'036-20-Cotação'!$A$9:$G$529,3,0),IF('036.02-20-CANTEIRO.'!A41="CCU",VLOOKUP('036.02-20-CANTEIRO.'!C41,'036-20-CCU''s'!$B$9:$H$1962,7,0))))) -> 15738.202 | H41: =BDI_O.A.E!$H$22 -> 0.182011 | I41: =F41*(G41*(1+H41)) -> 18602.728 | K41: =F41*(G41*(1+H41)) -> 18602.728
K42: =F42*(G42*(1+H42)) -> 0
B43: 02.01.200 | D43: LIGAÇÕES PROVISÓRIAS | K43: =F43*(G43*(1+H43)) -> 0
B44: 02.01.201 | D44: ÁGUA | K44: =F44*(G44*(1+H44)) -> 0
A45: SERVIÇO | B45: 02.01.201.1 | C45: 94648 | D45: =IF(A45="SERVIÇO",VLOOKUP(C45,SERVIÇOS!$A$6:$D$7645,2,0),IF(A45="INSUMO",VLOOKUP(C45,INSUMOS!$A$6:$D$6961,2,0),IF('036.02-20-CANTEIRO.'!A45="COTAÇÃO",VLOOKUP('036.02-20-CANTEIRO.'!C45,'036-20-Cotação'!$A$9:$G$529,2,0),IF('036.02-20-CANTEIRO.'!A45="CCU",VLOOKUP('036.02-20-CANTEIRO.'!C45,'036-20-CCU''s'!$B$9:$H$1962,2,0))))) -> TUBO, PVC, SOLDÁVEL, DN 25 MM, INSTALADO EM RESERVAÇÃO DE ÁGUA DE EDIFICAÇÃO QUE POSSUA RESERVATÓRIO DE FIBRA/FIBROCIMENTO FORNECIMENTO E INSTALAÇÃO. AF_06/2016 | E45: =IF(A45="SERVIÇO",VLOOKUP(C45,SERVIÇOS!$A$6:$D$7645,3,0),IF(A45="INSUMO",VLOOKUP(C45,INSUMOS!$A$6:$D$6961,3,0),IF('036.02-20-CANTEIRO.'!A45="COTAÇÃO",VLOOKUP('036.02-20-CANTEIRO.'!C45,'036-20-Cotação'!$A$9:$G$529,4,0),IF('036.02-20-CANTEIRO.'!A45="CCU",VLOOKUP('036.02-20-CANTEIRO.'!C45,'036-20-CCU''s'!$B$9:$H$1962,4,0))))) -> M | F45: 45 | G45: =IF(A45="SERVIÇO",VLOOKUP(C45,SERVIÇOS!$A$6:$D$7645,4,0),IF(A45="INSUMO",VLOOKUP(C45,INSUMOS!$A$6:$D$6961,4,0),IF('036.02-20-CANTEIRO.'!A45="COTAÇÃO",VLOOKUP('036.02-20-CANTEIRO.'!C45,'036-20-Cotação'!$A$9:$G$529,3,0),IF('036.02-20-CANTEIRO.'!A45="CCU",VLOOKUP('036.02-20-CANTEIRO.'!C45,'036-20-CCU''s'!$B$9:$H$1962,7,0))))) -> 8,06 | H45: =BDI_O.A.E!$H$22 -> 0.182011 | I45: =F45*(G45*(1+H45)) -> 428.71539 | K45: =F45*(G45*(1+H45)) -> 428.71539
A46: SERVIÇO | B46: 02.01.201.2 | C46: 94649 | D46: =IF(A46="SERVIÇO",VLOOKUP(C46,SERVIÇOS!$A$6:$D$7645,2,0),IF(A46="INSUMO",VLOOKUP(C46,INSUMOS!$A$6:$D$6961,2,0),IF('036.02-20-CANTEIRO.'!A46="COTAÇÃO",VLOOKUP('036.02-20-CANTEIRO.'!C46,'036-20-Cotação'!$A$9:$G$529,2,0),IF('036.02-20-CANTEIRO.'!A46="CCU",VLOOKUP('036.02-20-CANTEIRO.'!C46,'036-20-CCU''s'!$B$9:$H$1962,2,0))))) -> TUBO, PVC, SOLDÁVEL, DN 32 MM, INSTALADO EM RESERVAÇÃO DE ÁGUA DE EDIFICAÇÃO QUE POSSUA RESERVATÓRIO DE FIBRA/FIBROCIMENTO FORNECIMENTO E INSTALAÇÃO. AF_06/2016 | E46: =IF(A46="SERVIÇO",VLOOKUP(C46,SERVIÇOS!$A$6:$D$7645,3,0),IF(A46="INSUMO",VLOOKUP(C46,INSUMOS!$A$6:$D$6961,3,0),IF('036.02-20-CANTEIRO.'!A46="COTAÇÃO",VLOOKUP('036.02-20-CANTEIRO.'!C46,'036-20-Cotação'!$A$9:$G$529,4,0),IF('036.02-20-CANTEIRO.'!A46="CCU",VLOOKUP('036.02-20-CANTEIRO.'!C46,'036-20-CCU''s'!$B$9:$H$1962,4,0))))) -> M | F46: 45 | G46: =IF(A46="SERVIÇO",VLOOKUP(C46,SERVIÇOS!$A$6:$D$7645,4,0),IF(A46="INSUMO",VLOOKUP(C46,INSUMOS!$A$6:$D$6961,4,0),IF('036.02-20-CANTEIRO.'!A46="COTAÇÃO",VLOOKUP('036.02-20-CANTEIRO.'!C46,'036-20-Cotação'!$A$9:$G$529,3,0),IF('036.02-20-CANTEIRO.'!A46="CCU",VLOOKUP('036.02-20-CANTEIRO.'!C46,'036-20-CCU''s'!$B$9:$H$1962,7,0))))) -> 11,63 | H46: =BDI_O.A.E!$H$22 -> 0.182011 | I46: =F46*(G46*(1+H46)) -> 618.60546 | K46: =F46*(G46*(1+H46)) -> 618.60546
A47: SERVIÇO | B47: 02.01.201.3 | C47: 94650 | D47: =IF(A47="SERVIÇO",VLOOKUP(C47,SERVIÇOS!$A$6:$D$7645,2,0),IF(A47="INSUMO",VLOOKUP(C47,INSUMOS!$A$6:$D$6961,2,0),IF('036.02-20-CANTEIRO.'!A47="COTAÇÃO",VLOOKUP('036.02-20-CANTEIRO.'!C47,'036-20-Cotação'!$A$9:$G$529,2,0),IF('036.02-20-CANTEIRO.'!A47="CCU",VLOOKUP('036.02-20-CANTEIRO.'!C47,'036-20-CCU''s'!$B$9:$H$1962,2,0))))) -> TUBO, PVC, SOLDÁVEL, DN 40 MM, INSTALADO EM RESERVAÇÃO DE ÁGUA DE EDIFICAÇÃO QUE POSSUA RESERVATÓRIO DE FIBRA/FIBROCIMENTO FORNECIMENTO E INSTALAÇÃO. AF_06/2016 | E47: =IF(A47="SERVIÇO",VLOOKUP(C47,SERVIÇOS!$A$6:$D$7645,3,0),IF(A47="INSUMO",VLOOKUP(C47,INSUMOS!$A$6:$D$6961,3,0),IF('036.02-20-CANTEIRO.'!A47="COTAÇÃO",VLOOKUP('036.02-20-CANTEIRO.'!C47,'036-20-Cotação'!$A$9:$G$529,4,0),IF('036.02-20-CANTEIRO.'!A47="CCU",VLOOKUP('036.02-20-CANTEIRO.'!C47,'036-20-CCU''s'!$B$9:$H$1962,4,0))))) -> M | F47: 41 | G47: =IF(A47="SERVIÇO",VLOOKUP(C47,SERVIÇOS!$A$6:$D$7645,4,0),IF(A47="INSUMO",VLOOKUP(C47,INSUMOS!$A$6:$D$6961,4,0),IF('036.02-20-CANTEIRO.'!A47="COTAÇÃO",VLOOKUP('036.02-20-CANTEIRO.'!C47,'036-20-Cotação'!$A$9:$G$529,3,0),IF('036.02-20-CANTEIRO.'!A47="CCU",VLOOKUP('036.02-20-CANTEIRO.'!C47,'036-20-CCU''s'!$B$9:$H$1962,7,0))))) -> 16,64 | H47: =BDI_O.A.E!$H$22 -> 0.182011 | I47: =F47*(G47*(1+H47)) -> 806.41519 | K47: =F47*(G47*(1+H47)) -> 806.41519
A48: SERVIÇO | B48: 02.01.201.4 | C48: 94651 | D48: =IF(A48="SERVIÇO",VLOOKUP(C48,SERVIÇOS!$A$6:$D$7645,2,0),IF(A48="INSUMO",VLOOKUP(C48,INSUMOS!$A$6:$D$6961,2,0),IF('036.02-20-CANTEIRO.'!A48="COTAÇÃO",VLOOKUP('036.02-20-CANTEIRO.'!C48,'036-20-Cotação'!$A$9:$G$529,2,0),IF('036.02-20-CANTEIRO.'!A48="CCU",VLOOKUP('036.02-20-CANTEIRO.'!C48,'036-20-CCU''s'!$B$9:$H$1962,2,0))))) -> TUBO, PVC, SOLDÁVEL, DN 50 MM, INSTALADO EM RESERVAÇÃO DE ÁGUA DE EDIFICAÇÃO QUE POSSUA RESERVATÓRIO DE FIBRA/FIBROCIMENTO FORNECIMENTO E INSTALAÇÃO. AF_06/2016 | E48: =IF(A48="SERVIÇO",VLOOKUP(C48,SERVIÇOS!$A$6:$D$7645,3,0),IF(A48="INSUMO",VLOOKUP(C48,INSUMOS!$A$6:$D$6961,3,0),IF('036.02-20-CANTEIRO.'!A48="COTAÇÃO",VLOOKUP('036.02-20-CANTEIRO.'!C48,'036-20-Cotação'!$A$9:$G$529,4,0),IF('036.02-20-CANTEIRO.'!A48="CCU",VLOOKUP('036.02-20-CANTEIRO.'!C48,'036-20-CCU''s'!$B$9:$H$1962,4,0))))) -> M | F48: 29 | G48: =IF(A48="SERVIÇO",VLOOKUP(C48,SERVIÇOS!$A$6:$D$7645,4,0),IF(A48="INSUMO",VLOOKUP(C48,INSUMOS!$A$6:$D$6961,4,0),IF('036.02-20-CANTEIRO.'!A48="COTAÇÃO",VLOOKUP('036.02-20-CANTEIRO.'!C48,'036-20-Cotação'!$A$9:$G$529,3,0),IF('036.02-20-CANTEIRO.'!A48="CCU",VLOOKUP('036.02-20-CANTEIRO.'!C48,'036-20-CCU''s'!$B$9:$H$1962,7,0))))) -> 17,98 | H48: =BDI_O.A.E!$H$22 -> 0.182011 | I48: =F48*(G48*(1+H48)) -> 616.32418 | K48: =F48*(G48*(1+H48)) -> 616.32418
A49: SERVIÇO | B49: 02.01.201.5 | C49: 94688 | D49: =IF(A49="SERVIÇO",VLOOKUP(C49,SERVIÇOS!$A$6:$D$7645,2,0),IF(A49="INSUMO",VLOOKUP(C49,INSUMOS!$A$6:$D$6961,2,0),IF('036.02-20-CANTEIRO.'!A49="COTAÇÃO",VLOOKUP('036.02-20-CANTEIRO.'!C49,'036-20-Cotação'!$A$9:$G$529,2,0),IF('036.02-20-CANTEIRO.'!A49="CCU",VLOOKUP('036.02-20-CANTEIRO.'!C49,'036-20-CCU''s'!$B$9:$H$1962,2,0))))) -> TÊ, PVC, SOLDÁVEL, DN 25 MM INSTALADO EM RESERVAÇÃO DE ÁGUA DE EDIFICAÇÃO QUE POSSUA RESERVATÓRIO DE FIBRA/FIBROCIMENTO FORNECIMENTO E INSTALAÇÃO. AF_06/2016 | E49: =IF(A49="SERVIÇO",VLOOKUP(C49,SERVIÇOS!$A$6:$D$7645,3,0),IF(A49="INSUMO",VLOOKUP(C49,INSUMOS!$A$6:$D$6961,3,0),IF('036.02-20-CANTEIRO.'!A49="COTAÇÃO",VLOOKUP('036.02-20-CANTEIRO.'!C49,'036-20-Cotação'!$A$9:$G$529,4,0),IF('036.02-20-CANTEIRO.'!A49="CCU",VLOOKUP('036.02-20-CANTEIRO.'!C49,'036-20-CCU''s'!$B$9:$H$1962,4,0))))) -> UN | F49: 2 | G49: =IF(A49="SERVIÇO",VLOOKUP(C49,SERVIÇOS!$A$6:$D$7645,4,0),IF(A49="INSUMO",VLOOKUP(C49,INSUMOS!$A$6:$D$6961,4,0),IF('036.02-20-CANTEIRO.'!A49="COTAÇÃO",VLOOKUP('036.02-20-CANTEIRO.'!C49,'036-20-Cotação'!$A$9:$G$529,3,0),IF('036.02-20-CANTEIRO.'!A49="CCU",VLOOKUP('036.02-20-CANTEIRO.'!C49,'036-20-CCU''s'!$B$9:$H$1962,7,0))))) -> 8,96 | H49: =BDI_O.A.E!$H$22 -> 0.182011 | I49: =F49*(G49*(1+H49)) -> 21.181637 | K49: =F49*(G49*(1+H49)) -> 21.181637
A50: SERVIÇO | B50: 02.01.201.6 | C50: 94690 | D50: =IF(A50="SERVIÇO",VLOOKUP(C50,SERVIÇOS!$A$6:$D$7645,2,0),IF(A50="INSUMO",VLOOKUP(C50,INSUMOS!$A$6:$D$6961,2,0),IF('036.02-20-CANTEIRO.'!A50="COTAÇÃO",VLOOKUP('036.02-20-CANTEIRO.'!C50,'036-20-Cotação'!$A$9:$G$529,2,0),IF('036.02-20-CANTEIRO.'!A50="CCU",VLOOKUP('036.02-20-CANTEIRO.'!C50,'036-20-CCU''s'!$B$9:$H$1962,2,0))))) -> TÊ, PVC, SOLDÁVEL, DN 32 MM INSTALADO EM RESERVAÇÃO DE ÁGUA DE EDIFICAÇÃO QUE POSSUA RESERVATÓRIO DE FIBRA/FIBROCIMENTO FORNECIMENTO E INSTALAÇÃO. AF_06/2016 | E50: =IF(A50="SERVIÇO",VLOOKUP(C50,SERVIÇOS!$A$6:$D$7645,3,0),IF(A50="INSUMO",VLOOKUP(C50,INSUMOS!$A$6:$D$6961,3,0),IF('036.02-20-CANTEIRO.'!A50="COTAÇÃO",VLOOKUP('036.02-20-CANTEIRO.'!C50,'036-20-Cotação'!$A$9:$G$529,4,0),IF('036.02-20-CANTEIRO.'!A50="CCU",VLOOKUP('036.02-20-CANTEIRO.'!C50,'036-20-CCU''s'!$B$9:$H$1962,4,0))))) -> UN | F50: 5 | G50: =IF(A50="SERVIÇO",VLOOKUP(C50,SERVIÇOS!$A$6:$D$7645,4,0),IF(A50="INSUMO",VLOOKUP(C50,INSUMOS!$A$6:$D$6961,4,0),IF('036.02-20-CANTEIRO.'!A50="COTAÇÃO",VLOOKUP('036.02-20-CANTEIRO.'!C50,'036-20-Cotação'!$A$9:$G$529,3,0),IF('036.02-20-CANTEIRO.'!A50="CCU",VLOOKUP('036.02-20-CANTEIRO.'!C50,'036-20-CCU''s'!$B$9:$H$1962,7,0))))) -> 11,10 | H50: =BDI_O.A.E!$H$22 -> 0.182011 | I50: =F50*(G50*(1+H50)) -> 65.601611 | K50: =F50*(G50*(1+H50)) -> 65.601611
A51: SERVIÇO | B51: 02.01.201.7 | C51: 94692 | D51: =IF(A51="SERVIÇO",VLOOKUP(C51,SERVIÇOS!$A$6:$D$7645,2,0),IF(A51="INSUMO",VLOOKUP(C51,INSUMOS!$A$6:$D$6961,2,0),IF('036.02-20-CANTEIRO.'!A51="COTAÇÃO",VLOOKUP('036.02-20-CANTEIRO.'!C51,'036-20-Cotação'!$A$9:$G$529,2,0),IF('036.02-20-CANTEIRO.'!A51="CCU",VLOOKUP('036.02-20-CANTEIRO.'!C51,'036-20-CCU''s'!$B$9:$H$1962,2,0))))) -> TÊ, PVC, SOLDÁVEL, DN 40 MM INSTALADO EM RESERVAÇÃO DE ÁGUA DE EDIFICAÇÃO QUE POSSUA RESERVATÓRIO DE FIBRA/FIBROCIMENTO FORNECIMENTO E INSTALAÇÃO. AF_06/2016 | E51: =IF(A51="SERVIÇO",VLOOKUP(C51,SERVIÇOS!$A$6:$D$7645,3,0),IF(A51="INSUMO",VLOOKUP(C51,INSUMOS!$A$6:$D$6961,3,0),IF('036.02-20-CANTEIRO.'!A51="COTAÇÃO",VLOOKUP('036.02-20-CANTEIRO.'!C51,'036-20-Cotação'!$A$9:$G$529,4,0),IF('036.02-20-CANTEIRO.'!A51="CCU",VLOOKUP('036.02-20-CANTEIRO.'!C51,'036-20-CCU''s'!$B$9:$H$1962,4,0))))) -> UN | F51: 3 | G51: =IF(A51="SERVIÇO",VLOOKUP(C51,SERVIÇOS!$A$6:$D$7645,4,0),IF(A51="INSUMO",VLOOKUP(C51,INSUMOS!$A$6:$D$6961,4,0),IF('036.02-20-CANTEIRO.'!A51="COTAÇÃO",VLOOKUP('036.02-20-CANTEIRO.'!C51,'036-20-Cotação'!$A$9:$G$529,3,0),IF('036.02-20-CANTEIRO.'!A51="CCU",VLOOKUP('036.02-20-CANTEIRO.'!C51,'036-20-CCU''s'!$B$9:$H$1962,7,0))))) -> 18,88 | H51: =BDI_O.A.E!$H$22 -> 0.182011 | I51: =F51*(G51*(1+H51)) -> 66.949103 | K51: =F51*(G51*(1+H51)) -> 66.949103
A52: SERVIÇO | B52: 02.01.201.8 | C52: 94694 | D52: =IF(A52="SERVIÇO",VLOOKUP(C52,SERVIÇOS!$A$6:$D$7645,2,0),IF(A52="INSUMO",VLOOKUP(C52,INSUMOS!$A$6:$D$6961,2,0),IF('036.02-20-CANTEIRO.'!A52="COTAÇÃO",VLOOKUP('036.02-20-CANTEIRO.'!C52,'036-20-Cotação'!$A$9:$G$529,2,0),IF('036.02-20-CANTEIRO.'!A52="CCU",VLOOKUP('036.02-20-CANTEIRO.'!C52,'036-20-CCU''s'!$B$9:$H$1962,2,0))))) -> TÊ, PVC, SOLDÁVEL, DN 50 MM INSTALADO EM RESERVAÇÃO DE ÁGUA DE EDIFICAÇÃO QUE POSSUA RESERVATÓRIO DE FIBRA/FIBROCIMENTO FORNECIMENTO E INSTALAÇÃO. AF_06/2016 | E52: =IF(A52="SERVIÇO",VLOOKUP(C52,SERVIÇOS!$A$6:$D$7645,3,0),IF(A52="INSUMO",VLOOKUP(C52,INSUMOS!$A$6:$D$6961,3,0),IF('036.02-20-CANTEIRO.'!A52="COTAÇÃO",VLOOKUP('036.02-20-CANTEIRO.'!C52,'036-20-Cotação'!$A$9:$G$529,4,0),IF('036.02-20-CANTEIRO.'!A52="CCU",VLOOKUP('036.02-20-CANTEIRO.'!C52,'036-20-CCU''s'!$B$9:$H$1962,4,0))))) -> UN | F52: 5 | G52: =IF(A52="SERVIÇO",VLOOKUP(C52,SERVIÇOS!$A$6:$D$7645,4,0),IF(A52="INSUMO",VLOOKUP(C52,INSUMOS!$A$6:$D$6961,4,0),IF('036.02-20-CANTEIRO.'!A52="COTAÇÃO",VLOOKUP('036.02-20-CANTEIRO.'!C52,'036-20-Cotação'!$A$9:$G$529,3,0),IF('036.02-20-CANTEIRO.'!A52="CCU",VLOOKUP('036.02-20-CANTEIRO.'!C52,'036-20-CCU''s'!$B$9:$H$1962,7,0))))) -> 19,67 | H52: =BDI_O.A.E!$H$22 -> 0.182011 | I52: =F52*(G52*(1+H52)) -> 116.25078 | K52: =F52*(G52*(1+H52)) -> 116.25078
A53: SERVIÇO | B53: 02.01.201.9 | C53: 89626 | D53: =IF(A53="SERVIÇO",VLOOKUP(C53,SERVIÇOS!$A$6:$D$7645,2,0),IF(A53="INSUMO",VLOOKUP(C53,INSUMOS!$A$6:$D$6961,2,0),IF('036.02-20-CANTEIRO.'!A53="COTAÇÃO",VLOOKUP('036.02-20-CANTEIRO.'!C53,'036-20-Cotação'!$A$9:$G$529,2,0),IF('036.02-20-CANTEIRO.'!A53="CCU",VLOOKUP('036.02-20-CANTEIRO.'!C53,'036-20-CCU''s'!$B$9:$H$1962,2,0))))) -> TÊ DE REDUÇÃO, PVC, SOLDÁVEL, DN 50MM X 40MM, INSTALADO EM PRUMADA DE ÁGUA - FORNECIMENTO E INSTALAÇÃO. AF_12/2014 | E53: =IF(A53="SERVIÇO",VLOOKUP(C53,SERVIÇOS!$A$6:$D$7645,3,0),IF(A53="INSUMO",VLOOKUP(C53,INSUMOS!$A$6:$D$6961,3,0),IF('036.02-20-CANTEIRO.'!A53="COTAÇÃO",VLOOKUP('036.02-20-CANTEIRO.'!C53,'036-20-Cotação'!$A$9:$G$529,4,0),IF('036.02-20-CANTEIRO.'!A53="CCU",VLOOKUP('036.02-20-CANTEIRO.'!C53,'036-20-CCU''s'!$B$9:$H$1962,4,0))))) -> UN | F53: 2 | G53: =IF(A53="SERVIÇO",VLOOKUP(C53,SERVIÇOS!$A$6:$D$7645,4,0),IF(A53="INSUMO",VLOOKUP(C53,INSUMOS!$A$6:$D$6961,4,0),IF('036.02-20-CANTEIRO.'!A53="COTAÇÃO",VLOOKUP('036.02-20-CANTEIRO.'!C53,'036-20-Cotação'!$A$9:$G$529,3,0),IF('036.02-20-CANTEIRO.'!A53="CCU",VLOOKUP('036.02-20-CANTEIRO.'!C53,'036-20-CCU''s'!$B$9:$H$1962,7,0))))) -> 22,03 | H53: =BDI_O.A.E!$H$22 -> 0.182011 | I53: =F53*(G53*(1+H53)) -> 52.079405 | K53: =F53*(G53*(1+H53)) -> 52.079405
A54: SERVIÇO | B54: 02.01.201.10 | C54: 89408 | D54: =IF(A54="SERVIÇO",VLOOKUP(C54,SERVIÇOS!$A$6:$D$7645,2,0),IF(A54="INSUMO",VLOOKUP(C54,INSUMOS!$A$6:$D$6961,2,0),IF('036.02-20-CANTEIRO.'!A54="COTAÇÃO",VLOOKUP('036.02-20-CANTEIRO.'!C54,'036-20-Cotação'!$A$9:$G$529,2,0),IF('036.02-20-CANTEIRO.'!A54="CCU",VLOOKUP('036.02-20-CANTEIRO.'!C54,'036-20-CCU''s'!$B$9:$H$1962,2,0))))) -> JOELHO 90 GRAUS, PVC, SOLDÁVEL, DN 25MM, INSTALADO EM RAMAL DE DISTRIBUIÇÃO DE ÁGUA - FORNECIMENTO E INSTALAÇÃO. AF_12/2014 | E54: =IF(A54="SERVIÇO",VLOOKUP(C54,SERVIÇOS!$A$6:$D$7645,3,0),IF(A54="INSUMO",VLOOKUP(C54,INSUMOS!$A$6:$D$6961,3,0),IF('036.02-20-CANTEIRO.'!A54="COTAÇÃO",VLOOKUP('036.02-20-CANTEIRO.'!C54,'036-20-Cotação'!$A$9:$G$529,4,0),IF('036.02-20-CANTEIRO.'!A54="CCU",VLOOKUP('036.02-20-CANTEIRO.'!C54,'036-20-CCU''s'!$B$9:$H$1962,4,0))))) -> UN | F54: 13 | G54: =IF(A54="SERVIÇO",VLOOKUP(C54,SERVIÇOS!$A$6:$D$7645,4,0),IF(A54="INSUMO",VLOOKUP(C54,INSUMOS!$A$6:$D$6961,4,0),IF('036.02-20-CANTEIRO.'!A54="COTAÇÃO",VLOOKUP('036.02-20-CANTEIRO.'!C54,'036-20-Cotação'!$A$9:$G$529,3,0),IF('036.02-20-CANTEIRO.'!A54="CCU",VLOOKUP('036.02-20-CANTEIRO.'!C54,'036-20-CCU''s'!$B$9:$H$1962,7,0))))) -> 4,89 | H54: =BDI_O.A.E!$H$22 -> 0.182011 | I54: =F54*(G54*(1+H54)) -> 75.140439 | K54: =F54*(G54*(1+H54)) -> 75.140439
A55: SERVIÇO | B55: 02.01.201.11 | C55: 94674 | D55: =IF(A55="SERVIÇO",VLOOKUP(C55,SERVIÇOS!$A$6:$D$7645,2,0),IF(A55="INSUMO",VLOOKUP(C55,INSUMOS!$A$6:$D$6961,2,0),IF('036.02-20-CANTEIRO.'!A55="COTAÇÃO",VLOOKUP('036.02-20-CANTEIRO.'!C55,'036-20-Cotação'!$A$9:$G$529,2,0),IF('036.02-20-CANTEIRO.'!A55="CCU",VLOOKUP('036.02-20-CANTEIRO.'!C55,'036-20-CCU''s'!$B$9:$H$1962,2,0))))) -> JOELHO 90 GRAUS, PVC, SOLDÁVEL, DN 32 MM INSTALADO EM RESERVAÇÃO DE ÁGUA DE EDIFICAÇÃO QUE POSSUA RESERVATÓRIO DE FIBRA/FIBROCIMENTO FORNECIMENTO E INSTALAÇÃO. AF_06/2016 | E55: =IF(A55="SERVIÇO",VLOOKUP(C55,SERVIÇOS!$A$6:$D$7645,3,0),IF(A55="INSUMO",VLOOKUP(C55,INSUMOS!$A$6:$D$6961,3,0),IF('036.02-20-CANTEIRO.'!A55="COTAÇÃO",VLOOKUP('036.02-20-CANTEIRO.'!C55,'036-20-Cotação'!$A$9:$G$529,4,0),IF('036.02-20-CANTEIRO.'!A55="CCU",VLOOKUP('036.02-20-CANTEIRO.'!C55,'036-20-CCU''s'!$B$9:$H$1962,4,0))))) -> UN | F55: 12 | G55: =IF(A55="SERVIÇO",VLOOKUP(C55,SERVIÇOS!$A$6:$D$7645,4,0),IF(A55="INSUMO",VLOOKUP(C55,INSUMOS!$A$6:$D$6961,4,0),IF('036.02-20-CANTEIRO.'!A55="COTAÇÃO",VLOOKUP('036.02-20-CANTEIRO.'!C55,'036-20-Cotação'!$A$9:$G$529,3,0),IF('036.02-20-CANTEIRO.'!A55="CCU",VLOOKUP('036.02-20-CANTEIRO.'!C55,'036-20-CCU''s'!$B$9:$H$1962,7,0))))) -> 7,55 | H55: =BDI_O.A.E!$H$22 -> 0.182011 | I55: =F55*(G55*(1+H55)) -> 107.0902 | K55: =F55*(G55*(1+H55)) -> 107.0902
A56: SERVIÇO | B56: 02.01.201.12 | C56: 94676 | D56: =IF(A56="SERVIÇO",VLOOKUP(C56,SERVIÇOS!$A$6:$D$7645,2,0),IF(A56="INSUMO",VLOOKUP(C56,INSUMOS!$A$6:$D$6961,2,0),IF('036.02-20-CANTEIRO.'!A56="COTAÇÃO",VLOOKUP('036.02-20-CANTEIRO.'!C56,'036-20-Cotação'!$A$9:$G$529,2,0),IF('036.02-20-CANTEIRO.'!A56="CCU",VLOOKUP('036.02-20-CANTEIRO.'!C56,'036-20-CCU''s'!$B$9:$H$1962,2,0))))) -> JOELHO 90 GRAUS, PVC, SOLDÁVEL, DN 40 MM INSTALADO EM RESERVAÇÃO DE ÁGUA DE EDIFICAÇÃO QUE POSSUA RESERVATÓRIO DE FIBRA/FIBROCIMENTO FORNECIMENTO E INSTALAÇÃO. AF_06/2016 | E56: =IF(A56="SERVIÇO",VLOOKUP(C56,SERVIÇOS!$A$6:$D$7645,3,0),IF(A56="INSUMO",VLOOKUP(C56,INSUMOS!$A$6:$D$6961,3,0),IF('036.02-20-CANTEIRO.'!A56="COTAÇÃO",VLOOKUP('036.02-20-CANTEIRO.'!C56,'036-20-Cotação'!$A$9:$G$529,4,0),IF('036.02-20-CANTEIRO.'!A56="CCU",VLOOKUP('036.02-20-CANTEIRO.'!C56,'036-20-CCU''s'!$B$9:$H$1962,4,0))))) -> UN | F56: 1 | G56: =IF(A56="SERVIÇO",VLOOKUP(C56,SERVIÇOS!$A$6:$D$7645,4,0),IF(A56="INSUMO",VLOOKUP(C56,INSUMOS!$A$6:$D$6961,4,0),IF('036.02-20-CANTEIRO.'!A56="COTAÇÃO",VLOOKUP('036.02-20-CANTEIRO.'!C56,'036-20-Cotação'!$A$9:$G$529,3,0),IF('036.02-20-CANTEIRO.'!A56="CCU",VLOOKUP('036.02-20-CANTEIRO.'!C56,'036-20-CCU''s'!$B$9:$H$1962,7,0))))) -> 12,71 | H56: =BDI_O.A.E!$H$22 -> 0.182011 | I56: =F56*(G56*(1+H56)) -> 15.02336 | K56: =F56*(G56*(1+H56)) -> 15.02336
... A74: SERVIÇO | B74: 02.01.201.30 | C74: 93382 | D74: =IF(A74="SERVIÇO",VLOOKUP(C74,SERVIÇOS!$A$6:$D$7645,2,0),IF(A74="INSUMO",VLOOKUP(C74,INSUMOS!$A$6:$D$6961,2,0),IF('036.02-20-CANTEIRO.'!A74="COTAÇÃO",VLOOKUP('036.02-20-CANTEIRO.'!C74,'036-20-Cotação'!$A$9:$G$529,2,0),IF('036.02-20-CANTEIRO.'!A74="CCU",VLOOKUP('036.02-20-CANTEIRO.'!C74,'036-20-CCU''s'!$B$9:$H$1962,2,0))))) -> REATERRO MANUAL DE VALAS COM COMPACTAÇÃO MECANIZADA. AF_04/2016 | E74: =IF(A74="SERVIÇO",VLOOKUP(C74,SERVIÇOS!$A$6:$D$7645,3,0),IF(A74="INSUMO",VLOOKUP(C74,INSUMOS!$A$6:$D$6961,3,0),IF('036.02-20-CANTEIRO.'!A74="COTAÇÃO",VLOOKUP('036.02-20-CANTEIRO.'!C74,'036-20-Cotação'!$A$9:$G$529,4,0),IF('036.02-20-CANTEIRO.'!A74="CCU",VLOOKUP('036.02-20-CANTEIRO.'!C74,'036-20-CCU''s'!$B$9:$H$1962,4,0))))) -> M3 | F74: 17.3 | G74: =IF(A74="SERVIÇO",VLOOKUP(C74,SERVIÇOS!$A$6:$D$7645,4,0),IF(A74="INSUMO",VLOOKUP(C74,INSUMOS!$A$6:$D$6961,4,0),IF('036.02-20-CANTEIRO.'!A74="COTAÇÃO",VLOOKUP('036.02-20-CANTEIRO.'!C74,'036-20-Cotação'!$A$9:$G$529,3,0),IF('036.02-20-CANTEIRO.'!A74="CCU",VLOOKUP('036.02-20-CANTEIRO.'!C74,'036-20-CCU''s'!$B$9:$H$1962,7,0))))) -> 23,32 | H74: =BDI_O.A.E!$H$22 -> 0.182011 | I74: =F74*(G74*(1+H74)) -> 476.86579 | K74: =F74*(G74*(1+H74)) -> 476.86579
A75: SERVIÇO | B75: 02.01.202 | D75: ENERGIA ELÉTRICA | K75: =F75*(G75*(1+H75)) -> 0
A76: CCU | B76: 02.01.202.1 | C76: CCU - 02.006 | D76: =IF(A76="SERVIÇO",VLOOKUP(C76,SERVIÇOS!$A$6:$D$7645,2,0),IF(A76="INSUMO",VLOOKUP(C76,INSUMOS!$A$6:$D$6961,2,0),IF('036.02-20-CANTEIRO.'!A76="COTAÇÃO",VLOOKUP('036.02-20-CANTEIRO.'!C76,'036-20-Cotação'!$A$9:$G$529,2,0),IF('036.02-20-CANTEIRO.'!A76="CCU",VLOOKUP('036.02-20-CANTEIRO.'!C76,'036-20-CCU''s'!$B$9:$H$1962,2,0))))) -> POSTE CONCRETO SEÇÃO CIRCULAR COMPRIMENTO=11M CARGA NOMINAL NO TOPO 200KG INCLUSIVE ESCAVACAO EXCLUSIVE TRANSPORTE - FORNECIMENTO E COLOCAÇÃO | E76: =IF(A76="SERVIÇO",VLOOKUP(C76,SERVIÇOS!$A$6:$D$7645,3,0),IF(A76="INSUMO",VLOOKUP(C76,INSUMOS!$A$6:$D$6961,3,0),IF('036.02-20-CANTEIRO.'!A76="COTAÇÃO",VLOOKUP('036.02-20-CANTEIRO.'!C76,'036-20-Cotação'!$A$9:$G$529,4,0),IF('036.02-20-CANTEIRO.'!A76="CCU",VLOOKUP('036.02-20-CANTEIRO.'!C76,'036-20-CCU''s'!$B$9:$H$1962,4,0))))) -> UN | F76: 4 | G76: =IF(A76="SERVIÇO",VLOOKUP(C76,SERVIÇOS!$A$6:$D$7645,4,0),IF(A76="INSUMO",VLOOKUP(C76,INSUMOS!$A$6:$D$6961,4,0),IF('036.02-20-CANTEIRO.'!A76="COTAÇÃO",VLOOKUP('036.02-20-CANTEIRO.'!C76,'036-20-Cotação'!$A$9:$G$529,3,0),IF('036.02-20-CANTEIRO.'!A76="CCU",VLOOKUP('036.02-20-CANTEIRO.'!C76,'036-20-CCU''s'!$B$9:$H$1962,7,0))))) -> 1083.341 | H76: =BDI_O.A.E!$H$22 -> 0.182011 | I76: =F76*(G76*(1+H76)) -> 5122.0839 | K76: =F76*(G76*(1+H76)) -> 5122.0839
A77: CCU | B77: 02.01.202.2 | C77: CCU - 02.007 | D77: =IF(A77="SERVIÇO",VLOOKUP(C77,SERVIÇOS!$A$6:$D$7645,2,0),IF(A77="INSUMO",VLOOKUP(C77,INSUMOS!$A$6:$D$6961,2,0),IF('036.02-20-CANTEIRO.'!A77="COTAÇÃO",VLOOKUP('036.02-20-CANTEIRO.'!C77,'036-20-Cotação'!$A$9:$G$529,2,0),IF('036.02-20-CANTEIRO.'!A77="CCU",VLOOKUP('036.02-20-CANTEIRO.'!C77,'036-20-CCU''s'!$B$9:$H$1962,2,0))))) -> CABO DE COBRE UNIPOLAR 50 MM2, BLINDADO, ISOLACAO 12/20 KV EPR, COBERTURA EM PVC - FORNECIMENTO E INSTALAÇÃO | E77: =IF(A77="SERVIÇO",VLOOKUP(C77,SERVIÇOS!$A$6:$D$7645,3,0),IF(A77="INSUMO",VLOOKUP(C77,INSUMOS!$A$6:$D$6961,3,0),IF('036.02-20-CANTEIRO.'!A77="COTAÇÃO",VLOOKUP('036.02-20-CANTEIRO.'!C77,'036-20-Cotação'!$A$9:$G$529,4,0),IF('036.02-20-CANTEIRO.'!A77="CCU",VLOOKUP('036.02-20-CANTEIRO.'!C77,'036-20-CCU''s'!$B$9:$H$1962,4,0))))) -> M | F77: 399.3 | G77: =IF(A77="SERVIÇO",VLOOKUP(C77,SERVIÇOS!$A$6:$D$7645,4,0),IF(A77="INSUMO",VLOOKUP(C77,INSUMOS!$A$6:$D$6961,4,0),IF('036.02-20-CANTEIRO.'!A77="COTAÇÃO",VLOOKUP('036.02-20-CANTEIRO.'!C77,'036-20-Cotação'!$A$9:$G$529,3,0),IF('036.02-20-CANTEIRO.'!A77="CCU",VLOOKUP('036.02-20-CANTEIRO.'!C77,'036-20-CCU''s'!$B$9:$H$1962,7,0))))) -> 54.5079 | H77: =BDI_O.A.E!$H$22 -> 0.182011 | I77: =F77*(G77*(1+H77)) -> 25726.475 | K77: =F77*(G77*(1+H77)) -> 25726.475
A78: CCU | B78: 02.01.202.3 | C78: CCU - 02.005 | D78: =IF(A78="SERVIÇO",VLOOKUP(C78,SERVIÇOS!$A$6:$D$7645,2,0),IF(A78="INSUMO",VLOOKUP(C78,INSUMOS!$A$6:$D$6961,2,0),IF('036.02-20-CANTEIRO.'!A78="COTAÇÃO",VLOOKUP('036.02-20-CANTEIRO.'!C78,'036-20-Cotação'!$A$9:$G$529,2,0),IF('036.02-20-CANTEIRO.'!A78="CCU",VLOOKUP('036.02-20-CANTEIRO.'!C78,'036-20-CCU''s'!$B$9:$H$1962,2,0))))) -> SUBESTAÇÃO AÉREA DE 90 KVA 380/220V COM CONJUNTO DE MEDIÇÃO TR, CONFORME DETALAMENTO EM PROJETO - FORNECIMENTO E INSTALACAO | E78: =IF(A78="SERVIÇO",VLOOKUP(C78,SERVIÇOS!$A$6:$D$7645,3,0),IF(A78="INSUMO",VLOOKUP(C78,INSUMOS!$A$6:$D$6961,3,0),IF('036.02-20-CANTEIRO.'!A78="COTAÇÃO",VLOOKUP('036.02-20-CANTEIRO.'!C78,'036-20-Cotação'!$A$9:$G$529,4,0),IF('036.02-20-CANTEIRO.'!A78="CCU",VLOOKUP('036.02-20-CANTEIRO.'!C78,'036-20-CCU''s'!$B$9:$H$1962,4,0))))) -> UN | F78: 1 | G78: =IF(A78="SERVIÇO",VLOOKUP(C78,SERVIÇOS!$A$6:$D$7645,4,0),IF(A78="INSUMO",VLOOKUP(C78,INSUMOS!$A$6:$D$6961,4,0),IF('036.02-20-CANTEIRO.'!A78="COTAÇÃO",VLOOKUP('036.02-20-CANTEIRO.'!C78,'036-20-Cotação'!$A$9:$G$529,3,0),IF('036.02-20-CANTEIRO.'!A78="CCU",VLOOKUP('036.02-20-CANTEIRO.'!C78,'036-20-CCU''s'!$B$9:$H$1962,7,0))))) -> 28949.24 | H78: =BDI_O.A.E!$H$22 -> 0.182011 | I78: =F78*(G78*(1+H78)) -> 34218.321 | K78: =F78*(G78*(1+H78)) -> 34218.321
A79: CCU | B79: 02.01.202.4 | C79: CCU - 02.004 | D79: =IF(A79="SERVIÇO",VLOOKUP(C79,SERVIÇOS!$A$6:$D$7645,2,0),IF(A79="INSUMO",VLOOKUP(C79,INSUMOS!$A$6:$D$6961,2,0),IF('036.02-20-CANTEIRO.'!A79="COTAÇÃO",VLOOKUP('036.02-20-CANTEIRO.'!C79,'036-20-Cotação'!$A$9:$G$529,2,0),IF('036.02-20-CANTEIRO.'!A79="CCU",VLOOKUP('036.02-20-CANTEIRO.'!C79,'036-20-CCU''s'!$B$9:$H$1962,2,0))))) -> MURETA EM ALVENARIA PARA INSTALAÇÃO DO CONJUNTO DE MEDIÇÃO TR COM DIMENÇÕES DE 2,13 M DE COMPRIMENTO, 0,46M DE LARGURA E 1,70M DE ALTURA. | E79: =IF(A79="SERVIÇO",VLOOKUP(C79,SERVIÇOS!$A$6:$D$7645,3,0),IF(A79="INSUMO",VLOOKUP(C79,INSUMOS!$A$6:$D$6961,3,0),IF('036.02-20-CANTEIRO.'!A79="COTAÇÃO",VLOOKUP('036.02-20-CANTEIRO.'!C79,'036-20-Cotação'!$A$9:$G$529,4,0),IF('036.02-20-CANTEIRO.'!A79="CCU",VLOOKUP('036.02-20-CANTEIRO.'!C79,'036-20-CCU''s'!$B$9:$H$1962,4,0))))) -> UN | F79: 1 | G79: =IF(A79="SERVIÇO",VLOOKUP(C79,SERVIÇOS!$A$6:$D$7645,4,0),IF(A79="INSUMO",VLOOKUP(C79,INSUMOS!$A$6:$D$6961,4,0),IF('036.02-20-CANTEIRO.'!A79="COTAÇÃO",VLOOKUP('036.02-20-CANTEIRO.'!C79,'036-20-Cotação'!$A$9:$G$529,3,0),IF('036.02-20-CANTEIRO.'!A79="CCU",VLOOKUP('036.02-20-CANTEIRO.'!C79,'036-20-CCU''s'!$B$9:$H$1962,7,0))))) -> 992.12622 | H79: =BDI_O.A.E!$H$22 -> 0.182011 | I79: =F79*(G79*(1+H79)) -> 1172.7041 | K79: =F79*(G79*(1+H79)) -> 1172.7041
A80: SERVIÇO | B80: 02.01.202.5 | C80: 74131/6 | D80: =IF(A80="SERVIÇO",VLOOKUP(C80,SERVIÇOS!$A$6:$D$7645,2,0),IF(A80="INSUMO",VLOOKUP(C80,INSUMOS!$A$6:$D$6961,2,0),IF('036.02-20-CANTEIRO.'!A80="COTAÇÃO",VLOOKUP('036.02-20-CANTEIRO.'!C80,'036-20-Cotação'!$A$9:$G$529,2,0),IF('036.02-20-CANTEIRO.'!A80="CCU",VLOOKUP('036.02-20-CANTEIRO.'!C80,'036-20-CCU''s'!$B$9:$H$1962,2,0))))) -> QUADRO DE DISTRIBUICAO DE ENERGIA DE EMBUTIR, EM CHAPA METALICA, PARA 32 DISJUNTORES TERMOMAGNETICOS MONOPOLARES, COM BARRAMENTO TRIFASICO E NEUTRO, FORNECIMENTO E INSTALACAO | E80: =IF(A80="SERVIÇO",VLOOKUP(C80,SERVIÇOS!$A$6:$D$7645,3,0),IF(A80="INSUMO",VLOOKUP(C80,INSUMOS!$A$6:$D$6961,3,0),IF('036.02-20-CANTEIRO.'!A80="COTAÇÃO",VLOOKUP('036.02-20-CANTEIRO.'!C80,'036-20-Cotação'!$A$9:$G$529,4,0),IF('036.02-20-CANTEIRO.'!A80="CCU",VLOOKUP('036.02-20-CANTEIRO.'!C80,'036-20-CCU''s'!$B$9:$H$1962,4,0))))) -> UN | F80: 1 | G80: =IF(A80="SERVIÇO",VLOOKUP(C80,SERVIÇOS!$A$6:$D$7645,4,0),IF(A80="INSUMO",VLOOKUP(C80,INSUMOS!$A$6:$D$6961,4,0),IF('036.02-20-CANTEIRO.'!A80="COTAÇÃO",VLOOKUP('036.02-20-CANTEIRO.'!C80,'036-20-Cotação'!$A$9:$G$529,3,0),IF('036.02-20-CANTEIRO.'!A80="CCU",VLOOKUP('036.02-20-CANTEIRO.'!C80,'036-20-CCU''s'!$B$9:$H$1962,7,0))))) -> 467,38 | H80: =BDI_O.A.E!$H$22 -> 0.182011 | I80: =F80*(G80*(1+H80)) -> 552.4483 | K80: =F80*(G80*(1+H80)) -> 552.4483
A81: SERVIÇO | B81: 02.01.202.6 | C81: 83446 | D81: =IF(A81="SERVIÇO",VLOOKUP(C81,SERVIÇOS!$A$6:$D$7645,2,0),IF(A81="INSUMO",VLOOKUP(C81,INSUMOS!$A$6:$D$6961,2,0),IF('036.02-20-CANTEIRO.'!A81="COTAÇÃO",VLOOKUP('036.02-20-CANTEIRO.'!C81,'036-20-Cotação'!$A$9:$G$529,2,0),IF('036.02-20-CANTEIRO.'!A81="CCU",VLOOKUP('036.02-20-CANTEIRO.'!C81,'036-20-CCU''s'!$B$9:$H$1962,2,0))))) -> CAIXA DE PASSAGEM 30X30X40 COM TAMPA E DRENO BRITA | E81: =IF(A81="SERVIÇO",VLOOKUP(C81,SERVIÇOS!$A$6:$D$7645,3,0),IF(A81="INSUMO",VLOOKUP(C81,INSUMOS!$A$6:$D$6961,3,0),IF('036.02-20-CANTEIRO.'!A81="COTAÇÃO",VLOOKUP('036.02-20-CANTEIRO.'!C81,'036-20-Cotação'!$A$9:$G$529,4,0),IF('036.02-20-CANTEIRO.'!A81="CCU",VLOOKUP('036.02-20-CANTEIRO.'!C81,'036-20-CCU''s'!$B$9:$H$1962,4,0))))) -> UN | F81: 52 | G81: =IF(A81="SERVIÇO",VLOOKUP(C81,SERVIÇOS!$A$6:$D$7645,4,0),IF(A81="INSUMO",VLOOKUP(C81,INSUMOS!$A$6:$D$6961,4,0),IF('036.02-20-CANTEIRO.'!A81="COTAÇÃO",VLOOKUP('036.02-20-CANTEIRO.'!C81,'036-20-Cotação'!$A$9:$G$529,3,0),IF('036.02-20-CANTEIRO.'!A81="CCU",VLOOKUP('036.02-20-CANTEIRO.'!C81,'036-20-CCU''s'!$B$9:$H$1962,7,0))))) -> 163,02 | H81: =BDI_O.A.E!$H$22 -> 0.182011 | I81: =F81*(G81*(1+H81)) -> 10019.955 | K81: =F81*(G81*(1+H81)) -> 10019.955
A82: SERVIÇO | B82: 02.01.202.7 | C82: 97889 | D82: =IF(A82="SERVIÇO",VLOOKUP(C82,SERVIÇOS!$A$6:$D$7645,2,0),IF(A82="INSUMO",VLOOKUP(C82,INSUMOS!$A$6:$D$6961,2,0),IF('036.02-20-CANTEIRO.'!A82="COTAÇÃO",VLOOKUP('036.02-20-CANTEIRO.'!C82,'036-20-Cotação'!$A$9:$G$529,2,0),IF('036.02-20-CANTEIRO.'!A82="CCU",VLOOKUP('036.02-20-CANTEIRO.'!C82,'036-20-CCU''s'!$B$9:$H$1962,2,0))))) -> CAIXA ENTERRADA ELÉTRICA RETANGULAR, EM ALVENARIA COM TIJOLOS CERÂMICOS MACIÇOS, FUNDO COM BRITA, DIMENSÕES INTERNAS: 0,8X0,8X0,6 M. AF_05/2018 | E82: =IF(A82="SERVIÇO",VLOOKUP(C82,SERVIÇOS!$A$6:$D$7645,3,0),IF(A82="INSUMO",VLOOKUP(C82,INSUMOS!$A$6:$D$6961,3,0),IF('036.02-20-CANTEIRO.'!A82="COTAÇÃO",VLOOKUP('036.02-20-CANTEIRO.'!C82,'036-20-Cotação'!$A$9:$G$529,4,0),IF('036.02-20-CANTEIRO.'!A82="CCU",VLOOKUP('036.02-20-CANTEIRO.'!C82,'036-20-CCU''s'!$B$9:$H$1962,4,0))))) -> UN | F82: 5 | G82: =IF(A82="SERVIÇO",VLOOKUP(C82,SERVIÇOS!$A$6:$D$7645,4,0),IF(A82="INSUMO",VLOOKUP(C82,INSUMOS!$A$6:$D$6961,4,0),IF('036.02-20-CANTEIRO.'!A82="COTAÇÃO",VLOOKUP('036.02-20-CANTEIRO.'!C82,'036-20-Cotação'!$A$9:$G$529,3,0),IF('036.02-20-CANTEIRO.'!A82="CCU",VLOOKUP('036.02-20-CANTEIRO.'!C82,'036-20-CCU''s'!$B$9:$H$1962,7,0))))) -> 542,01 | H82: =BDI_O.A.E!$H$22 -> 0.182011 | I82: =F82*(G82*(1+H82)) -> 3203.3089 | K82: =F82*(G82*(1+H82)) -> 3203.3089
A83: SERVIÇO | B83: 02.01.202.8 | C83: 98111 | D83: =IF(A83="SERVIÇO",VLOOKUP(C83,SERVIÇOS!$A$6:$D$7645,2,0),IF(A83="INSUMO",VLOOKUP(C83,INSUMOS!$A$6:$D$6961,2,0),IF('036.02-20-CANTEIRO.'!A83="COTAÇÃO",VLOOKUP('036.02-20-CANTEIRO.'!C83,'036-20-Cotação'!$A$9:$G$529,2,0),IF('036.02-20-CANTEIRO.'!A83="CCU",VLOOKUP('036.02-20-CANTEIRO.'!C83,'036-20-CCU''s'!$B$9:$H$1962,2,0))))) -> CAIXA DE INSPEÇÃO PARA ATERRAMENTO, CIRCULAR, EM POLIETILENO, DIÂMETRO INTERNO = 0,3 M. AF_05/2018 | E83: =IF(A83="SERVIÇO",VLOOKUP(C83,SERVIÇOS!$A$6:$D$7645,3,0),IF(A83="INSUMO",VLOOKUP(C83,INSUMOS!$A$6:$D$6961,3,0),IF('036.02-20-CANTEIRO.'!A83="COTAÇÃO",VLOOKUP('036.02-20-CANTEIRO.'!C83,'036-20-Cotação'!$A$9:$G$529,4,0),IF('036.02-20-CANTEIRO.'!A83="CCU",VLOOKUP('036.02-20-CANTEIRO.'!C83,'036-20-CCU''s'!$B$9:$H$1962,4,0))))) -> UN | F83: 1 | G83: =IF(A83="SERVIÇO",VLOOKUP(C83,SERVIÇOS!$A$6:$D$7645,4,0),IF(A83="INSUMO",VLOOKUP(C83,INSUMOS!$A$6:$D$6961,4,0),IF('036.02-20-CANTEIRO.'!A83="COTAÇÃO",VLOOKUP('036.02-20-CANTEIRO.'!C83,'036-20-Cotação'!$A$9:$G$529,3,0),IF('036.02-20-CANTEIRO.'!A83="CCU",VLOOKUP('036.02-20-CANTEIRO.'!C83,'036-20-CCU''s'!$B$9:$H$1962,7,0))))) -> 22,24 | H83: =BDI_O.A.E!$H$22 -> 0.182011 | I83: =F83*(G83*(1+H83)) -> 26.287925 | K83: =F83*(G83*(1+H83)) -> 26.287925
A84: SERVIÇO | B84: 02.01.202.9 | C84: 96985 | D84: =IF(A84="SERVIÇO",VLOOKUP(C84,SERVIÇOS!$A$6:$D$7645,2,0),IF(A84="INSUMO",VLOOKUP(C84,INSUMOS!$A$6:$D$6961,2,0),IF('036.02-20-CANTEIRO.'!A84="COTAÇÃO",VLOOKUP('036.02-20-CANTEIRO.'!C84,'036-20-Cotação'!$A$9:$G$529,2,0),IF('036.02-20-CANTEIRO.'!A84="CCU",VLOOKUP('036.02-20-CANTEIRO.'!C84,'036-20-CCU''s'!$B$9:$H$1962,2,0))))) -> HASTE DE ATERRAMENTO 5/8 PARA SPDA - FORNECIMENTO E INSTALAÇÃO. AF_12/2017 | E84: =IF(A84="SERVIÇO",VLOOKUP(C84,SERVIÇOS!$A$6:$D$7645,3,0),IF(A84="INSUMO",VLOOKUP(C84,INSUMOS!$A$6:$D$6961,3,0),IF('036.02-20-CANTEIRO.'!A84="COTAÇÃO",VLOOKUP('036.02-20-CANTEIRO.'!C84,'036-20-Cotação'!$A$9:$G$529,4,0),IF('036.02-20-CANTEIRO.'!A84="CCU",VLOOKUP('036.02-20-CANTEIRO.'!C84,'036-20-CCU''s'!$B$9:$H$1962,4,0))))) -> UN | F84: 6 | G84: =IF(A84="SERVIÇO",VLOOKUP(C84,SERVIÇOS!$A$6:$D$7645,4,0),IF(A84="INSUMO",VLOOKUP(C84,INSUMOS!$A$6:$D$6961,4,0),IF('036.02-20-CANTEIRO.'!A84="COTAÇÃO",VLOOKUP('036.02-20-CANTEIRO.'!C84,'036-20-Cotação'!$A$9:$G$529,3,0),IF('036.02-20-CANTEIRO.'!A84="CCU",VLOOKUP('036.02-20-CANTEIRO.'!C84,'036-20-CCU''s'!$B$9:$H$1962,7,0))))) -> 56,83 | H84: =BDI_O.A.E!$H$22 -> 0.182011 | I84: =F84*(G84*(1+H84)) -> 403.04211 | K84: =F84*(G84*(1+H84)) -> 403.04211
A85: SERVIÇO | B85: 02.01.202.10 | C85: 95781 | D85: =IF(A85="SERVIÇO",VLOOKUP(C85,SERVIÇOS!$A$6:$D$7645,2,0),IF(A85="INSUMO",VLOOKUP(C85,INSUMOS!$A$6:$D$6961,2,0),IF('036.02-20-CANTEIRO.'!A85="COTAÇÃO",VLOOKUP('036.02-20-CANTEIRO.'!C85,'036-20-Cotação'!$A$9:$G$529,2,0),IF('036.02-20-CANTEIRO.'!A85="CCU",VLOOKUP('036.02-20-CANTEIRO.'!C85,'036-20-CCU''s'!$B$9:$H$1962,2,0))))) -> CONDULETE DE ALUMÍNIO, TIPO C, PARA ELETRODUTO DE AÇO GALVANIZADO DN 25 MM (1''), APARENTE - FORNECIMENTO E INSTALAÇÃO. AF_11/2016_P | E85: =IF(A85="SERVIÇO",VLOOKUP(C85,SERVIÇOS!$A$6:$D$7645,3,0),IF(A85="INSUMO",VLOOKUP(C85,INSUMOS!$A$6:$D$6961,3,0),IF('036.02-20-CANTEIRO.'!A85="COTAÇÃO",VLOOKUP('036.02-20-CANTEIRO.'!C85,'036-20-Cotação'!$A$9:$G$529,4,0),IF('036.02-20-CANTEIRO.'!A85="CCU",VLOOKUP('036.02-20-CANTEIRO.'!C85,'036-20-CCU''s'!$B$9:$H$1962,4,0))))) -> UN | F85: 2 | G85: =IF(A85="SERVIÇO",VLOOKUP(C85,SERVIÇOS!$A$6:$D$7645,4,0),IF(A85="INSUMO",VLOOKUP(C85,INSUMOS!$A$6:$D$6961,4,0),IF('036.02-20-CANTEIRO.'!A85="COTAÇÃO",VLOOKUP('036.02-20-CANTEIRO.'!C85,'036-20-Cotação'!$A$9:$G$529,3,0),IF('036.02-20-CANTEIRO.'!A85="CCU",VLOOKUP('036.02-20-CANTEIRO.'!C85,'036-20-CCU''s'!$B$9:$H$1962,7,0))))) -> 24,31 | H85: =BDI_O.A.E!$H$22 -> 0.182011 | I85: =F85*(G85*(1+H85)) -> 57.469375 | K85: =F85*(G85*(1+H85)) -> 57.469375
A86: SERVIÇO | B86: 02.01.202.11 | C86: 95782 | D86: =IF(A86="SERVIÇO",VLOOKUP(C86,SERVIÇOS!$A$6:$D$7645,2,0),IF(A86="INSUMO",VLOOKUP(C86,INSUMOS!$A$6:$D$6961,2,0),IF('036.02-20-CANTEIRO.'!A86="COTAÇÃO",VLOOKUP('036.02-20-CANTEIRO.'!C86,'036-20-Cotação'!$A$9:$G$529,2,0),IF('036.02-20-CANTEIRO.'!A86="CCU",VLOOKUP('036.02-20-CANTEIRO.'!C86,'036-20-CCU''s'!$B$9:$H$1962,2,0))))) -> CONDULETE DE ALUMÍNIO, TIPO E, ELETRODUTO DE AÇO GALVANIZADO DN 25 MM (1''), APARENTE - FORNECIMENTO E INSTALAÇÃO. AF_11/2016_P | E86: =IF(A86="SERVIÇO",VLOOKUP(C86,SERVIÇOS!$A$6:$D$7645,3,0),IF(A86="INSUMO",VLOOKUP(C86,INSUMOS!$A$6:$D$6961,3,0),IF('036.02-20-CANTEIRO.'!A86="COTAÇÃO",VLOOKUP('036.02-20-CANTEIRO.'!C86,'036-20-Cotação'!$A$9:$G$529,4,0),IF('036.02-20-CANTEIRO.'!A86="CCU",VLOOKUP('036.02-20-CANTEIRO.'!C86,'036-20-CCU''s'!$B$9:$H$1962,4,0))))) -> UN | F86: 2 | G86: =IF(A86="SERVIÇO",VLOOKUP(C86,SERVIÇOS!$A$6:$D$7645,4,0),IF(A86="INSUMO",VLOOKUP(C86,INSUMOS!$A$6:$D$6961,4,0),IF('036.02-20-CANTEIRO.'!A86="COTAÇÃO",VLOOKUP('036.02-20-CANTEIRO.'!C86,'036-20-Cotação'!$A$9:$G$529,3,0),IF('036.02-20-CANTEIRO.'!A86="CCU",VLOOKUP('036.02-20-CANTEIRO.'!C86,'036-20-CCU''s'!$B$9:$H$1962,7,0))))) -> 25,14 | H86: =BDI_O.A.E!$H$22 -> 0.182011 | I86: =F86*(G86*(1+H86)) -> 59.431513 | K86: =F86*(G86*(1+H86)) -> 59.431513
A87: SERVIÇO | B87: 02.01.202.12 | C87: 95789 | D87: =IF(A87="SERVIÇO",VLOOKUP(C87,SERVIÇOS!$A$6:$D$7645,2,0),IF(A87="INSUMO",VLOOKUP(C87,INSUMOS!$A$6:$D$6961,2,0),IF('036.02-20-CANTEIRO.'!A87="COTAÇÃO",VLOOKUP('036.02-20-CANTEIRO.'!C87,'036-20-Cotação'!$A$9:$G$529,2,0),IF('036.02-20-CANTEIRO.'!A87="CCU",VLOOKUP('036.02-20-CANTEIRO.'!C87,'036-20-CCU''s'!$B$9:$H$1962,2,0))))) -> CONDULETE DE ALUMÍNIO, TIPO LR, PARA ELETRODUTO DE AÇO GALVANIZADO DN 25 MM (1''), APARENTE - FORNECIMENTO E INSTALAÇÃO. AF_11/2016_P | E87: =IF(A87="SERVIÇO",VLOOKUP(C87,SERVIÇOS!$A$6:$D$7645,3,0),IF(A87="INSUMO",VLOOKUP(C87,INSUMOS!$A$6:$D$6961,3,0),IF('036.02-20-CANTEIRO.'!A87="COTAÇÃO",VLOOKUP('036.02-20-CANTEIRO.'!C87,'036-20-Cotação'!$A$9:$G$529,4,0),IF('036.02-20-CANTEIRO.'!A87="CCU",VLOOKUP('036.02-20-CANTEIRO.'!C87,'036-20-CCU''s'!$B$9:$H$1962,4,0))))) -> UN | F87: 6 | G87: =IF(A87="SERVIÇO",VLOOKUP(C87,SERVIÇOS!$A$6:$D$7645,4,0),IF(A87="INSUMO",VLOOKUP(C87,INSUMOS!$A$6:$D$6961,4,0),IF('036.02-20-CANTEIRO.'!A87="COTAÇÃO",VLOOKUP('036.02-20-CANTEIRO.'!C87,'036-20-Cotação'!$A$9:$G$529,3,0),IF('036.02-20-CANTEIRO.'!A87="CCU",VLOOKUP('036.02-20-CANTEIRO.'!C87,'036-20-CCU''s'!$B$9:$H$1962,7,0))))) -> 26,45 | H87: =BDI_O.A.E!$H$22 -> 0.182011 | I87: =F87*(G87*(1+H87)) -> 187.58515 | K87: =F87*(G87*(1+H87)) -> 187.58515
A88: SERVIÇO | B88: 02.01.202.13 | C88: 95796 | D88: =IF(A88="SERVIÇO",VLOOKUP(C88,SERVIÇOS!$A$6:$D$7645,2,0),IF(A88="INSUMO",VLOOKUP(C88,INSUMOS!$A$6:$D$6961,2,0),IF('036.02-20-CANTEIRO.'!A88="COTAÇÃO",VLOOKUP('036.02-20-CANTEIRO.'!C88,'036-20-Cotação'!$A$9:$G$529,2,0),IF('036.02-20-CANTEIRO.'!A88="CCU",VLOOKUP('036.02-20-CANTEIRO.'!C88,'036-20-CCU''s'!$B$9:$H$1962,2,0))))) -> CONDULETE DE ALUMÍNIO, TIPO T, PARA ELETRODUTO DE AÇO GALVANIZADO DN 25 MM (1''), APARENTE - FORNECIMENTO E INSTALAÇÃO. AF_11/2016_P | E88: =IF(A88="SERVIÇO",VLOOKUP(C88,SERVIÇOS!$A$6:$D$7645,3,0),IF(A88="INSUMO",VLOOKUP(C88,INSUMOS!$A$6:$D$6961,3,0),IF('036.02-20-CANTEIRO.'!A88="COTAÇÃO",VLOOKUP('036.02-20-CANTEIRO.'!C88,'036-20-Cotação'!$A$9:$G$529,4,0),IF('036.02-20-CANTEIRO.'!A88="CCU",VLOOKUP('036.02-20-CANTEIRO.'!C88,'036-20-CCU''s'!$B$9:$H$1962,4,0))))) -> UN | F88: 1 | G88: =IF(A88="SERVIÇO",VLOOKUP(C88,SERVIÇOS!$A$6:$D$7645,4,0),IF(A88="INSUMO",VLOOKUP(C88,INSUMOS!$A$6:$D$6961,4,0),IF('036.02-20-CANTEIRO.'!A88="COTAÇÃO",VLOOKUP('036.02-20-CANTEIRO.'!C88,'036-20-Cotação'!$A$9:$G$529,3,0),IF('036.02-20-CANTEIRO.'!A88="CCU",VLOOKUP('036.02-20-CANTEIRO.'!C88,'036-20-CCU''s'!$B$9:$H$1962,7,0))))) -> 31,10 | H88: =BDI_O.A.E!$H$22 -> 0.182011 | I88: =F88*(G88*(1+H88)) -> 36.760542 | K88: =F88*(G88*(1+H88)) -> 36.760542
A89: CCU | B89: 02.01.202.14 | C89: CCU - 02.008 | D89: =IF(A89="SERVIÇO",VLOOKUP(C89,SERVIÇOS!$A$6:$D$7645,2,0),IF(A89="INSUMO",VLOOKUP(C89,INSUMOS!$A$6:$D$6961,2,0),IF('036.02-20-CANTEIRO.'!A89="COTAÇÃO",VLOOKUP('036.02-20-CANTEIRO.'!C89,'036-20-Cotação'!$A$9:$G$529,2,0),IF('036.02-20-CANTEIRO.'!A89="CCU",VLOOKUP('036.02-20-CANTEIRO.'!C89,'036-20-CCU''s'!$B$9:$H$1962,2,0))))) -> CORDOALHA DE AÇO 9,54MM - FORNECIMENTO E INSTALAÇÃO | E89: =IF(A89="SERVIÇO",VLOOKUP(C89,SERVIÇOS!$A$6:$D$7645,3,0),IF(A89="INSUMO",VLOOKUP(C89,INSUMOS!$A$6:$D$6961,3,0),IF('036.02-20-CANTEIRO.'!A89="COTAÇÃO",VLOOKUP('036.02-20-CANTEIRO.'!C89,'036-20-Cotação'!$A$9:$G$529,4,0),IF('036.02-20-CANTEIRO.'!A89="CCU",VLOOKUP('036.02-20-CANTEIRO.'!C89,'036-20-CCU''s'!$B$9:$H$1962,4,0))))) -> M | F89: 133.1 | G89: =IF(A89="SERVIÇO",VLOOKUP(C89,SERVIÇOS!$A$6:$D$7645,4,0),IF(A89="INSUMO",VLOOKUP(C89,INSUMOS!$A$6:$D$6961,4,0),IF('036.02-20-CANTEIRO.'!A89="COTAÇÃO",VLOOKUP('036.02-20-CANTEIRO.'!C89,'036-20-Cotação'!$A$9:$G$529,3,0),IF('036.02-20-CANTEIRO.'!A89="CCU",VLOOKUP('036.02-20-CANTEIRO.'!C89,'036-20-CCU''s'!$B$9:$H$1962,7,0))))) -> 11.010465 | H89: =BDI_O.A.E!$H$22 -> 0.182011 | I89: =F89*(G89*(1+H89)) -> 1732.2287 | K89: =F89*(G89*(1+H89)) -> 1732.2287
A90: SERVIÇO | B90: 02.01.202.15 | C90: 83475 | D90: =IF(A90="SERVIÇO",VLOOKUP(C90,SERVIÇOS!$A$6:$D$7645,2,0),IF(A90="INSUMO",VLOOKUP(C90,INSUMOS!$A$6:$D$6961,2,0),IF('036.02-20-CANTEIRO.'!A90="COTAÇÃO",VLOOKUP('036.02-20-CANTEIRO.'!C90,'036-20-Cotação'!$A$9:$G$529,2,0),IF('036.02-20-CANTEIRO.'!A90="CCU",VLOOKUP('036.02-20-CANTEIRO.'!C90,'036-20-CCU''s'!$B$9:$H$1962,2,0))))) -> LUMINARIA FECHADA PARA ILUMINACAO PUBLICA COM REATOR DE PARTIDA RAPIDA COM LAMPADA A VAPOR DE MERCURIO 250W - FORNECIMENTO E INSTALACAO | E90: =IF(A90="SERVIÇO",VLOOKUP(C90,SERVIÇOS!$A$6:$D$7645,3,0),IF(A90="INSUMO",VLOOKUP(C90,INSUMOS!$A$6:$D$6961,3,0),IF('036.02-20-CANTEIRO.'!A90="COTAÇÃO",VLOOKUP('036.02-20-CANTEIRO.'!C90,'036-20-Cotação'!$A$9:$G$529,4,0),IF('036.02-20-CANTEIRO.'!A90="CCU",VLOOKUP('036.02-20-CANTEIRO.'!C90,'036-20-CCU''s'!$B$9:$H$1962,4,0))))) -> UN | F90: 29 | G90: =IF(A90="SERVIÇO",VLOOKUP(C90,SERVIÇOS!$A$6:$D$7645,4,0),IF(A90="INSUMO",VLOOKUP(C90,INSUMOS!$A$6:$D$6961,4,0),IF('036.02-20-CANTEIRO.'!A90="COTAÇÃO",VLOOKUP('036.02-20-CANTEIRO.'!C90,'036-20-Cotação'!$A$9:$G$529,3,0),IF('036.02-20-CANTEIRO.'!A90="CCU",VLOOKUP('036.02-20-CANTEIRO.'!C90,'036-20-CCU''s'!$B$9:$H$1962,7,0))))) -> 375,32 | H90: =BDI_O.A.E!$H$22 -> 0.182011 | I90: =F90*(G90*(1+H90)) -> 12865.339 | K90: =F90*(G90*(1+H90)) -> 12865.339
A91: CCU | B91: 02.01.202.16 | C91: CCU - 02.009 | D91: =IF(A91="SERVIÇO",VLOOKUP(C91,SERVIÇOS!$A$6:$D$7645,2,0),IF(A91="INSUMO",VLOOKUP(C91,INSUMOS!$A$6:$D$6961,2,0),IF('036.02-20-CANTEIRO.'!A91="COTAÇÃO",VLOOKUP('036.02-20-CANTEIRO.'!C91,'036-20-Cotação'!$A$9:$G$529,2,0),IF('036.02-20-CANTEIRO.'!A91="CCU",VLOOKUP('036.02-20-CANTEIRO.'!C91,'036-20-CCU''s'!$B$9:$H$1962,2,0))))) -> LUMINÁRIA ARANDELA TIPO TARTARUGA, COM GRADE, PARA 1 LÂMPADA DE 60 W - FORNECIMENTO E INSTALAÇÃO. AF_11/2017 | E91: =IF(A91="SERVIÇO",VLOOKUP(C91,SERVIÇOS!$A$6:$D$7645,3,0),IF(A91="INSUMO",VLOOKUP(C91,INSUMOS!$A$6:$D$6961,3,0),IF('036.02-20-CANTEIRO.'!A91="COTAÇÃO",VLOOKUP('036.02-20-CANTEIRO.'!C91,'036-20-Cotação'!$A$9:$G$529,4,0),IF('036.02-20-CANTEIRO.'!A91="CCU",VLOOKUP('036.02-20-CANTEIRO.'!C91,'036-20-CCU''s'!$B$9:$H$1962,4,0))))) -> UN | F91: 10 | G91: =IF(A91="SERVIÇO",VLOOKUP(C91,SERVIÇOS!$A$6:$D$7645,4,0),IF(A91="INSUMO",VLOOKUP(C91,INSUMOS!$A$6:$D$6961,4,0),IF('036.02-20-CANTEIRO.'!A91="COTAÇÃO",VLOOKUP('036.02-20-CANTEIRO.'!C91,'036-20-Cotação'!$A$9:$G$529,3,0),IF('036.02-20-CANTEIRO.'!A91="CCU",VLOOKUP('036.02-20-CANTEIRO.'!C91,'036-20-CCU''s'!$B$9:$H$1962,7,0))))) -> 84.701523 | H91: =BDI_O.A.E!$H$22 -> 0.182011 | I91: =F91*(G91*(1+H91)) -> 1001.1813 | K91: =F91*(G91*(1+H91)) -> 1001.1813
A92: CCU | B92: 02.01.202.17 | C92: CCU - 02.010 | D92: =IF(A92="SERVIÇO",VLOOKUP(C92,SERVIÇOS!$A$6:$D$7645,2,0),IF(A92="INSUMO",VLOOKUP(C92,INSUMOS!$A$6:$D$6961,2,0),IF('036.02-20-CANTEIRO.'!A92="COTAÇÃO",VLOOKUP('036.02-20-CANTEIRO.'!C92,'036-20-Cotação'!$A$9:$G$529,2,0),IF('036.02-20-CANTEIRO.'!A92="CCU",VLOOKUP('036.02-20-CANTEIRO.'!C92,'036-20-CCU''s'!$B$9:$H$1962,2,0))))) -> REFLETOR LED COM POTENCIA DE 30W - FORNECIMENTO E INSTALAÇÃO | E92: =IF(A92="SERVIÇO",VLOOKUP(C92,SERVIÇOS!$A$6:$D$7645,3,0),IF(A92="INSUMO",VLOOKUP(C92,INSUMOS!$A$6:$D$6961,3,0),IF('036.02-20-CANTEIRO.'!A92="COTAÇÃO",VLOOKUP('036.02-20-CANTEIRO.'!C92,'036-20-Cotação'!$A$9:$G$529,4,0),IF('036.02-20-CANTEIRO.'!A92="CCU",VLOOKUP('036.02-20-CANTEIRO.'!C92,'036-20-CCU''s'!$B$9:$H$1962,4,0))))) -> UN | F92: 2 | G92: =IF(A92="SERVIÇO",VLOOKUP(C92,SERVIÇOS!$A$6:$D$7645,4,0),IF(A92="INSUMO",VLOOKUP(C92,INSUMOS!$A$6:$D$6961,4,0),IF('036.02-20-CANTEIRO.'!A92="COTAÇÃO",VLOOKUP('036.02-20-CANTEIRO.'!C92,'036-20-Cotação'!$A$9:$G$529,3,0),IF('036.02-20-CANTEIRO.'!A92="CCU",VLOOKUP('036.02-20-CANTEIRO.'!C92,'036-20-CCU''s'!$B$9:$H$1962,7,0))))) -> 66.525 | H92: =BDI_O.A.E!$H$22 -> 0.182011 | I92: =F92*(G92*(1+H92)) -> 157.26656 | K92: =F92*(G92*(1+H92)) -> 157.26656
A93: CCU | B93: 02.01.202.18 | C93: CCU - 02.011 | D93: =IF(A93="SERVIÇO",VLOOKUP(C93,SERVIÇOS!$A$6:$D$7645,2,0),IF(A93="INSUMO",VLOOKUP(C93,INSUMOS!$A$6:$D$6961,2,0),IF('036.02-20-CANTEIRO.'!A93="COTAÇÃO",VLOOKUP('036.02-20-CANTEIRO.'!C93,'036-20-Cotação'!$A$9:$G$529,2,0),IF('036.02-20-CANTEIRO.'!A93="CCU",VLOOKUP('036.02-20-CANTEIRO.'!C93,'036-20-CCU''s'!$B$9:$H$1962,2,0))))) -> POSTE DE AÇO CONICO CONTÍNUO CURVO SIMPLES, FLANGEADO, COM JANELA DE INSPEÇÃO H=7M - FORNECIMENTO E INSTALACAO | E93: =IF(A93="SERVIÇO",VLOOKUP(C93,SERVIÇOS!$A$6:$D$7645,3,0),IF(A93="INSUMO",VLOOKUP(C93,INSUMOS!$A$6:$D$6961,3,0),IF('036.02-20-CANTEIRO.'!A93="COTAÇÃO",VLOOKUP('036.02-20-CANTEIRO.'!C93,'036-20-Cotação'!$A$9:$G$529,4,0),IF('036.02-20-CANTEIRO.'!A93="CCU",VLOOKUP('036.02-20-CANTEIRO.'!C93,'036-20-CCU''s'!$B$9:$H$1962,4,0))))) -> UN | F93: 31 | G93: =IF(A93="SERVIÇO",VLOOKUP(C93,SERVIÇOS!$A$6:$D$7645,4,0),IF(A93="INSUMO",VLOOKUP(C93,INSUMOS!$A$6:$D$6961,4,0),IF('036.02-20-CANTEIRO.'!A93="COTAÇÃO",VLOOKUP('036.02-20-CANTEIRO.'!C93,'036-20-Cotação'!$A$9:$G$529,3,0),IF('036.02-20-CANTEIRO.'!A93="CCU",VLOOKUP('036.02-20-CANTEIRO.'!C93,'036-20-CCU''s'!$B$9:$H$1962,7,0))))) -> 918.14 | H93: =BDI_O.A.E!$H$22 -> 0.182011 | I93: =F93*(G93*(1+H93)) -> 33642.799 | K93: =F93*(G93*(1+H93)) -> 33642.799
A94: SERVIÇO | B94: 02.01.202.19 | C94: 95750 | D94: =IF(A94="SERVIÇO",VLOOKUP(C94,SERVIÇOS!$A$6:$D$7645,2,0),IF(A94="INSUMO",VLOOKUP(C94,INSUMOS!$A$6:$D$6961,2,0),IF('036.02-20-CANTEIRO.'!A94="COTAÇÃO",VLOOKUP('036.02-20-CANTEIRO.'!C94,'036-20-Cotação'!$A$9:$G$529,2,0),IF('036.02-20-CANTEIRO.'!A94="CCU",VLOOKUP('036.02-20-CANTEIRO.'!C94,'036-20-CCU''s'!$B$9:$H$1962,2,0))))) -> ELETRODUTO DE AÇO GALVANIZADO, CLASSE LEVE, DN 25 MM (1), APARENTE, INSTALADO EM PAREDE - FORNECIMENTO E INSTALAÇÃO. AF_11/2016_P | E94: =IF(A94="SERVIÇO",VLOOKUP(C94,SERVIÇOS!$A$6:$D$7645,3,0),IF(A94="INSUMO",VLOOKUP(C94,INSUMOS!$A$6:$D$6961,3,0),IF('036.02-20-CANTEIRO.'!A94="COTAÇÃO",VLOOKUP('036.02-20-CANTEIRO.'!C94,'036-20-Cotação'!$A$9:$G$529,4,0),IF('036.02-20-CANTEIRO.'!A94="CCU",VLOOKUP('036.02-20-CANTEIRO.'!C94,'036-20-CCU''s'!$B$9:$H$1962,4,0))))) -> M | F94: 117.5 | G94: =IF(A94="SERVIÇO",VLOOKUP(C94,SERVIÇOS!$A$6:$D$7645,4,0),IF(A94="INSUMO",VLOOKUP(C94,INSUMOS!$A$6:$D$6961,4,0),IF('036.02-20-CANTEIRO.'!A94="COTAÇÃO",VLOOKUP('036.02-20-CANTEIRO.'!C94,'036-20-Cotação'!$A$9:$G$529,3,0),IF('036.02-20-CANTEIRO.'!A94="CCU",VLOOKUP('036.02-20-CANTEIRO.'!C94,'036-20-CCU''s'!$B$9:$H$1962,7,0))))) -> 26,74 | I94: =F94*(G94*(1+H94)) -> 3141.95 | K94: =F94*(G94*(1+H94)) -> 3141.95
A95: SERVIÇO | B95: 02.01.202.20 | C95: 91849 | D95: =IF(A95="SERVIÇO",VLOOKUP(C95,SERVIÇOS!$A$6:$D$7645,2,0),IF(A95="INSUMO",VLOOKUP(C95,INSUMOS!$A$6:$D$6961,2,0),IF('036.02-20-CANTEIRO.'!A95="COTAÇÃO",VLOOKUP('036.02-20-CANTEIRO.'!C95,'036-20-Cotação'!$A$9:$G$529,2,0),IF('036.02-20-CANTEIRO.'!A95="CCU",VLOOKUP('036.02-20-CANTEIRO.'!C95,'036-20-CCU''s'!$B$9:$H$1962,2,0))))) -> ELETRODUTO FLEXÍVEL LISO, PEAD, DN 32 MM (1"), PARA CIRCUITOS TERMINAIS, INSTALADO EM LAJE - FORNECIMENTO E INSTALAÇÃO. AF_12/2015 | E95: =IF(A95="SERVIÇO",VLOOKUP(C95,SERVIÇOS!$A$6:$D$7645,3,0),IF(A95="INSUMO",VLOOKUP(C95,INSUMOS!$A$6:$D$6961,3,0),IF('036.02-20-CANTEIRO.'!A95="COTAÇÃO",VLOOKUP('036.02-20-CANTEIRO.'!C95,'036-20-Cotação'!$A$9:$G$529,4,0),IF('036.02-20-CANTEIRO.'!A95="CCU",VLOOKUP('036.02-20-CANTEIRO.'!C95,'036-20-CCU''s'!$B$9:$H$1962,4,0))))) -> M | F95: 523 | G95: =IF(A95="SERVIÇO",VLOOKUP(C95,SERVIÇOS!$A$6:$D$7645,4,0),IF(A95="INSUMO",VLOOKUP(C95,INSUMOS!$A$6:$D$6961,4,0),IF('036.02-20-CANTEIRO.'!A95="COTAÇÃO",VLOOKUP('036.02-20-CANTEIRO.'!C95,'036-20-Cotação'!$A$9:$G$529,3,0),IF('036.02-20-CANTEIRO.'!A95="CCU",VLOOKUP('036.02-20-CANTEIRO.'!C95,'036-20-CCU''s'!$B$9:$H$1962,7,0))))) -> 6,60 | H95: =BDI_O.A.E!$H$22 -> 0.182011 | I95: =F95*(G95*(1+H95)) -> 4080.0656 | K95: =F95*(G95*(1+H95)) -> 4080.0656
A96: SERVIÇO | B96: 02.01.202.21 | C96: 91851 | D96: =IF(A96="SERVIÇO",VLOOKUP(C96,SERVIÇOS!$A$6:$D$7645,2,0),IF(A96="INSUMO",VLOOKUP(C96,INSUMOS!$A$6:$D$6961,2,0),IF('036.02-20-CANTEIRO.'!A96="COTAÇÃO",VLOOKUP('036.02-20-CANTEIRO.'!C96,'036-20-Cotação'!$A$9:$G$529,2,0),IF('036.02-20-CANTEIRO.'!A96="CCU",VLOOKUP('036.02-20-CANTEIRO.'!C96,'036-20-CCU''s'!$B$9:$H$1962,2,0))))) -> ELETRODUTO FLEXÍVEL LISO, PEAD, DN 40 MM (1 1/4"), PARA CIRCUITOS TERMINAIS, INSTALADO EM LAJE - FORNECIMENTO E INSTALAÇÃO. AF_12/2015 | E96: =IF(A96="SERVIÇO",VLOOKUP(C96,SERVIÇOS!$A$6:$D$7645,3,0),IF(A96="INSUMO",VLOOKUP(C96,INSUMOS!$A$6:$D$6961,3,0),IF('036.02-20-CANTEIRO.'!A96="COTAÇÃO",VLOOKUP('036.02-20-CANTEIRO.'!C96,'036-20-Cotação'!$A$9:$G$529,4,0),IF('036.02-20-CANTEIRO.'!A96="CCU",VLOOKUP('036.02-20-CANTEIRO.'!C96,'036-20-CCU''s'!$B$9:$H$1962,4,0))))) -> M | F96: 257 | G96: =IF(A96="SERVIÇO",VLOOKUP(C96,SERVIÇOS!$A$6:$D$7645,4,0),IF(A96="INSUMO",VLOOKUP(C96,INSUMOS!$A$6:$D$6961,4,0),IF('036.02-20-CANTEIRO.'!A96="COTAÇÃO",VLOOKUP('036.02-20-CANTEIRO.'!C96,'036-20-Cotação'!$A$9:$G$529,3,0),IF('036.02-20-CANTEIRO.'!A96="CCU",VLOOKUP('036.02-20-CANTEIRO.'!C96,'036-20-CCU''s'!$B$9:$H$1962,7,0))))) -> 8,22 | H96: =BDI_O.A.E!$H$22 -> 0.182011 | I96: =F96*(G96*(1+H96)) -> 2497.0455 | K96: =F96*(G96*(1+H96)) -> 2497.0455
A97: SERVIÇO | B97: 02.01.202.22 | C97: 97667 | D97: =IF(A97="SERVIÇO",VLOOKUP(C97,SERVIÇOS!$A$6:$D$7645,2,0),IF(A97="INSUMO",VLOOKUP(C97,INSUMOS!$A$6:$D$6961,2,0),IF('036.02-20-CANTEIRO.'!A97="COTAÇÃO",VLOOKUP('036.02-20-CANTEIRO.'!C97,'036-20-Cotação'!$A$9:$G$529,2,0),IF('036.02-20-CANTEIRO.'!A97="CCU",VLOOKUP('036.02-20-CANTEIRO.'!C97,'036-20-CCU''s'!$B$9:$H$1962,2,0))))) -> ELETRODUTO FLEXÍVEL CORRUGADO, PEAD, DN 50 (1 ½) - FORNECIMENTO E INSTALAÇÃO. AF_04/2016 | E97: =IF(A97="SERVIÇO",VLOOKUP(C97,SERVIÇOS!$A$6:$D$7645,3,0),IF(A97="INSUMO",VLOOKUP(C97,INSUMOS!$A$6:$D$6961,3,0),IF('036.02-20-CANTEIRO.'!A97="COTAÇÃO",VLOOKUP('036.02-20-CANTEIRO.'!C97,'036-20-Cotação'!$A$9:$G$529,4,0),IF('036.02-20-CANTEIRO.'!A97="CCU",VLOOKUP('036.02-20-CANTEIRO.'!C97,'036-20-CCU''s'!$B$9:$H$1962,4,0))))) -> M | F97: 18 | G97: =IF(A97="SERVIÇO",VLOOKUP(C97,SERVIÇOS!$A$6:$D$7645,4,0),IF(A97="INSUMO",VLOOKUP(C97,INSUMOS!$A$6:$D$6961,4,0),IF('036.02-20-CANTEIRO.'!A97="COTAÇÃO",VLOOKUP('036.02-20-CANTEIRO.'!C97,'036-20-Cotação'!$A$9:$G$529,3,0),IF('036.02-20-CANTEIRO.'!A97="CCU",VLOOKUP('036.02-20-CANTEIRO.'!C97,'036-20-CCU''s'!$B$9:$H$1962,7,0))))) -> 6,46 | H97: =BDI_O.A.E!$H$22 -> 0.182011 | I97: =F97*(G97*(1+H97)) -> 137.44424 | K97: =F97*(G97*(1+H97)) -> 137.44424
A98: SERVIÇO | B98: 02.01.202.23 | C98: 97668 | D98: =IF(A98="SERVIÇO",VLOOKUP(C98,SERVIÇOS!$A$6:$D$7645,2,0),IF(A98="INSUMO",VLOOKUP(C98,INSUMOS!$A$6:$D$6961,2,0),IF('036.02-20-CANTEIRO.'!A98="COTAÇÃO",VLOOKUP('036.02-20-CANTEIRO.'!C98,'036-20-Cotação'!$A$9:$G$529,2,0),IF('036.02-20-CANTEIRO.'!A98="CCU",VLOOKUP('036.02-20-CANTEIRO.'!C98,'036-20-CCU''s'!$B$9:$H$1962,2,0))))) -> ELETRODUTO FLEXÍVEL CORRUGADO, PEAD, DN 63 (2") - FORNECIMENTO E INSTALAÇÃO. AF_04/2016 | E98: =IF(A98="SERVIÇO",VLOOKUP(C98,SERVIÇOS!$A$6:$D$7645,3,0),IF(A98="INSUMO",VLOOKUP(C98,INSUMOS!$A$6:$D$6961,3,0),IF('036.02-20-CANTEIRO.'!A98="COTAÇÃO",VLOOKUP('036.02-20-CANTEIRO.'!C98,'036-20-Cotação'!$A$9:$G$529,4,0),IF('036.02-20-CANTEIRO.'!A98="CCU",VLOOKUP('036.02-20-CANTEIRO.'!C98,'036-20-CCU''s'!$B$9:$H$1962,4,0))))) -> M | F98: 14 | G98: =IF(A98="SERVIÇO",VLOOKUP(C98,SERVIÇOS!$A$6:$D$7645,4,0),IF(A98="INSUMO",VLOOKUP(C98,INSUMOS!$A$6:$D$6961,4,0),IF('036.02-20-CANTEIRO.'!A98="COTAÇÃO",VLOOKUP('036.02-20-CANTEIRO.'!C98,'036-20-Cotação'!$A$9:$G$529,3,0),IF('036.02-20-CANTEIRO.'!A98="CCU",VLOOKUP('036.02-20-CANTEIRO.'!C98,'036-20-CCU''s'!$B$9:$H$1962,7,0))))) -> 9,92 | H98: =BDI_O.A.E!$H$22 -> 0.182011 | I98: =F98*(G98*(1+H98)) -> 164.15769 | K98: =F98*(G98*(1+H98)) -> 164.15769
A99: SERVIÇO | B99: 02.01.202.24 | C99: 97669 | D99: =IF(A99="SERVIÇO",VLOOKUP(C99,SERVIÇOS!$A$6:$D$7645,2,0),IF(A99="INSUMO",VLOOKUP(C99,INSUMOS!$A$6:$D$6961,2,0),IF('036.02-20-CANTEIRO.'!A99="COTAÇÃO",VLOOKUP('036.02-20-CANTEIRO.'!C99,'036-20-Cotação'!$A$9:$G$529,2,0),IF('036.02-20-CANTEIRO.'!A99="CCU",VLOOKUP('036.02-20-CANTEIRO.'!C99,'036-20-CCU''s'!$B$9:$H$1962,2,0))))) -> ELETRODUTO FLEXÍVEL CORRUGADO, PEAD, DN 90 (3) - FORNECIMENTO E INSTALAÇÃO. AF_04/2016 | E99: =IF(A99="SERVIÇO",VLOOKUP(C99,SERVIÇOS!$A$6:$D$7645,3,0),IF(A99="INSUMO",VLOOKUP(C99,INSUMOS!$A$6:$D$6961,3,0),IF('036.02-20-CANTEIRO.'!A99="COTAÇÃO",VLOOKUP('036.02-20-CANTEIRO.'!C99,'036-20-Cotação'!$A$9:$G$529,4,0),IF('036.02-20-CANTEIRO.'!A99="CCU",VLOOKUP('036.02-20-CANTEIRO.'!C99,'036-20-CCU''s'!$B$9:$H$1962,4,0))))) -> M | F99: 17 | G99: =IF(A99="SERVIÇO",VLOOKUP(C99,SERVIÇOS!$A$6:$D$7645,4,0),IF(A99="INSUMO",VLOOKUP(C99,INSUMOS!$A$6:$D$6961,4,0),IF('036.02-20-CANTEIRO.'!A99="COTAÇÃO",VLOOKUP('036.02-20-CANTEIRO.'!C99,'036-20-Cotação'!$A$9:$G$529,3,0),IF('036.02-20-CANTEIRO.'!A99="CCU",VLOOKUP('036.02-20-CANTEIRO.'!C99,'036-20-CCU''s'!$B$9:$H$1962,7,0))))) -> 15,88 | H99: =BDI_O.A.E!$H$22 -> 0.182011 | I99: =F99*(G99*(1+H99)) -> 319.09569 | K99: =F99*(G99*(1+H99)) -> 319.09569
A100: SERVIÇO | B100: 02.01.202.25 | C100: 91929 | D100: =IF(A100="SERVIÇO",VLOOKUP(C100,SERVIÇOS!$A$6:$D$7645,2,0),IF(A100="INSUMO",VLOOKUP(C100,INSUMOS!$A$6:$D$6961,2,0),IF('036.02-20-CANTEIRO.'!A100="COTAÇÃO",VLOOKUP('036.02-20-CANTEIRO.'!C100,'036-20-Cotação'!$A$9:$G$529,2,0),IF('036.02-20-CANTEIRO.'!A100="CCU",VLOOKUP('036.02-20-CANTEIRO.'!C100,'036-20-CCU''s'!$B$9:$H$1962,2,0))))) -> CABO DE COBRE FLEXÍVEL ISOLADO, 4 MM², ANTI-CHAMA 0,6/1,0 KV, PARA CIRCUITOS TERMINAIS - FORNECIMENTO E INSTALAÇÃO. AF_12/2015 | E100: =IF(A100="SERVIÇO",VLOOKUP(C100,SERVIÇOS!$A$6:$D$7645,3,0),IF(A100="INSUMO",VLOOKUP(C100,INSUMOS!$A$6:$D$6961,3,0),IF('036.02-20-CANTEIRO.'!A100="COTAÇÃO",VLOOKUP('036.02-20-CANTEIRO.'!C100,'036-20-Cotação'!$A$9:$G$529,4,0),IF('036.02-20-CANTEIRO.'!A100="CCU",VLOOKUP('036.02-20-CANTEIRO.'!C100,'036-20-CCU''s'!$B$9:$H$1962,4,0))))) -> M | F100: 1366.2 | G100: =IF(A100="SERVIÇO",VLOOKUP(C100,SERVIÇOS!$A$6:$D$7645,4,0),IF(A100="INSUMO",VLOOKUP(C100,INSUMOS!$A$6:$D$6961,4,0),IF('036.02-20-CANTEIRO.'!A100="COTAÇÃO",VLOOKUP('036.02-20-CANTEIRO.'!C100,'036-20-Cotação'!$A$9:$G$529,3,0),IF('036.02-20-CANTEIRO.'!A100="CCU",VLOOKUP('036.02-20-CANTEIRO.'!C100,'036-20-CCU''s'!$B$9:$H$1962,7,0))))) -> 5,31 | H100: =BDI_O.A.E!$H$22 -> 0.182011 | I100: =F100*(G100*(1+H100)) -> 8574.9248 | K100: =F100*(G100*(1+H100)) -> 8574.9248
A101: SERVIÇO | B101: 02.01.202.26 | C101: 91931 | D101: =IF(A101="SERVIÇO",VLOOKUP(C101,SERVIÇOS!$A$6:$D$7645,2,0),IF(A101="INSUMO",VLOOKUP(C101,INSUMOS!$A$6:$D$6961,2,0),IF('036.02-20-CANTEIRO.'!A101="COTAÇÃO",VLOOKUP('036.02-20-CANTEIRO.'!C101,'036-20-Cotação'!$A$9:$G$529,2,0),IF('036.02-20-CANTEIRO.'!A101="CCU",VLOOKUP('036.02-20-CANTEIRO.'!C101,'036-20-CCU''s'!$B$9:$H$1962,2,0))))) -> CABO DE COBRE FLEXÍVEL ISOLADO, 6 MM², ANTI-CHAMA 0,6/1,0 KV, PARA CIRCUITOS TERMINAIS - FORNECIMENTO E INSTALAÇÃO. AF_12/2015 | E101: =IF(A101="SERVIÇO",VLOOKUP(C101,SERVIÇOS!$A$6:$D$7645,3,0),IF(A101="INSUMO",VLOOKUP(C101,INSUMOS!$A$6:$D$6961,3,0),IF('036.02-20-CANTEIRO.'!A101="COTAÇÃO",VLOOKUP('036.02-20-CANTEIRO.'!C101,'036-20-Cotação'!$A$9:$G$529,4,0),IF('036.02-20-CANTEIRO.'!A101="CCU",VLOOKUP('036.02-20-CANTEIRO.'!C101,'036-20-CCU''s'!$B$9:$H$1962,4,0))))) -> M | F101: 1367.85 | G101: =IF(A101="SERVIÇO",VLOOKUP(C101,SERVIÇOS!$A$6:$D$7645,4,0),IF(A101="INSUMO",VLOOKUP(C101,INSUMOS!$A$6:$D$6961,4,0),IF('036.02-20-CANTEIRO.'!A101="COTAÇÃO",VLOOKUP('036.02-20-CANTEIRO.'!C101,'036-20-Cotação'!$A$9:$G$529,3,0),IF('036.02-20-CANTEIRO.'!A101="CCU",VLOOKUP('036.02-20-CANTEIRO.'!C101,'036-20-CCU''s'!$B$9:$H$1962,7,0))))) -> 7,14 | H101: =BDI_O.A.E!$H$22 -> 0.182011 | I101: =F101*(G101*(1+H101)) -> 11544.05 | K101: =F101*(G101*(1+H101)) -> 11544.05
A102: SERVIÇO | B102: 02.01.202.27 | C102: 91933 | D102: =IF(A102="SERVIÇO",VLOOKUP(C102,SERVIÇOS!$A$6:$D$7645,2,0),IF(A102="INSUMO",VLOOKUP(C102,INSUMOS!$A$6:$D$6961,2,0),IF('036.02-20-CANTEIRO.'!A102="COTAÇÃO",VLOOKUP('036.02-20-CANTEIRO.'!C102,'036-20-Cotação'!$A$9:$G$529,2,0),IF('036.02-20-CANTEIRO.'!A102="CCU",VLOOKUP('036.02-20-CANTEIRO.'!C102,'036-20-CCU''s'!$B$9:$H$1962,2,0))))) -> CABO DE COBRE FLEXÍVEL ISOLADO, 10 MM², ANTI-CHAMA 0,6/1,0 KV, PARA CIRCUITOS TERMINAIS - FORNECIMENTO E INSTALAÇÃO. AF_12/2015 | E102: =IF(A102="SERVIÇO",VLOOKUP(C102,SERVIÇOS!$A$6:$D$7645,3,0),IF(A102="INSUMO",VLOOKUP(C102,INSUMOS!$A$6:$D$6961,3,0),IF('036.02-20-CANTEIRO.'!A102="COTAÇÃO",VLOOKUP('036.02-20-CANTEIRO.'!C102,'036-20-Cotação'!$A$9:$G$529,4,0),IF('036.02-20-CANTEIRO.'!A102="CCU",VLOOKUP('036.02-20-CANTEIRO.'!C102,'036-20-CCU''s'!$B$9:$H$1962,4,0))))) -> M | F102: 803.55 | G102: =IF(A102="SERVIÇO",VLOOKUP(C102,SERVIÇOS!$A$6:$D$7645,4,0),IF(A102="INSUMO",VLOOKUP(C102,INSUMOS!$A$6:$D$6961,4,0),IF('036.02-20-CANTEIRO.'!A102="COTAÇÃO",VLOOKUP('036.02-20-CANTEIRO.'!C102,'036-20-Cotação'!$A$9:$G$529,3,0),IF('036.02-20-CANTEIRO.'!A102="CCU",VLOOKUP('036.02-20-CANTEIRO.'!C102,'036-20-CCU''s'!$B$9:$H$1962,7,0))))) -> 11,18 | H102: =BDI_O.A.E!$H$22 -> 0.182011 | I102: =F102*(G102*(1+H102)) -> 10618.819 | K102: =F102*(G102*(1+H102)) -> 10618.819
A103: SERVIÇO | B103: 02.01.202.28 | C103: 92986 | D103: =IF(A103="SERVIÇO",VLOOKUP(C103,SERVIÇOS!$A$6:$D$7645,2,0),IF(A103="INSUMO",VLOOKUP(C103,INSUMOS!$A$6:$D$6961,2,0),IF('036.02-20-CANTEIRO.'!A103="COTAÇÃO",VLOOKUP('036.02-20-CANTEIRO.'!C103,'036-20-Cotação'!$A$9:$G$529,2,0),IF('036.02-20-CANTEIRO.'!A103="CCU",VLOOKUP('036.02-20-CANTEIRO.'!C103,'036-20-CCU''s'!$B$9:$H$1962,2,0))))) -> CABO DE COBRE FLEXÍVEL ISOLADO, 35 MM², ANTI-CHAMA 0,6/1,0 KV, PARA DISTRIBUIÇÃO - FORNECIMENTO E INSTALAÇÃO. AF_12/2015 | E103: =IF(A103="SERVIÇO",VLOOKUP(C103,SERVIÇOS!$A$6:$D$7645,3,0),IF(A103="INSUMO",VLOOKUP(C103,INSUMOS!$A$6:$D$6961,3,0),IF('036.02-20-CANTEIRO.'!A103="COTAÇÃO",VLOOKUP('036.02-20-CANTEIRO.'!C103,'036-20-Cotação'!$A$9:$G$529,4,0),IF('036.02-20-CANTEIRO.'!A103="CCU",VLOOKUP('036.02-20-CANTEIRO.'!C103,'036-20-CCU''s'!$B$9:$H$1962,4,0))))) -> M | F103: 18.7 | G103: =IF(A103="SERVIÇO",VLOOKUP(C103,SERVIÇOS!$A$6:$D$7645,4,0),IF(A103="INSUMO",VLOOKUP(C103,INSUMOS!$A$6:$D$6961,4,0),IF('036.02-20-CANTEIRO.'!A103="COTAÇÃO",VLOOKUP('036.02-20-CANTEIRO.'!C103,'036-20-Cotação'!$A$9:$G$529,3,0),IF('036.02-20-CANTEIRO.'!A103="CCU",VLOOKUP('036.02-20-CANTEIRO.'!C103,'036-20-CCU''s'!$B$9:$H$1962,7,0))))) -> 25,12 | H103: =BDI_O.A.E!$H$22 -> 0.182011 | I103: =F103*(G103*(1+H103)) -> 555.24258 | K103: =F103*(G103*(1+H103)) -> 555.24258
A104: SERVIÇO | B104: 02.01.202.29 | C104: 92990 | D104: =IF(A104="SERVIÇO",VLOOKUP(C104,SERVIÇOS!$A$6:$D$7645,2,0),IF(A104="INSUMO",VLOOKUP(C104,INSUMOS!$A$6:$D$6961,2,0),IF('036.02-20-CANTEIRO.'!A104="COTAÇÃO",VLOOKUP('036.02-20-CANTEIRO.'!C104,'036-20-Cotação'!$A$9:$G$529,2,0),IF('036.02-20-CANTEIRO.'!A104="CCU",VLOOKUP('036.02-20-CANTEIRO.'!C104,'036-20-CCU''s'!$B$9:$H$1962,2,0))))) -> CABO DE COBRE FLEXÍVEL ISOLADO, 70 MM², ANTI-CHAMA 0,6/1,0 KV, PARA DISTRIBUIÇÃO - FORNECIMENTO E INSTALAÇÃO. AF_12/2015 | E104: =IF(A104="SERVIÇO",VLOOKUP(C104,SERVIÇOS!$A$6:$D$7645,3,0),IF(A104="INSUMO",VLOOKUP(C104,INSUMOS!$A$6:$D$6961,3,0),IF('036.02-20-CANTEIRO.'!A104="COTAÇÃO",VLOOKUP('036.02-20-CANTEIRO.'!C104,'036-20-Cotação'!$A$9:$G$529,4,0),IF('036.02-20-CANTEIRO.'!A104="CCU",VLOOKUP('036.02-20-CANTEIRO.'!C104,'036-20-CCU''s'!$B$9:$H$1962,4,0))))) -> M | F104: 74.8 | G104: =IF(A104="SERVIÇO",VLOOKUP(C104,SERVIÇOS!$A$6:$D$7645,4,0),IF(A104="INSUMO",VLOOKUP(C104,INSUMOS!$A$6:$D$6961,4,0),IF('036.02-20-CANTEIRO.'!A104="COTAÇÃO",VLOOKUP('036.02-20-CANTEIRO.'!C104,'036-20-Cotação'!$A$9:$G$529,3,0),IF('036.02-20-CANTEIRO.'!A104="CCU",VLOOKUP('036.02-20-CANTEIRO.'!C104,'036-20-CCU''s'!$B$9:$H$1962,7,0))))) -> 48,01 | H104: =BDI_O.A.E!$H$22 -> 0.182011 | I104: =F104*(G104*(1+H104)) -> 4244.7764 | K104: =F104*(G104*(1+H104)) -> 4244.7764
A105: SERVIÇO | B105: 02.01.202.30 | C105: 96977 | D105: =IF(A105="SERVIÇO",VLOOKUP(C105,SERVIÇOS!$A$6:$D$7645,2,0),IF(A105="INSUMO",VLOOKUP(C105,INSUMOS!$A$6:$D$6961,2,0),IF('036.02-20-CANTEIRO.'!A105="COTAÇÃO",VLOOKUP('036.02-20-CANTEIRO.'!C105,'036-20-Cotação'!$A$9:$G$529,2,0),IF('036.02-20-CANTEIRO.'!A105="CCU",VLOOKUP('036.02-20-CANTEIRO.'!C105,'036-20-CCU''s'!$B$9:$H$1962,2,0))))) -> CORDOALHA DE COBRE NU 50 MM², ENTERRADA, SEM ISOLADOR - FORNECIMENTO E INSTALAÇÃO. AF_12/2017 | E105: =IF(A105="SERVIÇO",VLOOKUP(C105,SERVIÇOS!$A$6:$D$7645,3,0),IF(A105="INSUMO",VLOOKUP(C105,INSUMOS!$A$6:$D$6961,3,0),IF('036.02-20-CANTEIRO.'!A105="COTAÇÃO",VLOOKUP('036.02-20-CANTEIRO.'!C105,'036-20-Cotação'!$A$9:$G$529,4,0),IF('036.02-20-CANTEIRO.'!A105="CCU",VLOOKUP('036.02-20-CANTEIRO.'!C105,'036-20-CCU''s'!$B$9:$H$1962,4,0))))) -> M | F105: 18.15 | G105: =IF(A105="SERVIÇO",VLOOKUP(C105,SERVIÇOS!$A$6:$D$7645,4,0),IF(A105="INSUMO",VLOOKUP(C105,INSUMOS!$A$6:$D$6961,4,0),IF('036.02-20-CANTEIRO.'!A105="COTAÇÃO",VLOOKUP('036.02-20-CANTEIRO.'!C105,'036-20-Cotação'!$A$9:$G$529,3,0),IF('036.02-20-CANTEIRO.'!A105="CCU",VLOOKUP('036.02-20-CANTEIRO.'!C105,'036-20-CCU''s'!$B$9:$H$1962,7,0))))) -> 25,99 | H105: =BDI_O.A.E!$H$22 -> 0.182011 | I105: =F105*(G105*(1+H105)) -> 557.57646 | K105: =F105*(G105*(1+H105)) -> 557.57646
A106: SERVIÇO | B106: 02.01.202.31 | C106: 93358 | D106: =IF(A106="SERVIÇO",VLOOKUP(C106,SERVIÇOS!$A$6:$D$7645,2,0),IF(A106="INSUMO",VLOOKUP(C106,INSUMOS!$A$6:$D$6961,2,0),IF('036.02-20-CANTEIRO.'!A106="COTAÇÃO",VLOOKUP('036.02-20-CANTEIRO.'!C106,'036-20-Cotação'!$A$9:$G$529,2,0),IF('036.02-20-CANTEIRO.'!A106="CCU",VLOOKUP('036.02-20-CANTEIRO.'!C106,'036-20-CCU''s'!$B$9:$H$1962,2,0))))) -> ESCAVAÇÃO MANUAL DE VALA COM PROFUNDIDADE MENOR OU IGUAL A 1,30 M. AF_03/2016 | E106: =IF(A106="SERVIÇO",VLOOKUP(C106,SERVIÇOS!$A$6:$D$7645,3,0),IF(A106="INSUMO",VLOOKUP(C106,INSUMOS!$A$6:$D$6961,3,0),IF('036.02-20-CANTEIRO.'!A106="COTAÇÃO",VLOOKUP('036.02-20-CANTEIRO.'!C106,'036-20-Cotação'!$A$9:$G$529,4,0),IF('036.02-20-CANTEIRO.'!A106="CCU",VLOOKUP('036.02-20-CANTEIRO.'!C106,'036-20-CCU''s'!$B$9:$H$1962,4,0))))) -> M3 | F106: 115.95 | G106: =IF(A106="SERVIÇO",VLOOKUP(C106,SERVIÇOS!$A$6:$D$7645,4,0),IF(A106="INSUMO",VLOOKUP(C106,INSUMOS!$A$6:$D$6961,4,0),IF('036.02-20-CANTEIRO.'!A106="COTAÇÃO",VLOOKUP('036.02-20-CANTEIRO.'!C106,'036-20-Cotação'!$A$9:$G$529,3,0),IF('036.02-20-CANTEIRO.'!A106="CCU",VLOOKUP('036.02-20-CANTEIRO.'!C106,'036-20-CCU''s'!$B$9:$H$1962,7,0))))) -> 65,59 | H106: =BDI_O.A.E!$H$22 -> 0.182011 | I106: =F106*(G106*(1+H106)) -> 8989.3834 | K106: =F106*(G106*(1+H106)) -> 8989.3834
... A108: SERVIÇO | B108: 02.01.202.33 | C108: 93382 | D108: =IF(A108="SERVIÇO",VLOOKUP(C108,SERVIÇOS!$A$6:$D$7645,2,0),IF(A108="INSUMO",VLOOKUP(C108,INSUMOS!$A$6:$D$6961,2,0),IF('036.02-20-CANTEIRO.'!A108="COTAÇÃO",VLOOKUP('036.02-20-CANTEIRO.'!C108,'036-20-Cotação'!$A$9:$G$529,2,0),IF('036.02-20-CANTEIRO.'!A108="CCU",VLOOKUP('036.02-20-CANTEIRO.'!C108,'036-20-CCU''s'!$B$9:$H$1962,2,0))))) -> REATERRO MANUAL DE VALAS COM COMPACTAÇÃO MECANIZADA. AF_04/2016 | E108: =IF(A108="SERVIÇO",VLOOKUP(C108,SERVIÇOS!$A$6:$D$7645,3,0),IF(A108="INSUMO",VLOOKUP(C108,INSUMOS!$A$6:$D$6961,3,0),IF('036.02-20-CANTEIRO.'!A108="COTAÇÃO",VLOOKUP('036.02-20-CANTEIRO.'!C108,'036-20-Cotação'!$A$9:$G$529,4,0),IF('036.02-20-CANTEIRO.'!A108="CCU",VLOOKUP('036.02-20-CANTEIRO.'!C108,'036-20-CCU''s'!$B$9:$H$1962,4,0))))) -> M3 | F108: 115.93308 | G108: =IF(A108="SERVIÇO",VLOOKUP(C108,SERVIÇOS!$A$6:$D$7645,4,0),IF(A108="INSUMO",VLOOKUP(C108,INSUMOS!$A$6:$D$6961,4,0),IF('036.02-20-CANTEIRO.'!A108="COTAÇÃO",VLOOKUP('036.02-20-CANTEIRO.'!C108,'036-20-Cotação'!$A$9:$G$529,3,0),IF('036.02-20-CANTEIRO.'!A108="CCU",VLOOKUP('036.02-20-CANTEIRO.'!C108,'036-20-CCU''s'!$B$9:$H$1962,7,0))))) -> 23,32 | H108: =BDI_O.A.E!$H$22 -> 0.182011 | I108: =F108*(G108*(1+H108)) -> 3195.6369 | K108: =F108*(G108*(1+H108)) -> 3195.6369
A109: CCU | B109: 02.01.202.34 | C109: CCU - 02.031 | D109: =IF(A109="SERVIÇO",VLOOKUP(C109,SERVIÇOS!$A$6:$D$7645,2,0),IF(A109="INSUMO",VLOOKUP(C109,INSUMOS!$A$6:$D$6961,2,0),IF('036.02-20-CANTEIRO.'!A109="COTAÇÃO",VLOOKUP('036.02-20-CANTEIRO.'!C109,'036-20-Cotação'!$A$9:$G$529,2,0),IF('036.02-20-CANTEIRO.'!A109="CCU",VLOOKUP('036.02-20-CANTEIRO.'!C109,'036-20-CCU''s'!$B$9:$H$1962,2,0))))) -> ILUMINAÇÃO PROVISÓRIA DO CAIXÃO DA PONTE, COM LAMPADAS A CADA 2,5M - FORNECIMENTO E INSTALAÇÃO | E109: =IF(A109="SERVIÇO",VLOOKUP(C109,SERVIÇOS!$A$6:$D$7645,3,0),IF(A109="INSUMO",VLOOKUP(C109,INSUMOS!$A$6:$D$6961,3,0),IF('036.02-20-CANTEIRO.'!A109="COTAÇÃO",VLOOKUP('036.02-20-CANTEIRO.'!C109,'036-20-Cotação'!$A$9:$G$529,4,0),IF('036.02-20-CANTEIRO.'!A109="CCU",VLOOKUP('036.02-20-CANTEIRO.'!C109,'036-20-CCU''s'!$B$9:$H$1962,4,0))))) -> M | F109: 1200 | G109: =IF(A109="SERVIÇO",VLOOKUP(C109,SERVIÇOS!$A$6:$D$7645,4,0),IF(A109="INSUMO",VLOOKUP(C109,INSUMOS!$A$6:$D$6961,4,0),IF('036.02-20-CANTEIRO.'!A109="COTAÇÃO",VLOOKUP('036.02-20-CANTEIRO.'!C109,'036-20-Cotação'!$A$9:$G$529,3,0),IF('036.02-20-CANTEIRO.'!A109="CCU",VLOOKUP('036.02-20-CANTEIRO.'!C109,'036-20-CCU''s'!$B$9:$H$1962,7,0))))) -> 16.34 | H109: =BDI_O.A.E!$H$22 -> 0.182011 | I109: =F109*(G109*(1+H109)) -> 23176.872 | K109: =F109*(G109*(1+H109)) -> 23176.872
A110: SERVIÇO | B110: 02.01.205 | D110: ESGOTO | K110: =F110*(G110*(1+H110)) -> 0
A111: SERVIÇO | B111: 02.01.205.1 | C111: 90694 | D111: =IF(A111="SERVIÇO",VLOOKUP(C111,SERVIÇOS!$A$6:$D$7645,2,0),IF(A111="INSUMO",VLOOKUP(C111,INSUMOS!$A$6:$D$6961,2,0),IF('036.02-20-CANTEIRO.'!A111="COTAÇÃO",VLOOKUP('036.02-20-CANTEIRO.'!C111,'036-20-Cotação'!$A$9:$G$529,2,0),IF('036.02-20-CANTEIRO.'!A111="CCU",VLOOKUP('036.02-20-CANTEIRO.'!C111,'036-20-CCU''s'!$B$9:$H$1962,2,0))))) -> TUBO DE PVC PARA REDE COLETORA DE ESGOTO DE PAREDE MACIÇA, DN 100 MM, JUNTA ELÁSTICA, INSTALADO EM LOCAL COM NÍVEL BAIXO DE INTERFERÊNCIAS - FORNECIMENTO E ASSENTAMENTO. AF_06/2015 | E111: =IF(A111="SERVIÇO",VLOOKUP(C111,SERVIÇOS!$A$6:$D$7645,3,0),IF(A111="INSUMO",VLOOKUP(C111,INSUMOS!$A$6:$D$6961,3,0),IF('036.02-20-CANTEIRO.'!A111="COTAÇÃO",VLOOKUP('036.02-20-CANTEIRO.'!C111,'036-20-Cotação'!$A$9:$G$529,4,0),IF('036.02-20-CANTEIRO.'!A111="CCU",VLOOKUP('036.02-20-CANTEIRO.'!C111,'036-20-CCU''s'!$B$9:$H$1962,4,0))))) -> M | F111: 25 | G111: =IF(A111="SERVIÇO",VLOOKUP(C111,SERVIÇOS!$A$6:$D$7645,4,0),IF(A111="INSUMO",VLOOKUP(C111,INSUMOS!$A$6:$D$6961,4,0),IF('036.02-20-CANTEIRO.'!A111="COTAÇÃO",VLOOKUP('036.02-20-CANTEIRO.'!C111,'036-20-Cotação'!$A$9:$G$529,3,0),IF('036.02-20-CANTEIRO.'!A111="CCU",VLOOKUP('036.02-20-CANTEIRO.'!C111,'036-20-CCU''s'!$B$9:$H$1962,7,0))))) -> 20,36 | H111: =BDI_O.A.E!$H$22 -> 0.182011 | I111: =F111*(G111*(1+H111)) -> 601.6436 | K111: =F111*(G111*(1+H111)) -> 601.6436
A112: SERVIÇO | B112: 02.01.205.2 | C112: 90695 | D112: =IF(A112="SERVIÇO",VLOOKUP(C112,SERVIÇOS!$A$6:$D$7645,2,0),IF(A112="INSUMO",VLOOKUP(C112,INSUMOS!$A$6:$D$6961,2,0),IF('036.02-20-CANTEIRO.'!A112="COTAÇÃO",VLOOKUP('036.02-20-CANTEIRO.'!C112,'036-20-Cotação'!$A$9:$G$529,2,0),IF('036.02-20-CANTEIRO.'!A112="CCU",VLOOKUP('036.02-20-CANTEIRO.'!C112,'036-20-CCU''s'!$B$9:$H$1962,2,0))))) -> TUBO DE PVC PARA REDE COLETORA DE ESGOTO DE PAREDE MACIÇA, DN 150 MM, JUNTA ELÁSTICA, INSTALADO EM LOCAL COM NÍVEL BAIXO DE INTERFERÊNCIAS - FORNECIMENTO E ASSENTAMENTO. AF_06/2015 | E112: =IF(A112="SERVIÇO",VLOOKUP(C112,SERVIÇOS!$A$6:$D$7645,3,0),IF(A112="INSUMO",VLOOKUP(C112,INSUMOS!$A$6:$D$6961,3,0),IF('036.02-20-CANTEIRO.'!A112="COTAÇÃO",VLOOKUP('036.02-20-CANTEIRO.'!C112,'036-20-Cotação'!$A$9:$G$529,4,0),IF('036.02-20-CANTEIRO.'!A112="CCU",VLOOKUP('036.02-20-CANTEIRO.'!C112,'036-20-CCU''s'!$B$9:$H$1962,4,0))))) -> M | F112: 41 | G112: =IF(A112="SERVIÇO",VLOOKUP(C112,SERVIÇOS!$A$6:$D$7645,4,0),IF(A112="INSUMO",VLOOKUP(C112,INSUMOS!$A$6:$D$6961,4,0),IF('036.02-20-CANTEIRO.'!A112="COTAÇÃO",VLOOKUP('036.02-20-CANTEIRO.'!C112,'036-20-Cotação'!$A$9:$G$529,3,0),IF('036.02-20-CANTEIRO.'!A112="CCU",VLOOKUP('036.02-20-CANTEIRO.'!C112,'036-20-CCU''s'!$B$9:$H$1962,7,0))))) -> 41,85 | H112: =BDI_O.A.E!$H$22 -> 0.182011 | I112: =F112*(G112*(1+H112)) -> 2028.1536 | K112: =F112*(G112*(1+H112)) -> 2028.1536
A113: SERVIÇO | B113: 02.01.205.3 | C113: 97902 | D113: =IF(A113="SERVIÇO",VLOOKUP(C113,SERVIÇOS!$A$6:$D$7645,2,0),IF(A113="INSUMO",VLOOKUP(C113,INSUMOS!$A$6:$D$6961,2,0),IF('036.02-20-CANTEIRO.'!A113="COTAÇÃO",VLOOKUP('036.02-20-CANTEIRO.'!C113,'036-20-Cotação'!$A$9:$G$529,2,0),IF('036.02-20-CANTEIRO.'!A113="CCU",VLOOKUP('036.02-20-CANTEIRO.'!C113,'036-20-CCU''s'!$B$9:$H$1962,2,0))))) -> CAIXA ENTERRADA HIDRÁULICA RETANGULAR EM ALVENARIA COM TIJOLOS CERÂMICOS MACIÇOS, DIMENSÕES INTERNAS: 0,6X0,6X0,6 M PARA REDE DE ESGOTO. AF_05/2018 | E113: =IF(A113="SERVIÇO",VLOOKUP(C113,SERVIÇOS!$A$6:$D$7645,3,0),IF(A113="INSUMO",VLOOKUP(C113,INSUMOS!$A$6:$D$6961,3,0),IF('036.02-20-CANTEIRO.'!A113="COTAÇÃO",VLOOKUP('036.02-20-CANTEIRO.'!C113,'036-20-Cotação'!$A$9:$G$529,4,0),IF('036.02-20-CANTEIRO.'!A113="CCU",VLOOKUP('036.02-20-CANTEIRO.'!C113,'036-20-CCU''s'!$B$9:$H$1962,4,0))))) -> UN | F113: 11 | G113: =IF(A113="SERVIÇO",VLOOKUP(C113,SERVIÇOS!$A$6:$D$7645,4,0),IF(A113="INSUMO",VLOOKUP(C113,INSUMOS!$A$6:$D$6961,4,0),IF('036.02-20-CANTEIRO.'!A113="COTAÇÃO",VLOOKUP('036.02-20-CANTEIRO.'!C113,'036-20-Cotação'!$A$9:$G$529,3,0),IF('036.02-20-CANTEIRO.'!A113="CCU",VLOOKUP('036.02-20-CANTEIRO.'!C113,'036-20-CCU''s'!$B$9:$H$1962,7,0))))) -> 457,09 | H113: =BDI_O.A.E!$H$22 -> 0.182011 | I113: =F113*(G113*(1+H113)) -> 5943.1395 | K113: =F113*(G113*(1+H113)) -> 5943.1395
A114: SERVIÇO | B114: 02.01.205.4 | C114: 93358 | D114: =IF(A114="SERVIÇO",VLOOKUP(C114,SERVIÇOS!$A$6:$D$7645,2,0),IF(A114="INSUMO",VLOOKUP(C114,INSUMOS!$A$6:$D$6961,2,0),IF('036.02-20-CANTEIRO.'!A114="COTAÇÃO",VLOOKUP('036.02-20-CANTEIRO.'!C114,'036-20-Cotação'!$A$9:$G$529,2,0),IF('036.02-20-CANTEIRO.'!A114="CCU",VLOOKUP('036.02-20-CANTEIRO.'!C114,'036-20-CCU''s'!$B$9:$H$1962,2,0))))) -> ESCAVAÇÃO MANUAL DE VALA COM PROFUNDIDADE MENOR OU IGUAL A 1,30 M. AF_03/2016 | E114: =IF(A114="SERVIÇO",VLOOKUP(C114,SERVIÇOS!$A$6:$D$7645,3,0),IF(A114="INSUMO",VLOOKUP(C114,INSUMOS!$A$6:$D$6961,3,0),IF('036.02-20-CANTEIRO.'!A114="COTAÇÃO",VLOOKUP('036.02-20-CANTEIRO.'!C114,'036-20-Cotação'!$A$9:$G$529,4,0),IF('036.02-20-CANTEIRO.'!A114="CCU",VLOOKUP('036.02-20-CANTEIRO.'!C114,'036-20-CCU''s'!$B$9:$H$1962,4,0))))) -> M3 | F114: 11.88 | G114: =IF(A114="SERVIÇO",VLOOKUP(C114,SERVIÇOS!$A$6:$D$7645,4,0),IF(A114="INSUMO",VLOOKUP(C114,INSUMOS!$A$6:$D$6961,4,0),IF('036.02-20-CANTEIRO.'!A114="COTAÇÃO",VLOOKUP('036.02-20-CANTEIRO.'!C114,'036-20-Cotação'!$A$9:$G$529,3,0),IF('036.02-20-CANTEIRO.'!A114="CCU",VLOOKUP('036.02-20-CANTEIRO.'!C114,'036-20-CCU''s'!$B$9:$H$1962,7,0))))) -> 65,59 | H114: =BDI_O.A.E!$H$22 -> 0.182011 | I114: =F114*(G114*(1+H114)) -> 921.03385 | K114: =F114*(G114*(1+H114)) -> 921.03385
A115: SERVIÇO | B115: 02.01.205.5 | C115: 94097 | D115: =IF(A115="SERVIÇO",VLOOKUP(C115,SERVIÇOS!$A$6:$D$7645,2,0),IF(A115="INSUMO",VLOOKUP(C115,INSUMOS!$A$6:$D$6961,2,0),IF('036.02-20-CANTEIRO.'!A115="COTAÇÃO",VLOOKUP('036.02-20-CANTEIRO.'!C115,'036-20-Cotação'!$A$9:$G$529,2,0),IF('036.02-20-CANTEIRO.'!A115="CCU",VLOOKUP('036.02-20-CANTEIRO.'!C115,'036-20-CCU''s'!$B$9:$H$1962,2,0))))) -> PREPARO DE FUNDO DE VALA COM LARGURA MENOR QUE 1,5 M, EM LOCAL COM NÍVEL BAIXO DE INTERFERÊNCIA. AF_06/2016 | E115: =IF(A115="SERVIÇO",VLOOKUP(C115,SERVIÇOS!$A$6:$D$7645,3,0),IF(A115="INSUMO",VLOOKUP(C115,INSUMOS!$A$6:$D$6961,3,0),IF('036.02-20-CANTEIRO.'!A115="COTAÇÃO",VLOOKUP('036.02-20-CANTEIRO.'!C115,'036-20-Cotação'!$A$9:$G$529,4,0),IF('036.02-20-CANTEIRO.'!A115="CCU",VLOOKUP('036.02-20-CANTEIRO.'!C115,'036-20-CCU''s'!$B$9:$H$1962,4,0))))) -> M2 | F115: 19.8 | G115: =IF(A115="SERVIÇO",VLOOKUP(C115,SERVIÇOS!$A$6:$D$7645,4,0),IF(A115="INSUMO",VLOOKUP(C115,INSUMOS!$A$6:$D$6961,4,0),IF('036.02-20-CANTEIRO.'!A115="COTAÇÃO",VLOOKUP('036.02-20-CANTEIRO.'!C115,'036-20-Cotação'!$A$9:$G$529,3,0),IF('036.02-20-CANTEIRO.'!A115="CCU",VLOOKUP('036.02-20-CANTEIRO.'!C115,'036-20-CCU''s'!$B$9:$H$1962,7,0))))) -> 5,03 | H115: =BDI_O.A.E!$H$22 -> 0.182011 | I115: =F115*(G115*(1+H115)) -> 117.7212 | K115: =F115*(G115*(1+H115)) -> 117.7212
A116: SERVIÇO | B116: 02.01.205.6 | C116: 93382 | D116: =IF(A116="SERVIÇO",VLOOKUP(C116,SERVIÇOS!$A$6:$D$7645,2,0),IF(A116="INSUMO",VLOOKUP(C116,INSUMOS!$A$6:$D$6961,2,0),IF('036.02-20-CANTEIRO.'!A116="COTAÇÃO",VLOOKUP('036.02-20-CANTEIRO.'!C116,'036-20-Cotação'!$A$9:$G$529,2,0),IF('036.02-20-CANTEIRO.'!A116="CCU",VLOOKUP('036.02-20-CANTEIRO.'!C116,'036-20-CCU''s'!$B$9:$H$1962,2,0))))) -> REATERRO MANUAL DE VALAS COM COMPACTAÇÃO MECANIZADA. AF_04/2016 | E116: =IF(A116="SERVIÇO",VLOOKUP(C116,SERVIÇOS!$A$6:$D$7645,3,0),IF(A116="INSUMO",VLOOKUP(C116,INSUMOS!$A$6:$D$6961,3,0),IF('036.02-20-CANTEIRO.'!A116="COTAÇÃO",VLOOKUP('036.02-20-CANTEIRO.'!C116,'036-20-Cotação'!$A$9:$G$529,4,0),IF('036.02-20-CANTEIRO.'!A116="CCU",VLOOKUP('036.02-20-CANTEIRO.'!C116,'036-20-CCU''s'!$B$9:$H$1962,4,0))))) -> M3 | F116: 10.959121 | G116: =IF(A116="SERVIÇO",VLOOKUP(C116,SERVIÇOS!$A$6:$D$7645,4,0),IF(A116="INSUMO",VLOOKUP(C116,INSUMOS!$A$6:$D$6961,4,0),IF('036.02-20-CANTEIRO.'!A116="COTAÇÃO",VLOOKUP('036.02-20-CANTEIRO.'!C116,'036-20-Cotação'!$A$9:$G$529,3,0),IF('036.02-20-CANTEIRO.'!A116="CCU",VLOOKUP('036.02-20-CANTEIRO.'!C116,'036-20-CCU''s'!$B$9:$H$1962,7,0))))) -> 23,32 | H116: =BDI_O.A.E!$H$22 -> 0.182011 | I116: =F116*(G116*(1+H116)) -> 302.08264 | K116: =F116*(G116*(1+H116)) -> 302.08264
A117: CCU | B117: 02.01.205.7 | C117: CCU - 02.012 | D117: =IF(A117="SERVIÇO",VLOOKUP(C117,SERVIÇOS!$A$6:$D$7645,2,0),IF(A117="INSUMO",VLOOKUP(C117,INSUMOS!$A$6:$D$6961,2,0),IF('036.02-20-CANTEIRO.'!A117="COTAÇÃO",VLOOKUP('036.02-20-CANTEIRO.'!C117,'036-20-Cotação'!$A$9:$G$529,2,0),IF('036.02-20-CANTEIRO.'!A117="CCU",VLOOKUP('036.02-20-CANTEIRO.'!C117,'036-20-CCU''s'!$B$9:$H$1962,2,0))))) -> FOSSA SEPTICA,SEM FILTRO, PARA 40 A 52 CONTRIBUINTES, CILINDRICA, COM TAMPA, EM POLIETILENO DE ALTA DENSIDADE (PEAD), CAPACIDADE APROXIMADA DE 10000 LITROS - INCLUSO ESCAVAÇÃO(NBR 7229) | E117: =IF(A117="SERVIÇO",VLOOKUP(C117,SERVIÇOS!$A$6:$D$7645,3,0),IF(A117="INSUMO",VLOOKUP(C117,INSUMOS!$A$6:$D$6961,3,0),IF('036.02-20-CANTEIRO.'!A117="COTAÇÃO",VLOOKUP('036.02-20-CANTEIRO.'!C117,'036-20-Cotação'!$A$9:$G$529,4,0),IF('036.02-20-CANTEIRO.'!A117="CCU",VLOOKUP('036.02-20-CANTEIRO.'!C117,'036-20-CCU''s'!$B$9:$H$1962,4,0))))) -> UN | F117: 1 | G117: =IF(A117="SERVIÇO",VLOOKUP(C117,SERVIÇOS!$A$6:$D$7645,4,0),IF(A117="INSUMO",VLOOKUP(C117,INSUMOS!$A$6:$D$6961,4,0),IF('036.02-20-CANTEIRO.'!A117="COTAÇÃO",VLOOKUP('036.02-20-CANTEIRO.'!C117,'036-20-Cotação'!$A$9:$G$529,3,0),IF('036.02-20-CANTEIRO.'!A117="CCU",VLOOKUP('036.02-20-CANTEIRO.'!C117,'036-20-CCU''s'!$B$9:$H$1962,7,0))))) -> 20019.86 | H117: =BDI_O.A.E!$H$22 -> 0.182011 | I117: =F117*(G117*(1+H117)) -> 23663.695 | K117: =F117*(G117*(1+H117)) -> 23663.695
K118: =F118*(G118*(1+H118)) -> 0
B119: 02.01.300 | D119: ACESSOS PROVISÓRIOS | K119: =F119*(G119*(1+H119)) -> 0
B120: 02.01.310 | D120: PAVIMENTOS PROVISÓRIOS - CANTEIRO | K120: =F120*(G120*(1+H120)) -> 0
...

Sheet 036-20-CCU's
B2: GOVERNO DO DISTRITO FEDERAL
B3: SECRETARIA DE ESTADO DE INFRAESTRUTURA E SERVIÇOS PÚBLICOS
B4: COMPANHIA URBANIZADORA DA NOVA CAPITAL DO BRASIL
B5: PLANILHA DE COMPOSIÇÕES
B6: Nº ESTIMATIVA PRINCIPAL: | C6: 036/2020-SEORÇA-SDS | G6: DATA: | H6: ='036-20-CAPA'!C19 -> 44370
B7: TÍTULO: | C7: CONTRATAÇÃO DE EMPRESA DE ENGENHARIA PARA EXECUÇÃO DE OBRA DE REVITALIZAÇÃO DA PONTE JK, INCLUINDO ELABORAÇÃO DE PROJETOS EXECUTIVOS | G7: Nº PROJETO: | H7: PROJ-DE-018-20
B8: ENCARGOS TRABALHISTAS: | C8: Conforme - DF 01-2020 Relatório de Mão de Obra SICRO/SINAPI | D8: B.D.I. : | E8: 0,00% | G8: TAB. REF.: | H8: SICRO Jan 2020-SINAPI Jan 2020
B10: CCU - 01.001 | C10: PROJETO EXECUTIVO DO CANTEIRO DE OBRA, COMPLETO, INCLUSIVE PISTAS DE ACESSOS, CONTENÇÃO E ATRACADOURO. INCLUSO TODAS AS TAXAS E DESPESAS PARA APROVAÇÕES E LICENCIAMENTOS | D10: SER.CG | E10: UN | H10: =SUM(H11:H13) -> 24844.912
A11: SERVIÇO | B11: P9848 | C11: =IF(A11="SERVIÇO",VLOOKUP(B11,SERVIÇOS!$A$6:$D$7645,2,0),IF(A11="INSUMO",VLOOKUP(B11,INSUMOS!$A$6:$D$6961,2,0),IF(A11="COTAÇÃO",VLOOKUP(B11,'036-20-Cotação'!$A$9:$G$529,2,0)))) -> DESENHISTA | D11: =IF(A11="SERVIÇO",VLOOKUP(B11,SERVIÇOS!$A$6:$E$7645,5,0),IF(A11="INSUMO",VLOOKUP(B11,INSUMOS!$A$6:$E$6961,5,0),IF(A11="COTAÇÃO",VLOOKUP(B11,'036-20-Cotação'!$A$9:$H$529,8,0)))) -> M.O | E11: =IF(A11="SERVIÇO",VLOOKUP(B11,SERVIÇOS!$A$6:$D$7645,3,0),IF(A11="INSUMO",VLOOKUP(B11,INSUMOS!$A$6:$D$6961,3,0),IF(A11="COTAÇÃO",VLOOKUP(B11,'036-20-Cotação'!$A$9:$G$529,4,0)))) -> MÊS | F11: 2.3622739 | G11: =IF(A11="SERVIÇO",VLOOKUP(B11,SERVIÇOS!$A$6:$D$7645,4,0),IF(A11="INSUMO",VLOOKUP(B11,INSUMOS!$A$6:$D$6961,4,0),IF(A11="COTAÇÃO",VLOOKUP(B11,'036-20-Cotação'!$A$9:$G$529,3,0)))) -> 5359.7883 | H11: =G11*F11 -> 12661.288
A12: SERVIÇO | B12: P9812 | C12: =IF(A12="SERVIÇO",VLOOKUP(B12,SERVIÇOS!$A$6:$D$7645,2,0),IF(A12="INSUMO",VLOOKUP(B12,INSUMOS!$A$6:$D$6961,2,0),IF(A12="COTAÇÃO",VLOOKUP(B12,'036-20-Cotação'!$A$9:$G$529,2,0)))) -> ENGENHEIRO | D12: =IF(A12="SERVIÇO",VLOOKUP(B12,SERVIÇOS!$A$6:$E$7645,5,0),IF(A12="INSUMO",VLOOKUP(B12,INSUMOS!$A$6:$E$6961,5,0),IF(A12="COTAÇÃO",VLOOKUP(B12,'036-20-Cotação'!$A$9:$H$529,8,0)))) -> M.O | E12: =IF(A12="SERVIÇO",VLOOKUP(B12,SERVIÇOS!$A$6:$D$7645,3,0),IF(A12="INSUMO",VLOOKUP(B12,INSUMOS!$A$6:$D$6961,3,0),IF(A12="COTAÇÃO",VLOOKUP(B12,'036-20-Cotação'!$A$9:$G$529,4,0)))) -> MÊS | F12: 0.22458335 | G12: =IF(A12="SERVIÇO",VLOOKUP(B12,SERVIÇOS!$A$6:$D$7645,4,0),IF(A12="INSUMO",VLOOKUP(B12,INSUMOS!$A$6:$D$6961,4,0),IF(A12="COTAÇÃO",VLOOKUP(B12,'036-20-Cotação'!$A$9:$G$529,3,0)))) -> 21731.674 | H12: =G12*F12 -> 4880.5722
A13: SERVIÇO | B13: P9946 | C13: =IF(A13="SERVIÇO",VLOOKUP(B13,SERVIÇOS!$A$6:$D$7645,2,0),IF(A13="INSUMO",VLOOKUP(B13,INSUMOS!$A$6:$D$6961,2,0),IF(A13="COTAÇÃO",VLOOKUP(B13,'036-20-Cotação'!$A$9:$G$529,2,0)))) -> ENGENHEIRO AUXILIAR | D13: =IF(A13="SERVIÇO",VLOOKUP(B13,SERVIÇOS!$A$6:$E$7645,5,0),IF(A13="INSUMO",VLOOKUP(B13,INSUMOS!$A$6:$E$6961,5,0),IF(A13="COTAÇÃO",VLOOKUP(B13,'036-20-Cotação'!$A$9:$H$529,8,0)))) -> M.O | E13: =IF(A13="SERVIÇO",VLOOKUP(B13,SERVIÇOS!$A$6:$D$7645,3,0),IF(A13="INSUMO",VLOOKUP(B13,INSUMOS!$A$6:$D$6961,3,0),IF(A13="COTAÇÃO",VLOOKUP(B13,'036-20-Cotação'!$A$9:$G$529,4,0)))) -> MÊS | F13: 0.41553771 | G13: =IF(A13="SERVIÇO",VLOOKUP(B13,SERVIÇOS!$A$6:$D$7645,4,0),IF(A13="INSUMO",VLOOKUP(B13,INSUMOS!$A$6:$D$6961,4,0),IF(A13="COTAÇÃO",VLOOKUP(B13,'036-20-Cotação'!$A$9:$G$529,3,0)))) -> 17574.943 | H13: =G13*F13 -> 7303.0515
B14: Observação: | C14: REF: MEMÓRIA DE CÁLCULO DE HONORÁRIOS DE PROJETOS
B16: CCU - 01.002 | C16: PROJETO EXECUTIVO DE ENSECADEIRA METÁLICA COM DETALHAMENTO DE PEÇA COM DETALHAMENTO DO FASEAMENTO (ETAPAS) DE MONTAGEM. INCLUINDO MEMÓRIA DE CÁLCULO, QUANTITATIVOS, ESPECIFICAÇÕES TÉCNICAS PROCEDIMENTOS DA MONTAGEM E DESMONTAGEM. INCLUSO TODAS AS TAXAS E DESPESAS NECESSARIAS PARA ELABORAÇÃO E APROVAÇÕES. | D16: SER.CG | E16: UN | H16: =SUM(H17:H20) -> 69662.226
A17: SERVIÇO | B17: T.C.SICRO.CM01 | C17: =IF(A17="SERVIÇO",VLOOKUP(B17,SERVIÇOS!$A$6:$D$7645,2,0),IF(A17="INSUMO",VLOOKUP(B17,INSUMOS!$A$6:$D$6961,2,0),IF(A17="COTAÇÃO",VLOOKUP(B17,'036-20-Cotação'!$A$9:$G$529,2,0)))) -> CONSULTOR ESPECIAL | D17: =IF(A17="SERVIÇO",VLOOKUP(B17,SERVIÇOS!$A$6:$E$7645,5,0),IF(A17="INSUMO",VLOOKUP(B17,INSUMOS!$A$6:$E$6961,5,0),IF(A17="COTAÇÃO",VLOOKUP(B17,'036-20-Cotação'!$A$9:$H$529,8,0)))) -> M.O. | E17: =IF(A17="SERVIÇO",VLOOKUP(B17,SERVIÇOS!$A$6:$D$7645,3,0),IF(A17="INSUMO",VLOOKUP(B17,INSUMOS!$A$6:$D$6961,3,0),IF(A17="COTAÇÃO",VLOOKUP(B17,'036-20-Cotação'!$A$9:$G$529,4,0)))) -> MÊS | F17: 0.25 | G17: =IF(A17="SERVIÇO",VLOOKUP(B17,SERVIÇOS!$A$6:$D$7645,4,0),IF(A17="INSUMO",VLOOKUP(B17,INSUMOS!$A$6:$D$6961,4,0),IF(A17="COTAÇÃO",VLOOKUP(B17,'036-20-Cotação'!$A$9:$G$529,3,0)))) -> 21020.83 | H17: =G17*F17 -> 5255.2075
A18: SERVIÇO | B18: P9848 | C18: =IF(A18="SERVIÇO",VLOOKUP(B18,SERVIÇOS!$A$6:$D$7645,2,0),IF(A18="INSUMO",VLOOKUP(B18,INSUMOS!$A$6:$D$6961,2,0),IF(A18="COTAÇÃO",VLOOKUP(B18,'036-20-Cotação'!$A$9:$G$529,2,0)))) -> DESENHISTA | D18: =IF(A18="SERVIÇO",VLOOKUP(B18,SERVIÇOS!$A$6:$E$7645,5,0),IF(A18="INSUMO",VLOOKUP(B18,INSUMOS!$A$6:$E$6961,5,0),IF(A18="COTAÇÃO",VLOOKUP(B18,'036-20-Cotação'!$A$9:$H$529,8,0)))) -> M.O | E18: =IF(A18="SERVIÇO",VLOOKUP(B18,SERVIÇOS!$A$6:$D$7645,3,0),IF(A18="INSUMO",VLOOKUP(B18,INSUMOS!$A$6:$D$6961,3,0),IF(A18="COTAÇÃO",VLOOKUP(B18,'036-20-Cotação'!$A$9:$G$529,4,0)))) -> MÊS | F18: 2 | G18: =IF(A18="SERVIÇO",VLOOKUP(B18,SERVIÇOS!$A$6:$D$7645,4,0),IF(A18="INSUMO",VLOOKUP(B18,INSUMOS!$A$6:$D$6961,4,0),IF(A18="COTAÇÃO",VLOOKUP(B18,'036-20-Cotação'!$A$9:$G$529,3,0)))) -> 5359.7883 | H18: =G18*F18 -> 10719.577
A19: SERVIÇO | B19: P9812 | C19: =IF(A19="SERVIÇO",VLOOKUP(B19,SERVIÇOS!$A$6:$D$7645,2,0),IF(A19="INSUMO",VLOOKUP(B19,INSUMOS!$A$6:$D$6961,2,0),IF(A19="COTAÇÃO",VLOOKUP(B19,'036-20-Cotação'!$A$9:$G$529,2,0)))) -> ENGENHEIRO | D19: =IF(A19="SERVIÇO",VLOOKUP(B19,SERVIÇOS!$A$6:$E$7645,5,0),IF(A19="INSUMO",VLOOKUP(B19,INSUMOS!$A$6:$E$6961,5,0),IF(A19="COTAÇÃO",VLOOKUP(B19,'036-20-Cotação'!$A$9:$H$529,8,0)))) -> M.O | E19: =IF(A19="SERVIÇO",VLOOKUP(B19,SERVIÇOS!$A$6:$D$7645,3,0),IF(A19="INSUMO",VLOOKUP(B19,INSUMOS!$A$6:$D$6961,3,0),IF(A19="COTAÇÃO",VLOOKUP(B19,'036-20-Cotação'!$A$9:$G$529,4,0)))) -> MÊS | F19: 1.5 | G19: =IF(A19="SERVIÇO",VLOOKUP(B19,SERVIÇOS!$A$6:$D$7645,4,0),IF(A19="INSUMO",VLOOKUP(B19,INSUMOS!$A$6:$D$6961,4,0),IF(A19="COTAÇÃO",VLOOKUP(B19,'036-20-Cotação'!$A$9:$G$529,3,0)))) -> 21731.674 | H19: =G19*F19 -> 32597.511
A20: SERVIÇO | B20: P9946 | C20: =IF(A20="SERVIÇO",VLOOKUP(B20,SERVIÇOS!$A$6:$D$7645,2,0),IF(A20="INSUMO",VLOOKUP(B20,INSUMOS!$A$6:$D$6961,2,0),IF(A20="COTAÇÃO",VLOOKUP(B20,'036-20-Cotação'!$A$9:$G$529,2,0)))) -> ENGENHEIRO AUXILIAR | D20: =IF(A20="SERVIÇO",VLOOKUP(B20,SERVIÇOS!$A$6:$E$7645,5,0),IF(A20="INSUMO",VLOOKUP(B20,INSUMOS!$A$6:$E$6961,5,0),IF(A20="COTAÇÃO",VLOOKUP(B20,'036-20-Cotação'!$A$9:$H$529,8,0)))) -> M.O | E20: =IF(A20="SERVIÇO",VLOOKUP(B20,SERVIÇOS!$A$6:$D$7645,3,0),IF(A20="INSUMO",VLOOKUP(B20,INSUMOS!$A$6:$D$6961,3,0),IF(A20="COTAÇÃO",VLOOKUP(B20,'036-20-Cotação'!$A$9:$G$529,4,0)))) -> MÊS | F20: 1.2 | G20: =IF(A20="SERVIÇO",VLOOKUP(B20,SERVIÇOS!$A$6:$D$7645,4,0),IF(A20="INSUMO",VLOOKUP(B20,INSUMOS!$A$6:$D$6961,4,0),IF(A20="COTAÇÃO",VLOOKUP(B20,'036-20-Cotação'!$A$9:$G$529,3,0)))) -> 17574.943 | H20: =G20*F20 -> 21089.931
B21: Observação: | C21: REF: CADERNO DE ESPECIFICAÇÕES - PROJ_DE_018_20_STR_DT_CAD_ESP_001_R03
B23: CCU - 01.003 | C23: PROJETO EXECUTIVO DE PAVIMENTAÇÃO, INCLUSO CADASTRAMENTO E AVALIAÇÃO DO PAVIMENTO EXISTENTE, LEVANTAMENO DE DANOS, SOLUÇÕES, QUANTITATIVOS, MEMORIA DE CÁLCULO, AVALIAÇÃO DO DIMENSIONAMENTO DA CAPA, RELATÓRIOS, ESPECIFICAÇÕES TÉCNICAS E PROCEDIMENTOS EXECUTIVOS. INCLUSO TODAS AS TAXAS E DESPESAS PARA APROVAÇÕES E LICENCIAMENTOS | D23: SER.CG | E23: UN | H23: =SUM(H24:H27) -> 22514.759
A24: SERVIÇO | B24: T.C.SICRO.CM01 | C24: =IF(A24="SERVIÇO",VLOOKUP(B24,SERVIÇOS!$A$6:$D$7645,2,0),IF(A24="INSUMO",VLOOKUP(B24,INSUMOS!$A$6:$D$6961,2,0),IF(A24="COTAÇÃO",VLOOKUP(B24,'036-20-Cotação'!$A$9:$G$529,2,0)))) -> CONSULTOR ESPECIAL | D24: =IF(A24="SERVIÇO",VLOOKUP(B24,SERVIÇOS!$A$6:$E$7645,5,0),IF(A24="INSUMO",VLOOKUP(B24,INSUMOS!$A$6:$E$6961,5,0),IF(A24="COTAÇÃO",VLOOKUP(B24,'036-20-Cotação'!$A$9:$H$529,8,0)))) -> M.O. | E24: =IF(A24="SERVIÇO",VLOOKUP(B24,SERVIÇOS!$A$6:$D$7645,3,0),IF(A24="INSUMO",VLOOKUP(B24,INSUMOS!$A$6:$D$6961,3,0),IF(A24="COTAÇÃO",VLOOKUP(B24,'036-20-Cotação'!$A$9:$G$529,4,0)))) -> MÊS | F24: 0.09 | G24: =IF(A24="SERVIÇO",VLOOKUP(B24,SERVIÇOS!$A$6:$D$7645,4,0),IF(A24="INSUMO",VLOOKUP(B24,INSUMOS!$A$6:$D$6961,4,0),IF(A24="COTAÇÃO",VLOOKUP(B24,'036-20-Cotação'!$A$9:$G$529,3,0)))) -> 21020.83 | H24: =G24*F24 -> 1891.8747
A25: SERVIÇO | B25: P9848 | C25: =IF(A25="SERVIÇO",VLOOKUP(B25,SERVIÇOS!$A$6:$D$7645,2,0),IF(A25="INSUMO",VLOOKUP(B25,INSUMOS!$A$6:$D$6961,2,0),IF(A25="COTAÇÃO",VLOOKUP(B25,'036-20-Cotação'!$A$9:$G$529,2,0)))) -> DESENHISTA | D25: =IF(A25="SERVIÇO",VLOOKUP(B25,SERVIÇOS!$A$6:$E$7645,5,0),IF(A25="INSUMO",VLOOKUP(B25,INSUMOS!$A$6:$E$6961,5,0),IF(A25="COTAÇÃO",VLOOKUP(B25,'036-20-Cotação'!$A$9:$H$529,8,0)))) -> M.O | E25: =IF(A25="SERVIÇO",VLOOKUP(B25,SERVIÇOS!$A$6:$D$7645,3,0),IF(A25="INSUMO",VLOOKUP(B25,INSUMOS!$A$6:$D$6961,3,0),IF(A25="COTAÇÃO",VLOOKUP(B25,'036-20-Cotação'!$A$9:$G$529,4,0)))) -> MÊS | F25: 1.6 | G25: =IF(A25="SERVIÇO",VLOOKUP(B25,SERVIÇOS!$A$6:$D$7645,4,0),IF(A25="INSUMO",VLOOKUP(B25,INSUMOS!$A$6:$D$6961,4,0),IF(A25="COTAÇÃO",VLOOKUP(B25,'036-20-Cotação'!$A$9:$G$529,3,0)))) -> 5359.7883 | H25: =G25*F25 -> 8575.6613
A26: SERVIÇO | B26: P9812 | C26: =IF(A26="SERVIÇO",VLOOKUP(B26,SERVIÇOS!$A$6:$D$7645,2,0),IF(A26="INSUMO",VLOOKUP(B26,INSUMOS!$A$6:$D$6961,2,0),IF(A26="COTAÇÃO",VLOOKUP(B26,'036-20-Cotação'!$A$9:$G$529,2,0)))) -> ENGENHEIRO | D26: =IF(A26="SERVIÇO",VLOOKUP(B26,SERVIÇOS!$A$6:$E$7645,5,0),IF(A26="INSUMO",VLOOKUP(B26,INSUMOS!$A$6:$E$6961,5,0),IF(A26="COTAÇÃO",VLOOKUP(B26,'036-20-Cotação'!$A$9:$H$529,8,0)))) -> M.O | E26: =IF(A26="SERVIÇO",VLOOKUP(B26,SERVIÇOS!$A$6:$D$7645,3,0),IF(A26="INSUMO",VLOOKUP(B26,INSUMOS!$A$6:$D$6961,3,0),IF(A26="COTAÇÃO",VLOOKUP(B26,'036-20-Cotação'!$A$9:$G$529,4,0)))) -> MÊS | F26: 0.15 | G26: =IF(A26="SERVIÇO",VLOOKUP(B26,SERVIÇOS!$A$6:$D$7645,4,0),IF(A26="INSUMO",VLOOKUP(B26,INSUMOS!$A$6:$D$6961,4,0),IF(A26="COTAÇÃO",VLOOKUP(B26,'036-20-Cotação'!$A$9:$G$529,3,0)))) -> 21731.674 | H26: =G26*F26 -> 3259.7511
A27: SERVIÇO | B27: P9946 | C27: =IF(A27="SERVIÇO",VLOOKUP(B27,SERVIÇOS!$A$6:$D$7645,2,0),IF(A27="INSUMO",VLOOKUP(B27,INSUMOS!$A$6:$D$6961,2,0),IF(A27="COTAÇÃO",VLOOKUP(B27,'036-20-Cotação'!$A$9:$G$529,2,0)))) -> ENGENHEIRO AUXILIAR | D27: =IF(A27="SERVIÇO",VLOOKUP(B27,SERVIÇOS!$A$6:$E$7645,5,0),IF(A27="INSUMO",VLOOKUP(B27,INSUMOS!$A$6:$E$6961,5,0),IF(A27="COTAÇÃO",VLOOKUP(B27,'036-20-Cotação'!$A$9:$H$529,8,0)))) -> M.O | E27: =IF(A27="SERVIÇO",VLOOKUP(B27,SERVIÇOS!$A$6:$D$7645,3,0),IF(A27="INSUMO",VLOOKUP(B27,INSUMOS!$A$6:$D$6961,3,0),IF(A27="COTAÇÃO",VLOOKUP(B27,'036-20-Cotação'!$A$9:$G$529,4,0)))) -> MÊS | F27: 0.5 | G27: =IF(A27="SERVIÇO",VLOOKUP(B27,SERVIÇOS!$A$6:$D$7645,4,0),IF(A27="INSUMO",VLOOKUP(B27,INSUMOS!$A$6:$D$6961,4,0),IF(A27="COTAÇÃO",VLOOKUP(B27,'036-20-Cotação'!$A$9:$G$529,3,0)))) -> 17574.943 | H27: =G27*F27 -> 8787.4714
B28: Observação: | C28: REF: CADERNO DE ESPECIFICAÇÕES - PROJ_DE_018_20_STR_DT_CAD_ESP_001_R03
B30: CCU - 01.004 | C30: PROJETO EXECUTIVO DA SINALIZAÇÃO VIÁRIA E NÁUTICA PROVISÓRIOA, INCLUSIVE RELATÓRIOS JUSTIFICATIVO DA SOLUÇÃO, ESPECIFICAÇÕES TÉCNICAS, QUANTITATIVOS, MEMORIAIS E PROCEDIMENTOS EXECUTIVOS. INCLUSO TODAS AS TAXAS E DESPESAS PARA APROVAÇÕES E LICENCIAMENTOS | D30: SER.CG | E30: UN | H30: =SUM(H31:H34) -> 8624.2829
A31: SERVIÇO | B31: T.C.SICRO.CM01 | C31: =IF(A31="SERVIÇO",VLOOKUP(B31,SERVIÇOS!$A$6:$D$7645,2,0),IF(A31="INSUMO",VLOOKUP(B31,INSUMOS!$A$6:$D$6961,2,0),IF(A31="COTAÇÃO",VLOOKUP(B31,'036-20-Cotação'!$A$9:$G$529,2,0)))) -> CONSULTOR ESPECIAL | D31: =IF(A31="SERVIÇO",VLOOKUP(B31,SERVIÇOS!$A$6:$E$7645,5,0),IF(A31="INSUMO",VLOOKUP(B31,INSUMOS!$A$6:$E$6961,5,0),IF(A31="COTAÇÃO",VLOOKUP(B31,'036-20-Cotação'!$A$9:$H$529,8,0)))) -> M.O. | E31: =IF(A31="SERVIÇO",VLOOKUP(B31,SERVIÇOS!$A$6:$D$7645,3,0),IF(A31="INSUMO",VLOOKUP(B31,INSUMOS!$A$6:$D$6961,3,0),IF(A31="COTAÇÃO",VLOOKUP(B31,'036-20-Cotação'!$A$9:$G$529,4,0)))) -> MÊS | F31: 0.02 | G31: =IF(A31="SERVIÇO",VLOOKUP(B31,SERVIÇOS!$A$6:$D$7645,4,0),IF(A31="INSUMO",VLOOKUP(B31,INSUMOS!$A$6:$D$6961,4,0),IF(A31="COTAÇÃO",VLOOKUP(B31,'036-20-Cotação'!$A$9:$G$529,3,0)))) -> 21020.83 | H31: =G31*F31 -> 420.4166
A32: SERVIÇO | B32: P9848 | C32: =IF(A32="SERVIÇO",VLOOKUP(B32,SERVIÇOS!$A$6:$D$7645,2,0),IF(A32="INSUMO",VLOOKUP(B32,INSUMOS!$A$6:$D$6961,2,0),IF(A32="COTAÇÃO",VLOOKUP(B32,'036-20-Cotação'!$A$9:$G$529,2,0)))) -> DESENHISTA | D32: =IF(A32="SERVIÇO",VLOOKUP(B32,SERVIÇOS!$A$6:$E$7645,5,0),IF(A32="INSUMO",VLOOKUP(B32,INSUMOS!$A$6:$E$6961,5,0),IF(A32="COTAÇÃO",VLOOKUP(B32,'036-20-Cotação'!$A$9:$H$529,8,0)))) -> M.O | E32: =IF(A32="SERVIÇO",VLOOKUP(B32,SERVIÇOS!$A$6:$D$7645,3,0),IF(A32="INSUMO",VLOOKUP(B32,INSUMOS!$A$6:$D$6961,3,0),IF(A32="COTAÇÃO",VLOOKUP(B32,'036-20-Cotação'!$A$9:$G$529,4,0)))) -> MÊS | F32: 1 | G32: =IF(A32="SERVIÇO",VLOOKUP(B32,SERVIÇOS!$A$6:$D$7645,4,0),IF(A32="INSUMO",VLOOKUP(B32,INSUMOS!$A$6:$D$6961,4,0),IF(A32="COTAÇÃO",VLOOKUP(B32,'036-20-Cotação'!$A$9:$G$529,3,0)))) -> 5359.7883 | H32: =G32*F32 -> 5359.7883
A33: SERVIÇO | B33: P9812 | C33: =IF(A33="SERVIÇO",VLOOKUP(B33,SERVIÇOS!$A$6:$D$7645,2,0),IF(A33="INSUMO",VLOOKUP(B33,INSUMOS!$A$6:$D$6961,2,0),IF(A33="COTAÇÃO",VLOOKUP(B33,'036-20-Cotação'!$A$9:$G$529,2,0)))) -> ENGENHEIRO | D33: =IF(A33="SERVIÇO",VLOOKUP(B33,SERVIÇOS!$A$6:$E$7645,5,0),IF(A33="INSUMO",VLOOKUP(B33,INSUMOS!$A$6:$E$6961,5,0),IF(A33="COTAÇÃO",VLOOKUP(B33,'036-20-Cotação'!$A$9:$H$529,8,0)))) -> M.O | E33: =IF(A33="SERVIÇO",VLOOKUP(B33,SERVIÇOS!$A$6:$D$7645,3,0),IF(A33="INSUMO",VLOOKUP(B33,INSUMOS!$A$6:$D$6961,3,0),IF(A33="COTAÇÃO",VLOOKUP(B33,'036-20-Cotação'!$A$9:$G$529,4,0)))) -> MÊS | F33: 0.05 | G33: =IF(A33="SERVIÇO",VLOOKUP(B33,SERVIÇOS!$A$6:$D$7645,4,0),IF(A33="INSUMO",VLOOKUP(B33,INSUMOS!$A$6:$D$6961,4,0),IF(A33="COTAÇÃO",VLOOKUP(B33,'036-20-Cotação'!$A$9:$G$529,3,0)))) -> 21731.674 | H33: =G33*F33 -> 1086.5837
A34: SERVIÇO | B34: P9946 | C34: =IF(A34="SERVIÇO",VLOOKUP(B34,SERVIÇOS!$A$6:$D$7645,2,0),IF(A34="INSUMO",VLOOKUP(B34,INSUMOS!$A$6:$D$6961,2,0),IF(A34="COTAÇÃO",VLOOKUP(B34,'036-20-Cotação'!$A$9:$G$529,2,0)))) -> ENGENHEIRO AUXILIAR | D34: =IF(A34="SERVIÇO",VLOOKUP(B34,SERVIÇOS!$A$6:$E$7645,5,0),IF(A34="INSUMO",VLOOKUP(B34,INSUMOS!$A$6:$E$6961,5,0),IF(A34="COTAÇÃO",VLOOKUP(B34,'036-20-Cotação'!$A$9:$H$529,8,0)))) -> M.O | E34: =IF(A34="SERVIÇO",VLOOKUP(B34,SERVIÇOS!$A$6:$D$7645,3,0),IF(A34="INSUMO",VLOOKUP(B34,INSUMOS!$A$6:$D$6961,3,0),IF(A34="COTAÇÃO",VLOOKUP(B34,'036-20-Cotação'!$A$9:$G$529,4,0)))) -> MÊS | F34: 0.1 | G34: =IF(A34="SERVIÇO",VLOOKUP(B34,SERVIÇOS!$A$6:$D$7645,4,0),IF(A34="INSUMO",VLOOKUP(B34,INSUMOS!$A$6:$D$6961,4,0),IF(A34="COTAÇÃO",VLOOKUP(B34,'036-20-Cotação'!$A$9:$G$529,3,0)))) -> 17574.943 | H34: =G34*F34 -> 1757.4943
B35: Observação: | C35: REF: CADERNO DE ESPECIFICAÇÕES - PROJ_DE_018_20_STR_DT_CAD_ESP_001_R03
B37: CCU - 01.005 | C37: ESTUDO DE IMPACTO DE TRANSITO DURANTE A INTERDIÇÃO DA PONTE | D37: SER.CG | E37: UN | H37: =SUM(H38:H41) -> 37676.366
A38: SERVIÇO | B38: T.C.SICRO.CM01 | C38: =IF(A38="SERVIÇO",VLOOKUP(B38,SERVIÇOS!$A$6:$D$7645,2,0),IF(A38="INSUMO",VLOOKUP(B38,INSUMOS!$A$6:$D$6961,2,0),IF(A38="COTAÇÃO",VLOOKUP(B38,'036-20-Cotação'!$A$9:$G$529,2,0)))) -> CONSULTOR ESPECIAL | D38: =IF(A38="SERVIÇO",VLOOKUP(B38,SERVIÇOS!$A$6:$E$7645,5,0),IF(A38="INSUMO",VLOOKUP(B38,INSUMOS!$A$6:$E$6961,5,0),IF(A38="COTAÇÃO",VLOOKUP(B38,'036-20-Cotação'!$A$9:$H$529,8,0)))) -> M.O. | E38: =IF(A38="SERVIÇO",VLOOKUP(B38,SERVIÇOS!$A$6:$D$7645,3,0),IF(A38="INSUMO",VLOOKUP(B38,INSUMOS!$A$6:$D$6961,3,0),IF(A38="COTAÇÃO",VLOOKUP(B38,'036-20-Cotação'!$A$9:$G$529,4,0)))) -> MÊS | F38: 0.2 | G38: =IF(A38="SERVIÇO",VLOOKUP(B38,SERVIÇOS!$A$6:$D$7645,4,0),IF(A38="INSUMO",VLOOKUP(B38,INSUMOS!$A$6:$D$6961,4,0),IF(A38="COTAÇÃO",VLOOKUP(B38,'036-20-Cotação'!$A$9:$G$529,3,0)))) -> 21020.83 | H38: =G38*F38 -> 4204.166
A39: SERVIÇO | B39: P9848 | C39: =IF(A39="SERVIÇO",VLOOKUP(B39,SERVIÇOS!$A$6:$D$7645,2,0),IF(A39="INSUMO",VLOOKUP(B39,INSUMOS!$A$6:$D$6961,2,0),IF(A39="COTAÇÃO",VLOOKUP(B39,'036-20-Cotação'!$A$9:$G$529,2,0)))) -> DESENHISTA | D39: =IF(A39="SERVIÇO",VLOOKUP(B39,SERVIÇOS!$A$6:$E$7645,5,0),IF(A39="INSUMO",VLOOKUP(B39,INSUMOS!$A$6:$E$6961,5,0),IF(A39="COTAÇÃO",VLOOKUP(B39,'036-20-Cotação'!$A$9:$H$529,8,0)))) -> M.O | E39: =IF(A39="SERVIÇO",VLOOKUP(B39,SERVIÇOS!$A$6:$D$7645,3,0),IF(A39="INSUMO",VLOOKUP(B39,INSUMOS!$A$6:$D$6961,3,0),IF(A39="COTAÇÃO",VLOOKUP(B39,'036-20-Cotação'!$A$9:$G$529,4,0)))) -> MÊS | F39: 2 | G39: =IF(A39="SERVIÇO",VLOOKUP(B39,SERVIÇOS!$A$6:$D$7645,4,0),IF(A39="INSUMO",VLOOKUP(B39,INSUMOS!$A$6:$D$6961,4,0),IF(A39="COTAÇÃO",VLOOKUP(B39,'036-20-Cotação'!$A$9:$G$529,3,0)))) -> 5359.7883 | H39: =G39*F39 -> 10719.577
A40: SERVIÇO | B40: P9812 | C40: =IF(A40="SERVIÇO",VLOOKUP(B40,SERVIÇOS!$A$6:$D$7645,2,0),IF(A40="INSUMO",VLOOKUP(B40,INSUMOS!$A$6:$D$6961,2,0),IF(A40="COTAÇÃO",VLOOKUP(B40,'036-20-Cotação'!$A$9:$G$529,2,0)))) -> ENGENHEIRO | D40: =IF(A40="SERVIÇO",VLOOKUP(B40,SERVIÇOS!$A$6:$E$7645,5,0),IF(A40="INSUMO",VLOOKUP(B40,INSUMOS!$A$6:$E$6961,5,0),IF(A40="COTAÇÃO",VLOOKUP(B40,'036-20-Cotação'!$A$9:$H$529,8,0)))) -> M.O | E40: =IF(A40="SERVIÇO",VLOOKUP(B40,SERVIÇOS!$A$6:$D$7645,3,0),IF(A40="INSUMO",VLOOKUP(B40,INSUMOS!$A$6:$D$6961,3,0),IF(A40="COTAÇÃO",VLOOKUP(B40,'036-20-Cotação'!$A$9:$G$529,4,0)))) -> MÊS | F40: 0.4 | G40: =IF(A40="SERVIÇO",VLOOKUP(B40,SERVIÇOS!$A$6:$D$7645,4,0),IF(A40="INSUMO",VLOOKUP(B40,INSUMOS!$A$6:$D$6961,4,0),IF(A40="COTAÇÃO",VLOOKUP(B40,'036-20-Cotação'!$A$9:$G$529,3,0)))) -> 21731.674 | H40: =G40*F40 -> 8692.6696
A41: SERVIÇO | B41: P9946 | C41: =IF(A41="SERVIÇO",VLOOKUP(B41,SERVIÇOS!$A$6:$D$7645,2,0),IF(A41="INSUMO",VLOOKUP(B41,INSUMOS!$A$6:$D$6961,2,0),IF(A41="COTAÇÃO",VLOOKUP(B41,'036-20-Cotação'!$A$9:$G$529,2,0)))) -> ENGENHEIRO AUXILIAR | D41: =IF(A41="SERVIÇO",VLOOKUP(B41,SERVIÇOS!$A$6:$E$7645,5,0),IF(A41="INSUMO",VLOOKUP(B41,INSUMOS!$A$6:$E$6961,5,0),IF(A41="COTAÇÃO",VLOOKUP(B41,'036-20-Cotação'!$A$9:$H$529,8,0)))) -> M.O | E41: =IF(A41="SERVIÇO",VLOOKUP(B41,SERVIÇOS!$A$6:$D$7645,3,0),IF(A41="INSUMO",VLOOKUP(B41,INSUMOS!$A$6:$D$6961,3,0),IF(A41="COTAÇÃO",VLOOKUP(B41,'036-20-Cotação'!$A$9:$G$529,4,0)))) -> MÊS | F41: 0.8 | G41: =IF(A41="SERVIÇO",VLOOKUP(B41,SERVIÇOS!$A$6:$D$7645,4,0),IF(A41="INSUMO",VLOOKUP(B41,INSUMOS!$A$6:$D$6961,4,0),IF(A41="COTAÇÃO",VLOOKUP(B41,'036-20-Cotação'!$A$9:$G$529,3,0)))) -> 17574.943 | H41: =G41*F41 -> 14059.954
B42: Observação: | C42: REF: CADERNO DE ESPECIFICAÇÕES - PROJ_DE_018_20_STR_DT_CAD_ESP_001_R03
B44: CCU - 01.006 | C44: PROJETO EXECUTIVO PARA SUBSTITUIÇÃO DO SISTEMA DE TIRANTES/ESTAIS, ALTERNATIVAS ÁS ORIGINAIS, CERTIFICADAS QUANTO A ESTANQUEIDADE, INCLUSIVE RELATÓRIO DAS FORÇAS ATUAIS E PÓS SERVIÇO EXECUTADO. INCLUINDO MEMÓRIA DE CÁLCULO, QUANTITATIVOS, ESPECIFICAÇÕES TÉCNICAS PROCEDIMENTOS DA MONTAGEM E DESMONTAGEM INCLUSO TODAS AS TAXAS E DESPESAS NECESSARIAS PARA ELABORAÇÃO E APROVAÇÕES. | D44: SER.CG | E44: UN | H44: =SUM(H45:H48) -> 144112.53
A45: SERVIÇO | B45: T.C.SICRO.CM01 | C45: =IF(A45="SERVIÇO",VLOOKUP(B45,SERVIÇOS!$A$6:$D$7645,2,0),IF(A45="INSUMO",VLOOKUP(B45,INSUMOS!$A$6:$D$6961,2,0),IF(A45="COTAÇÃO",VLOOKUP(B45,'036-20-Cotação'!$A$9:$G$529,2,0)))) -> CONSULTOR ESPECIAL | D45: =IF(A45="SERVIÇO",VLOOKUP(B45,SERVIÇOS!$A$6:$E$7645,5,0),IF(A45="INSUMO",VLOOKUP(B45,INSUMOS!$A$6:$E$6961,5,0),IF(A45="COTAÇÃO",VLOOKUP(B45,'036-20-Cotação'!$A$9:$H$529,8,0)))) -> M.O. | E45: =IF(A45="SERVIÇO",VLOOKUP(B45,SERVIÇOS!$A$6:$D$7645,3,0),IF(A45="INSUMO",VLOOKUP(B45,INSUMOS!$A$6:$D$6961,3,0),IF(A45="COTAÇÃO",VLOOKUP(B45,'036-20-Cotação'!$A$9:$G$529,4,0)))) -> MÊS | F45: 0.75 | G45: =IF(A45="SERVIÇO",VLOOKUP(B45,SERVIÇOS!$A$6:$D$7645,4,0),IF(A45="INSUMO",VLOOKUP(B45,INSUMOS!$A$6:$D$6961,4,0),IF(A45="COTAÇÃO",VLOOKUP(B45,'036-20-Cotação'!$A$9:$G$529,3,0)))) -> 21020.83 | H45: =G45*F45 -> 15765.623
A46: SERVIÇO | B46: P9848 | C46: =IF(A46="SERVIÇO",VLOOKUP(B46,SERVIÇOS!$A$6:$D$7645,2,0),IF(A46="INSUMO",VLOOKUP(B46,INSUMOS!$A$6:$D$6961,2,0),IF(A46="COTAÇÃO",VLOOKUP(B46,'036-20-Cotação'!$A$9:$G$529,2,0)))) -> DESENHISTA | D46: =IF(A46="SERVIÇO",VLOOKUP(B46,SERVIÇOS!$A$6:$E$7645,5,0),IF(A46="INSUMO",VLOOKUP(B46,INSUMOS!$A$6:$E$6961,5,0),IF(A46="COTAÇÃO",VLOOKUP(B46,'036-20-Cotação'!$A$9:$H$529,8,0)))) -> M.O | E46: =IF(A46="SERVIÇO",VLOOKUP(B46,SERVIÇOS!$A$6:$D$7645,3,0),IF(A46="INSUMO",VLOOKUP(B46,INSUMOS!$A$6:$D$6961,3,0),IF(A46="COTAÇÃO",VLOOKUP(B46,'036-20-Cotação'!$A$9:$G$529,4,0)))) -> MÊS | F46: 6 | G46: =IF(A46="SERVIÇO",VLOOKUP(B46,SERVIÇOS!$A$6:$D$7645,4,0),IF(A46="INSUMO",VLOOKUP(B46,INSUMOS!$A$6:$D$6961,4,0),IF(A46="COTAÇÃO",VLOOKUP(B46,'036-20-Cotação'!$A$9:$G$529,3,0)))) -> 5359.7883 | H46: =G46*F46 -> 32158.73
A47: SERVIÇO | B47: P9812 | C47: =IF(A47="SERVIÇO",VLOOKUP(B47,SERVIÇOS!$A$6:$D$7645,2,0),IF(A47="INSUMO",VLOOKUP(B47,INSUMOS!$A$6:$D$6961,2,0),IF(A47="COTAÇÃO",VLOOKUP(B47,'036-20-Cotação'!$A$9:$G$529,2,0)))) -> ENGENHEIRO | D47: =IF(A47="SERVIÇO",VLOOKUP(B47,SERVIÇOS!$A$6:$E$7645,5,0),IF(A47="INSUMO",VLOOKUP(B47,INSUMOS!$A$6:$E$6961,5,0),IF(A47="COTAÇÃO",VLOOKUP(B47,'036-20-Cotação'!$A$9:$H$529,8,0)))) -> M.O | E47: =IF(A47="SERVIÇO",VLOOKUP(B47,SERVIÇOS!$A$6:$D$7645,3,0),IF(A47="INSUMO",VLOOKUP(B47,INSUMOS!$A$6:$D$6961,3,0),IF(A47="COTAÇÃO",VLOOKUP(B47,'036-20-Cotação'!$A$9:$G$529,4,0)))) -> MÊS | F47: 2 | G47: =IF(A47="SERVIÇO",VLOOKUP(B47,SERVIÇOS!$A$6:$D$7645,4,0),IF(A47="INSUMO",VLOOKUP(B47,INSUMOS!$A$6:$D$6961,4,0),IF(A47="COTAÇÃO",VLOOKUP(B47,'036-20-Cotação'!$A$9:$G$529,3,0)))) -> 21731.674 | H47: =G47*F47 -> 43463.348
A48: SERVIÇO | B48: P9946 | C48: =IF(A48="SERVIÇO",VLOOKUP(B48,SERVIÇOS!$A$6:$D$7645,2,0),IF(A48="INSUMO",VLOOKUP(B48,INSUMOS!$A$6:$D$6961,2,0),IF(A48="COTAÇÃO",VLOOKUP(B48,'036-20-Cotação'!$A$9:$G$529,2,0)))) -> ENGENHEIRO AUXILIAR | D48: =IF(A48="SERVIÇO",VLOOKUP(B48,SERVIÇOS!$A$6:$E$7645,5,0),IF(A48="INSUMO",VLOOKUP(B48,INSUMOS!$A$6:$E$6961,5,0),IF(A48="COTAÇÃO",VLOOKUP(B48,'036-20-Cotação'!$A$9:$H$529,8,0)))) -> M.O | E48: =IF(A48="SERVIÇO",VLOOKUP(B48,SERVIÇOS!$A$6:$D$7645,3,0),IF(A48="INSUMO",VLOOKUP(B48,INSUMOS!$A$6:$D$6961,3,0),IF(A48="COTAÇÃO",VLOOKUP(B48,'036-20-Cotação'!$A$9:$G$529,4,0)))) -> MÊS | F48: 3 | G48: =IF(A48="SERVIÇO",VLOOKUP(B48,SERVIÇOS!$A$6:$D$7645,4,0),IF(A48="INSUMO",VLOOKUP(B48,INSUMOS!$A$6:$D$6961,4,0),IF(A48="COTAÇÃO",VLOOKUP(B48,'036-20-Cotação'!$A$9:$G$529,3,0)))) -> 17574.943 | H48: =G48*F48 -> 52724.829
B49: Observação: | C49: REF: CADERNO DE ESPECIFICAÇÕES - PROJ_DE_018_20_STR_DT_CAD_ESP_001_R03
B51: CCU - 01.007 | C51: PROJETO EXECUTIVO DE RECUPERAÇÃO DOS PILARES RETOS E INCLINADOS, INCLUINDO MEMÓRIA DE CÁLCULO, ESPECIFICAÇÕES TÉCNICAS, PROCEDIMENTOS DA EXECUÇÃO DO SERVIÇOS, QUANTITATIVOS E FASEAMENTO DE INSPEÇÃO INCLUSO TODAS AS TAXAS E DESPESAS NECESSARIAS PARA ELABORAÇÃO E APROVAÇÕES. | D51: SER.CG | E51: UN | H51: =SUM(H52:H55) -> 44415.564
A52: SERVIÇO | B52: T.C.SICRO.CM01 | C52: =IF(A52="SERVIÇO",VLOOKUP(B52,SERVIÇOS!$A$6:$D$7645,2,0),IF(A52="INSUMO",VLOOKUP(B52,INSUMOS!$A$6:$D$6961,2,0),IF(A52="COTAÇÃO",VLOOKUP(B52,'036-20-Cotação'!$A$9:$G$529,2,0)))) -> CONSULTOR ESPECIAL | D52: =IF(A52="SERVIÇO",VLOOKUP(B52,SERVIÇOS!$A$6:$E$7645,5,0),IF(A52="INSUMO",VLOOKUP(B52,INSUMOS!$A$6:$E$6961,5,0),IF(A52="COTAÇÃO",VLOOKUP(B52,'036-20-Cotação'!$A$9:$H$529,8,0)))) -> M.O. | E52: =IF(A52="SERVIÇO",VLOOKUP(B52,SERVIÇOS!$A$6:$D$7645,3,0),IF(A52="INSUMO",VLOOKUP(B52,INSUMOS!$A$6:$D$6961,3,0),IF(A52="COTAÇÃO",VLOOKUP(B52,'036-20-Cotação'!$A$9:$G$529,4,0)))) -> MÊS | F52: 0.25 | G52: =IF(A52="SERVIÇO",VLOOKUP(B52,SERVIÇOS!$A$6:$D$7645,4,0),IF(A52="INSUMO",VLOOKUP(B52,INSUMOS!$A$6:$D$6961,4,0),IF(A52="COTAÇÃO",VLOOKUP(B52,'036-20-Cotação'!$A$9:$G$529,3,0)))) -> 21020.83 | H52: =G52*F52 -> 5255.2075
A53: SERVIÇO | B53: P9848 | C53: =IF(A53="SERVIÇO",VLOOKUP(B53,SERVIÇOS!$A$6:$D$7645,2,0),IF(A53="INSUMO",VLOOKUP(B53,INSUMOS!$A$6:$D$6961,2,0),IF(A53="COTAÇÃO",VLOOKUP(B53,'036-20-Cotação'!$A$9:$G$529,2,0)))) -> DESENHISTA | D53: =IF(A53="SERVIÇO",VLOOKUP(B53,SERVIÇOS!$A$6:$E$7645,5,0),IF(A53="INSUMO",VLOOKUP(B53,INSUMOS!$A$6:$E$6961,5,0),IF(A53="COTAÇÃO",VLOOKUP(B53,'036-20-Cotação'!$A$9:$H$529,8,0)))) -> M.O | E53: =IF(A53="SERVIÇO",VLOOKUP(B53,SERVIÇOS!$A$6:$D$7645,3,0),IF(A53="INSUMO",VLOOKUP(B53,INSUMOS!$A$6:$D$6961,3,0),IF(A53="COTAÇÃO",VLOOKUP(B53,'036-20-Cotação'!$A$9:$G$529,4,0)))) -> MÊS | F53: 2 | G53: =IF(A53="SERVIÇO",VLOOKUP(B53,SERVIÇOS!$A$6:$D$7645,4,0),IF(A53="INSUMO",VLOOKUP(B53,INSUMOS!$A$6:$D$6961,4,0),IF(A53="COTAÇÃO",VLOOKUP(B53,'036-20-Cotação'!$A$9:$G$529,3,0)))) -> 5359.7883 | H53: =G53*F53 -> 10719.577
A54: SERVIÇO | B54: P9812 | C54: =IF(A54="SERVIÇO",VLOOKUP(B54,SERVIÇOS!$A$6:$D$7645,2,0),IF(A54="INSUMO",VLOOKUP(B54,INSUMOS!$A$6:$D$6961,2,0),IF(A54="COTAÇÃO",VLOOKUP(B54,'036-20-Cotação'!$A$9:$G$529,2,0)))) -> ENGENHEIRO | D54: =IF(A54="SERVIÇO",VLOOKUP(B54,SERVIÇOS!$A$6:$E$7645,5,0),IF(A54="INSUMO",VLOOKUP(B54,INSUMOS!$A$6:$E$6961,5,0),IF(A54="COTAÇÃO",VLOOKUP(B54,'036-20-Cotação'!$A$9:$H$529,8,0)))) -> M.O | E54: =IF(A54="SERVIÇO",VLOOKUP(B54,SERVIÇOS!$A$6:$D$7645,3,0),IF(A54="INSUMO",VLOOKUP(B54,INSUMOS!$A$6:$D$6961,3,0),IF(A54="COTAÇÃO",VLOOKUP(B54,'036-20-Cotação'!$A$9:$G$529,4,0)))) -> MÊS | F54: 0.5 | G54: =IF(A54="SERVIÇO",VLOOKUP(B54,SERVIÇOS!$A$6:$D$7645,4,0),IF(A54="INSUMO",VLOOKUP(B54,INSUMOS!$A$6:$D$6961,4,0),IF(A54="COTAÇÃO",VLOOKUP(B54,'036-20-Cotação'!$A$9:$G$529,3,0)))) -> 21731.674 | H54: =G54*F54 -> 10865.837
A55: SERVIÇO | B55: P9946 | C55: =IF(A55="SERVIÇO",VLOOKUP(B55,SERVIÇOS!$A$6:$D$7645,2,0),IF(A55="INSUMO",VLOOKUP(B55,INSUMOS!$A$6:$D$6961,2,0),IF(A55="COTAÇÃO",VLOOKUP(B55,'036-20-Cotação'!$A$9:$G$529,2,0)))) -> ENGENHEIRO AUXILIAR | D55: =IF(A55="SERVIÇO",VLOOKUP(B55,SERVIÇOS!$A$6:$E$7645,5,0),IF(A55="INSUMO",VLOOKUP(B55,INSUMOS!$A$6:$E$6961,5,0),IF(A55="COTAÇÃO",VLOOKUP(B55,'036-20-Cotação'!$A$9:$H$529,8,0)))) -> M.O | E55: =IF(A55="SERVIÇO",VLOOKUP(B55,SERVIÇOS!$A$6:$D$7645,3,0),IF(A55="INSUMO",VLOOKUP(B55,INSUMOS!$A$6:$D$6961,3,0),IF(A55="COTAÇÃO",VLOOKUP(B55,'036-20-Cotação'!$A$9:$G$529,4,0)))) -> MÊS | F55: 1 | G55: =IF(A55="SERVIÇO",VLOOKUP(B55,SERVIÇOS!$A$6:$D$7645,4,0),IF(A55="INSUMO",VLOOKUP(B55,INSUMOS!$A$6:$D$6961,4,0),IF(A55="COTAÇÃO",VLOOKUP(B55,'036-20-Cotação'!$A$9:$G$529,3,0)))) -> 17574.943 | H55: =G55*F55 -> 17574.943
B56: Observação: | C56: REF: CADERNO DE ESPECIFICAÇÕES - PROJ_DE_018_20_STR_DT_CAD_ESP_001_R03
B58: CCU - 01.008 | C58: PROJETO EXECUTIVO DE PINTURA DE TODA A EXTRUTURA DA PONTE JK. INCLUSO, ESPECIFICAÇÕES TÉCNICAS, TODAS AS TAXAS E DESPESAS PARA APROVAÇÕES E LICENCIAMENTOS. | D58: SER.CG | E58: UN | H58: =SUM(H59:H62) -> 20342.314
